Workbook
Name Ação: 'Monitoria Anual - 1'!$C$9
Name Andamento: 'Monitoria Anual - 1'!$U$26
Name Início: 'Monitoria Anual - 1'!$F$10
Name Planejamento: 'Monitoria Anual - 1'!$A$8

Sheet LEGENDA
A1: CONCEITOS DA MATRIZ DE MONITORIA
A6: Planejamento das ações Devem ser inseridos os dados da Matriz de Planejameno do PAN, informando o objetivo específico, a ação, o produto, os resultados esperados, o período (data de início e data de término), o articulador, o custo estimado, os colaboradores, a localização (localidades e área de relevância) e as observações da ação.
A7: Ação | B7: Representa o que deve ser feito para alcançar o Objetivo Específico, buscando reverter as ameaças a ele associadas. As ações devem ser específicas, mensuráveis, relevantes, exequíveis e ter efeito dentro do tempo determinado para o ciclo de gestão do PAN, e estar situadas dentro da esfera de atribuições e competências dos participantes da Oficina de Planejamento.
A8: Produto | B8: Aquilo que é obtido pela realização da ação. Deve ser mensurável, tangível, comprovar a execução da ação e estar situado dentro da esfera de atribuições e competências dos participantes da Oficina de Planejamento.
A9: Resultados esperados | B9: Indica qual resultado pretende-se alcançar com a execução da ação. Diferente do produto, este item pode estar fora da esfera de atribuições e competências dos participantes da oficina e não é de preenchimento obrigatório.
A10: Período | B10: Datas de início e término da implementação da ação, sendo que o término deve estar dentro do tempo determinado para o ciclo de gestão do PAN.
A11: Articulador | B11: Pessoa responsável por articular a implementação da ação e apresentar o produto obtido. No entanto, ele não é o único responsável pela execução da ação.
A12: Colaboradores | B12: Pessoas ou instituições corresponsáveis pela execução da ação, que auxiliam nas diferentes etapas de sua implementação.
A13: Custo estimado (R$) | B13: É um campo numérico com a estimativa dos recursos financeiros necessários para a implementação da ação.
A14: Localização (Localidade) | B14: Localização geográfica onde será executada a ação durante o ciclo de gestão vigente. Geralmente, a localidade possui menor escala e está relacionada com a área de atuação do articulador e colaboradores da ação, sendo a unidade geográfica mínima o município ou a bacia/tributário onde a ação será realizada.
A15: Localização (Área de Relevância) | B15: Localização geográfica de todas as áreas importantes para a execução da ação, independente da área de atuação do articulador e colaboradores. Assim, a Área de Relevância é aquela onde a execução da ação é necessária, ainda que não seja viável no atual ciclo de gestão.
A16: Observações | B16: Informações relevantes para a execução da ação.
A17: Linha Temática | B17: É um campo para a classificação temática da ação, a partir de uma lista suspensa pré-definida. (Definição de cada linha temática abaixo)
A18: Situação atual das ações Sinaliza a situação da ação no período relativo à monitoria informando se a ação está em andamento, concluída no prazo previsto ou com problemas de realização. Descreve o andamento da ação, o produto obtido (parcial ou final), os problemas enfrentados e a(s) pessoa(s) responsável(is) pela informação sobre o andamento da ação.
A19: Ação cujo início planejado é posterior ao período monitorado | B19: São ações que estão planejadas para iniciar em uma data futura à da monitoria, e que portanto não precisam ser analisadas detalhadamente. Elas são indicadas para permitir a visualização da situação do PAN como um todo.
A20: Ação não iniciada ou não concluída | B20: Gerencialmente, significa um alerta para compreender a razão do atraso e estabelecer medidas que favoreçam a boa execução do PAN. Tanto a situação da ação cujo prazo de conclusão expirou sem que tenha sido finalizada, quanto à ação que não foi iniciada na data planejada, devem ser tratadas com atenção, indicando a necessidade de uma reformulação ou reprogramação.
A21: Ação em andamento com problemas de realização | B21: É a ação que foi iniciada e cujo prazo de conclusão ainda não expirou, mas que, de acordo com o andamento de sua execução, provavelmente não será possível concluir no prazo estipulado. Em termos de cronograma, o GAT deve compreender os problemas e propor uma reprogramação de período, maior engajamento do articulador e colaboradores, ou outras soluções que possam melhorar a execução da ação.
A22: Ação em andamento no período previsto | B22: Ação iniciada cujo prazo de conclusão ainda não expirou e, considerando o grau de execução, provavelmente será finalizada dentro do prazo estipulado. Este tipo de ação não necessita de reprogramação significativa.
A23: Ação concluída | B23: Ação finalizada, com os produtos entregues. Mostra o quanto do PAN já está concluído. Neste caso, não importará, no gráfico, se a ação atrasou ou não para ser concluída, lembrando que a memória da execução nos anos anteriores
A24: Ação excluída ou agrupada | B24: Ações que foram excluídas do PAN ou agrupadas em outras ações cujo escopo é semelhante ou mais abrangente. As ações que se enquadram nesta categoria devem indicar, na aba da matriz de monitoria, a situação que se encontravam no momento da monitoria com as cores anteriormente citadas, além de serem marcadas no campo de agrupada ou excluída. No campo de observação da reprogramação deve ser informado o motivo da exclusão/agrupamento e em qual ação ela foi agrupada (no caso de agrupamento).
A25: Ação iniciada e não concluída no período previsto | B25: Essa categoria foi criada para diferenciar, na última monitoria, as ações não iniciadas (vermelhas) das iniciadas mas não concluídas (roxas). É utilizada para ações que foram iniciadas e tiveram bom andamento durante o PAN, com a entrega de produtos intermediários, mas que não foram totalmente concluídas (o produto final não foi obtido).
A26: Novas ações | B26: Ação que foi inserida no plano de ação no momento da monitoria. Essa ação deve ser analisada e validada com o GAT e ter todas as informações previtas na matriz de planejamento (produto, resultado esperado, período, articulador, custo estimado, colaboradores, localização, área de abrangência, observações)
A27: Descrição do andamento da ação | B27: Colocar as informações de andamento da ação, como foi feito, destaques da implementação, informações relevantes do andamento da ação. Observação: lembre-se que esse campo é importante para a análise das ações e servirá como um histórico de andamento da ação
A28: Produto obtido | B28: Citar os produtos que foram obtidos durante a execução da ação. Se o produto não for o planejado, justificar a integração ou ajustar o produto no campo de reprogramação. Observação: aqui não é para descrever o produto, somente citá-lo. Os produtos devem ser inseridos no SEI.
A29: Problemas enfrentados que justificam a não execução, a execução parcial da ação, a exclusão ou o agrupamento | B29: Registrar quais foram os problemas enfrentados para execução da ação. Caso já tenha alguma sugestão para soluciona-lo, colocar no campo Recomendações ou Observações.
A30: Responsável pela informação sobre o andamento da ação | B30: Inserir quem registrou as informações de descrição, produto, problemas e recomendações.
A31: Recomendações ou Observações | B31: Informações ou sugestões relevantes para a execução da ação.
A32: Reprogramação das ações Indica as reprogramações das ações relativas à revisão de: texto da ação, produto, resultado esperado, período (data de início e data de término), articulador, estimativa de custo, colaboradores, localização (localidades e área de relevância) e recomendações gerais/observações.
A33: Revisão do texto da ação | B33: Ajuste das informações referente ao texto da ação
A34: Revisão do produto da ação | B34: Ajuste das informações referente ao produto da ação
A35: Revisão do resultado esperado | B35: Ajuste das informações referente ao resultado esperado
A36: Revisão da data de início | B36: Ajuste referente a data de início da ação
A37: Revisão da data de término | B37: Ajuste referente a data final da ação
A38: Revisão do articulador da ação | B38: Ajuste referente ao articulador da ação
A39: Revisão do custo estimado | B39: Ajuste referente ao custo estimado da ação
A40: Revisão dos colaboradores | B40: Ajustes referente aos colaboradores da ação
A41: Revisão das localidades | B41: Ajuste referente a localidade da ação
A42: Revisão Área de Relevância | B42: Ajuste referente a área de abrangência da ação
A43: Revisão das Observações | B43: Ajuste referente às observações da ação
A44: Revisão da Linha Temática | B44: Ajuste referente à classificação temática da ação
A45: LINHAS TEMÁTICAS
A46: Capacitação e EA | B46: Capacitação: Processo de aprendizagem, que visa contribuir para o desenvolvimento de competências. (Adaptado do PNDP, 2006); Educação ambiental: práticas voltadas à sensibilização da coletividade sobre as questões ambientais, formação de multiplicadores e engajamento em prol do meio ambiente (PNEA - Lei nº 9795/1999)
A47: Comunicação e Divulgação | B47: Ações voltadas para difundir, promover ou publicar assuntos relacionados ao PAN, tornando-os acessíveis para o público em geral.
A48: Espécies Exóticas Invasoras | B48: Atividades que envolvem prevenção, detecção, controle ou erradicação de espécie exótica cuja introdução ou dispersão ameaça a diversidade biológica. Como espécie exótica entende-se espécie, subespécie ou táxon de hierarquia inferior ocorrendo fora de sua área de distribuição natural, incluindo qualquer parte do indivíduo que possa sobreviver e reproduzir-se, como gametas, sementes, ovos ou propágulos (IN ICMBio Nº 6/2019).
A49: Financiamento | B49: Identificação de fontes de captação de recursos financeiros para execução das ações.
A50: Fiscalização | B50: Controle e vigilância destinados a impedir estabelecimento ou continuidade de atividades consideradas lesivas ao meio ambiente ou em desconformidade com que foi autorizado. (IAP – Instituto Ambiental do Paraná).
A51: Gestão da Informação | B51: Geração, organização, disponibilização e análise de dados sobre biodiversidade.
A52: Licenciamento | B52: Proposição de medidas facilitadoras, mitigadoras ou compensatórias relacionadas ao processo de licenciamento ambiental.
A53: Manejo de Habitat | B53: Atividades relacionadas à recuperação, manutenção, restauração ou conectividade de ambientes naturais.
A54: Manejo ex situ | B54: Intervenção sobre espécimes da fauna em ambiente controlado sob interferência e cuidado humano com a finalidade de manter e/ou reproduzir tais espécimes em cativeiro (IN ICMBio Nº 5/2021).
A55: Manejo in situ | B55: Intervenção sobre espécimes da fauna em seu habitat natural visando à manutenção e recuperação de populações viáveis (IN ICMBio Nº 5/2021).
A56: Manejo integrado | B56: Toda ação planejada visando à conservação de um táxon, que inclua a movimentação de espécimes em condição in situ e ex situ, considerando-os como uma população integrada (IN ICMBio Nº 5/2021).
A57: Normativas | B57: Proposição de elaboração, revisão ou alteração de diretrizes, regras ou normas e articulação com outros órgãos nas diferentes esferas para sua efetiva incorporação e implementação em seus instrumentos legais.
... A61: Uso Sustentável | B61: Utilização racional de componentes da biodiversidade, mantendo seu potencial para atender às necessidades das gerações presentes e futuras (Adaptado da CDB - Decreto Legislativo nº 2, de 1994) - Mitigação e melhoria em equipamentos e estrutura.

Sheet Monitoria Anual - 1
A1: PLANO DE AÇÃO NACIONAL DE CONSERVAÇÃO DE ESPÉCIES AMEAÇADAS DE EXTINÇÃO - PAN
A2: Plano de Ação Nacional para a Conservação dos Primatas da Mata Atlântica e das Preguiças-de-coleira - PAN Primatas da Mata Atlântica e das Preguiças-de-coleira
A4: Objetivo geral do PAN | B4: Intensificar a proteção e restauração de hábitats, reduzir o declínio de populações e envolver a sociedade na conservação de primatas e preguiças ameaçados da Mata Atlântica
A6: Data da monitoria | B6: Data da Monitoria 1 (11/08/2026) - Virtual | AQ6: Agrupada
AQ7: Excluída
A8: PLANEJAMENTO DO PAN | O8: SITUAÇÃO ATUAL | Z8: REPROGRAMAÇÃO DO PAN
A9: OBJETIVOS ESPECÍFICOS | B9: Nº | C9: Ação | D9: Produto | E9: Resultados esperados | F9: Período | H9: Articulador | I9: Custo estimado (R$) | J9: Colaboradores | K9: Localização | M9: Observações | N9: Linha Temática | O9: Ação cujo início planejado é posterior ao período monitorado | P9: Ação não iniciada ou não concluída no prazo previsto | Q9: Ação em andamento com problemas de realização | R9: Ação em andamento no período previsto | S9: Ação concluída | T9: Ação excluída ou agrupada | U9: Descrição do andamento da ação | V9: Produto obtido | W9: Problemas enfrentados que justificam a não execução, a execução parcial da ação, a exclusão ou o agrupamento | X9: Responsável pela informação sobre o andamento da ação | Y9: Recomendações ou Observações | Z9: Revisão do texto da ação | AA9: Revisão do produto da ação | AB9: Revisão do resultado esperado | AC9: Revisão da data de início | AD9: Revisão da data de término | AE9: Revisão do articulador da ação | AF9: Revisão do custo estimado | AG9: Revisão dos colaboradores | AH9: Revisão das localidades | AI9: Revisão Área de Relevância | AJ9: Revisão das observações | AK9: Revisão da Linha Temática
F10: Início | G10: Fim | K10: Localidades | L10: Área de Relevância
A11: 1. Manutenção e restauração de hábitats e sua conectividade para a conservação das espécies-alvo | B11: 1.1 | C11: Compilar, refinar e divulgar as áreas importantes para a conservação das espécies-alvo do PAN, inclusive para a restauração e a conectividade de hábitats | D11: Mapa das áreas importantes; Shapefiles disponíveis; Materiais publicados e disponibilizados no site do PAN. | E11: Ter as áreas importantes disponíveis para uso pelo PAN, por órgãos ambientais e pela sociedade | F11: 45839 | G11: 46569 | H11: Gaston Giné (UESC) | J11: Leonardo Oliveira (BMIP-UESC); Joanison Vicente (AMAP); Rodrigo Carvalho (PREA); Laila Mureb (AMLD); Robson Hack (NeoPrim); Márcia Jardim (SEMA-RS/Programa Macacos Urbanos) | L11: Área de abrangência do PAN | M11: Em 2 anos apresentar uma primeira versão e realizar os refinamentos até o final; Considerar as áreas que já foram identificadas para algumas das espécies. Divulgar por meio de reuniões. Considerar áreas afetadas por desastres ambientais | N11: Gestão da Informação | Q11: x | U11: 1. Paraná: nove áreas importantes para conservação dos muriquis-do-sul identificadas. 2. Dissertação da Andressa Zapaterra Bassalobre - fez um estudo de modelagem do habitat do Leontopithecus caissara (Análise ecológica e estratégias de conservação para o mico-leão-da-cara-preta (Leontopithecus caissara) - 2025. 2. Para Callithrix aurita e C. flaviceps: publicação dos Protocolos do PCSS em 2025; e o PCSS definiu áreas chave para levantamento de C. flaviceps baseadas em áreas prioritarias de levantamento do protocolo do PCSS e em modelos de adequabilidade ambiental feitos recentemente. 3. A partir da publicação Rezende et al., 2020, iniciamos avaliação das áreas importantes para conservação de mico-leão-preto. Em andamento: Avaliação da ESEC Mico-leão-preto, ESEC Caetetus e região de Lençóis Paulista, com o objetivo de identificar a presença ou ausência da espécie, e potenciais áreas para manejo populacional e de habitat. Resultados preliminares indicam a ausência da espécie em três dos quatro fragmentos da ESEC MLP, e baixa densidade populacional na ESEC Caetetus. Na região de Lençóis Paulista, dados ainda estão sendo triados. 4. Para o mico-leão-da-cara-dourada, está sendo feita uma modelagem para identificar essas áreas. 5. Modelagem para preguiça-de-coleira e outras 20 espécies de arborícolas da Mata Atlântica foram feitas, coordenadas pelo Gaston Gine (UESC e IPDC), e as publicações estão em andamento. 6. IAT realizou estudo da paisagem que resultou em 10 mapas temáticos sobre os usos, as áreas protegidas, o nível de conservação e o potencial de fluxo dos monos no Paraná. 7. Indicação de áreas e ações prioritárias para a conservação de Callithrix aurita, incluindo priorizações para a restauração de hábitats, para o manejo populacional e para novos levantamentos (Pacheco, 2024). 8. Indicação de áreas prioritárias para a conservação, incluindo priorizações para a restauração de hábitats, para o manejo populacional, para a mitigação da febre amarela, para a implementação de passagens de fauna e para novos levantamentos dos táxons com ocorrência na bacia do rio Doce: Alouatta guariba, Brachyteles hypoxanthus, Callithrix aurita, Callithrix flaviceps, Callithrix geoffroyi, Callicebus nigrifrons, Callicebus personatus, Sapajus nigritus e Sapajus robustus (Pacheco et al. – RENOVA e FUNBIO, que não foi publicado ainda) | W11: 1. Para Mico-leão-da-cara-dourada, a equipe que faria a modelagem mudou de assunto da tese. 2. Apesar da existência de diversos estudos voltados à identificação das áreas importantes, ainda se faz necessária a articulação com os colaboradores para a compilação dos dados e consolidação do produto | X11: Robson Hack (Neoprim); Rodrigo Carvalho (PREA); Gabriela Rezende (IPÊ); Leonardo Oliveira (BMIP); Gastón Giné (UESC); Elenise Sipinski (SPVS); Fabiano Melo (UFV) | Y11: 1. Para Mico-leão-da-cara-dourada, essa info deve estar disponível até o meio de 2027. 2. Paraná: nove áreas importantes para conservação dos muriquis-do-sul identificadas (solicitar as coordenadas geográficas ao Robson para auxiliar na elaboração dos mapas); 2. Os colaboradores devem encaminhar os shapes, mapas e artigos até dezembro/2026. Será marcada uma reunião para discutir a ação no primeiro trimestre de 2027. 3. Estudos indicados como subsídios para esta ação: PACHECO, F. S. Modelagens ecológicas para o sagui-da-serra-escuro, Callithrix aurita (É. Geoffroy Saint-Hilaire, 1812): implicações para a conservação deste primata ameaçado e endêmico da Mata Atlântica. Tese (Doutorado em Biologia Animal) Universidade Federal de Viçosa, Viçosa, MG. 2024. 121 f. PACHECO, F. S.; MIRANDA, C. L.; SARCINELLI, R. C.; CABRAL, P.; BRANDÃO, L.; SIQUEIRA, F. R.; MELO, F. R. Nicho ecológico e cenários futuros para a conservação do sagui-da-serra-escuro (Callithrix aurita) em São José dos Campos, SP. II SIMBA - Simpósio da Pós-Graduação em Biologia Animal, Universidade Federal de Viçosa, 2026. | AD11: 46722 | AG11: Incluir Janaína Aguiar (IEF-MG)
B12: 1.2 | C12: Propor a criação de Unidades de Conservação para a proteção de hábitats das espécies-alvo e auxiliar no processo de criação | D12: Propostas elaboradas e encaminhadas para as instâncias competentes | E12: Ter um maior número de populações das espécies-alvo protegidas em UCs | F12: 45839 | G12: 47665 | H12: Leandro Jerusalinsky (ICMBio/CPB) | J12: Leonardo C Oliveira (BMIP-UESC); Joanison Vicente (AMAP); Rodrigo Carvalho (PREA); Mariane Kaizer (INMA e EcoDiversa); Robson Hack (NeoPrim), Letícia Koproski (IAT), Edson Montilha (FF-SP). | L12: Área de abrangência do PAN | N12: Unidade de Conservação | R12: x | U12: 1. Criação da UC Municipal Parque Natural Municipal Dr. João Carlos Bello Lisboa em Rio Casca, MG, com aproximadamente 1000 hectares, em junho 2026. Ocorrência do sagui-da-serra-escuro (Callithrix aurita), sauá (Callicebus nigrifrons), e o macaco-prego-preto (Sapajus nigritus). 2. Em processo de criação da ARIE Monos de Castro, em Casto, junto às divisas com os municípios de Campo Largo, Itaperuçu e Rio Branco do Sul, na região do Vale do Ribeira Paranaense. A área proposta possui 6.282,52 hectares. O processo encontra-se em fase de georreferenciamento para delimitação da UC. 3. Em processo criação da ARIE dos Monos de Cerro Azul que se localiza majoritariamente na porção oeste do município de Cerro Azul, possuindo uma porção menor inserida no município de Castro, Paraná. A área proposta possui 5.097,17 hectares. O processo encontra-se em fase de consulta pública. 4. Instruído processo 02070.001604/2008-31 pelo ICMBio, para criação de duas Unidades de Conservação - APA e REVIS Mico-Leão-Preto, localizadas no Pontal do Paranapanema. Esta UC, caso criada, favorecerá a conservação do mico-leão-preto (Leontopithecus chrysopygus) e Bugio-ruivo (Alouatta guariba). 5. Criação de 3 RPPNs no município de Silva Jardim/RJ, na área de ocorrência do mico-leão-dourado (Leontopithecus rosalia), bugio-ruivo (Alouatta guariba) e preguiça-de-coleira-do-sudeste (Bradypus crinitus), totalizando 850 hectares. Pedido de desapropriação de Fazenda contígua à REBIO de Poço das Antas enviado, para ampliação da UC em 300 hectares. 6. Não foi feito para Mico-leão-da-cara-dourada. 7. Criação do Parque Estadual do Morro Grande-SP na região de Cotia; área para a manutenção de população de A. guariba. 8. O Instituto Preguiça-de-coleira (IPDC) está articulando/incentivando proposta para criação de 2 RPPNs no município de Mata de São João /BA e Itanagra, na área de ocorrência da preguiça-de-coleira-do-nordeste (Bradypus torquatus), totalizando 340 hectares. As propostas estão em processo de compra/avaliação. 9. No RJ em São Pedro da Aldeia, em andamento a criação de um REVIS da Ilha dos Macacos, para proteção de A. guariba e de um remanescente florestal. 10. Proposta de criação de Unidade de Proteção integral federal na Serra de Poncianos que abrange São Francisco Xavier, Sapucaí-Mirím e Camanducaia nos estados de São Paulo e Minas Gerais, que protege 5 espécies de primatas (muriqui-do-sul, sagui-da-serra-escuro, guigó, bugio ruivo e macaco-prego). Processo da proposta de UC federal de proteção integral na Serra de Poncianos 02070.002976/2009-65 11. Ampliação de área de UC. Decreto Estadual 12.402 de 12 de janeiro de 2026, amplia em 708 hectares a área do Parque Estadual Roberto Ribas Lange, no município de Antonina, Paraná, que é área de distribuição do bugio-ruivo, Alouatta guariba. | V12: 1. Estudo técnico da UC dos Monos de Castro - (https://www.iat.pr.gov.br/sites/agua-terra/arquivos_restritos/files/documento/2025-12/estudo_tecnico_muriquis_de_castro_09_12_2025.pdf) 2. Decreto Estadual 12.402 de 12 de janeiro de 2026, Ampliação do Parque Estadual Roberto Ribas Lange, Antonina/PR. 3. Decreto nº 70.046, de 04 de novembro de 2025 criação do Parque Estadual do Morro Grande-SP. 4. Processos Instruídos pelo ICMBio 02070.001604/2008-31; 02070.002976/2009-65 pelo ICMBio; 5. Processos Instruídos para criação da ARIE dos Monos de Cerro Azul e ARIE Monos de Castro. 6. Lei Municipal Nº 2.256, de 2025 do município de Rio Casca - MG que instituiu formalmente o Parque Natural Municipal Dr. João Carlos Bello Lisboa 7. Criação de 3 RPPNs no RJ. | W12: 1. Processo para criação do REVIS Mico-leão-preto enfrenta falta de apoio dos proprietários das áreas propostas de serem incluídas, o que poderia prejudicar os processos de restauração de habitat em andamento na região do Pontal do Paranapanema. 2. No RJ, a proposta da REVIS da Ilha dos Macacos está enfrentando alguns entraves com o INCRA. | X12: Fabiano Melo (UFV), Letícia Koproski (IAT), CPB/ICMBio, Laila Mureb (AMLD), Edson Montilha (FF-SP), Gastón Giné (UESC); Silvia Moreira (CPRJ/INEA-RJ), Letícia Brandão (ICMBio); | Y12: Para Mico-leão-da-cara-dourada, essa informação deve estar disponível até o meio de 2027.
B13: 1.3 | C13: Contribuir com a implementação e gestão de Unidades de Conservação | D13: Planos de Manejo utilizando informações geradas pelas ações do PAN; Conselhos de UCs com participação de colaboradores do PAN; Câmaras Técnicas Específicas com com participação de colaboradores do PAN | E13: UCs atuando mais/melhor para a conservação das espécies-alvo | F13: 45839 | G13: 47665 | H13: Robson Hack (NeoPrim) | J13: Mariane Kaizer (INMA e EcoDiversa), Marianna Pinho (INEMA-BA), Carlos Alvarenga (AMLD); Robson Hack (NeoPrim), Letícia Koproski (IAT); Elenise Sipinski (SPVS) | L13: Área de abrangência do PAN | M13: Pesquisas realizadas irão contribuir com as ações de manejo e gestão da UC | N13: Unidade de Conservação | R13: x | U13: 1. Conselho da NGI Guaraqueçaba (PARNA de Superagui, ESEC Guaraqueçaba, APA Guaraqueçaba e Rebio Bom Jesus) criado, cerimônia de posse do conselho ocorreu no dia 13/julho/2026 - SPVS tem cadeira titular. 2. CPB está na equipe de supervisão da revisão do Plano de Manejo e Plano de Gestão e Compatibilização de Direitos (PGDC) do Parque Nacional e Histórico do Monte Pascoal. Estes planejamentos estão na fase de consolidação. 3. CPB está na equipe de supervisão da revisão/elaboração dos Planos de Manejo das UC de Una: Parque Nacional Serra das Lontras (fase final para publicação), Reserva Biológica de Una (fase inicial com oficinas preparatórias) e Refúgio da Vida Silvestre de Una (fase inicial com oficinas preparatórias). 4. Associação Mico-leão-dourado (AMLD) atua nas CTs de Restauração Ecológica e Monitoramento e Pesquisa do Conselho da NGI Mico-Leão-Dourado (REBIO União, REBIO Poço das Antas, APA São João), na revisão do Plano de Manejo do Parque Municipal do Atalaia (Macaé, RJ), e nos CODEMAS de Silva Jardim (RJ) e Casimiro de Abreu (RJ). AMLD está construindo uma base ambiental em parceria com INEA para apoiar a fiscalização do Parque Estadual dos Três Picos. 5. Estudos de levantamento de fauna através de técnicas de monitoramento remoto (cameras e gravadores), com foco na confirmação de ocorrência do mico-leão-preto nos fragmentos da ESEC Mico-leão-preto. Resultados confirmaram extinção local da espécie em 3 dos 4 fragmentos e serão usados para orientar ações de manejo populacional. Também encaminhamos a lista de espécies registradas nas áreas à gestão da UC e estamos trabalhando na publicaçao dos resultados. 6. Monitoramento de mico-leão-preto na ESEC Caetetus indicou prioridade de manejo populacional nessa área. Articulações estão sendo feitas via PMP-Mico-leão-Preto para planejamento e execução do manejo. 7. IPÊ integra o Conselho Consultivo da FLONA Capão Bonito e a Câmara Técnica do Mico-leão-preto vinculada a esse conselho. A FLONA Capão está em processo de concessão florestal, no qual mais de 3000 ha de Pinus serão suprimidos, área essa ocupada atualmente pela espécie. Proposições de manejo estão em discussão no PMP-Mico-leão-Preto. 8. Bicho do Mato Instituto de Pesquisa está participando das reuniões do Conselho da Rebio e da Revis de Una sobre os planos de Manejo dessas áreas. | V13: 1. Participação no Conselho da NGI Guaraqueçaba (PARNA de Superagui, ESEC Guaraqueçaba, APA Guaraqueçaba e Rebio Bom Jesus) 2. Revisão do Plano de Manejo do Parque Nacional e Histórico do Monte Pascoal, UC de Una: Parque Nacional Serra das Lontras (fase final para publicação), Reserva Biológica de Una, Refúgio da Vida Silvestre de Una 3. Participação nas CTs de Restauração Ecológica e Monitoramento e Pesquisa do Conselho da NGI Mico-Leão-Dourado (REBIO União, REBIO Poço das Antas, APA São João), na revisão do Plano de Manejo do Parque Municipal do Atalaia (Macaé, RJ), e nos CODEMAS de Silva Jardim (RJ) e Casimiro de Abreu (RJ). 4. Participação do Conselho Consultivo da FLONA Capão Bonito e a Câmara Técnica do Mico-leão-preto 5. Participação do Conselho da Rebio e da Revis de Una. | X13: Elenise Sipinski (SPVS), Rafael Rossato (CPB), Laila Mureb (AMLD), Gabriela Rezende (IPÊ), Leonardo Oliveira (BMIP)
B14: 1.4 | C14: Ampliar o conhecimento sobre parâmetros ecológicos e preditores ambientais relacionados às espécies-alvo do PAN | D14: Relatórios e publicações técnico científicas | E14: Informações obtidas sendo utilizadas para propor melhores soluções de conectividade e restauração de hábitats | F14: 45839 | G14: 47665 | H14: Waldney Martins (UNIMONTES) | J14: Janaína Aguiar (IEF-MG), Gastón Giné (UESC), Leonardo Oliveira (BMIP-UESC); Rodrigo Carvalho (PREA); Carla Possamai (MIB); Robson Hack (NeoPrim); Márcia Jardim (SEMA-RS/Programa Macacos Urbanos); Elenise Sipinski (SPVS) | L14: Área de abrangência do PAN | M14: Identificar espécies ou regiões com maior carência de informações para direcionar os esforços de pesquisa áreas de vida, densidade, ocorrência e ocupação | N14: Pesquisa | R14: x | U14: 1. Estudo sobre área de vida, densidade, ocupação (SPVS) e uso de caixas instaladas para abrigo (PBIC/apoio Zoo SP) em Superagui, Leontopithecus caissara. 2. Avaliação da qualidade do habitat para mico-leão-preto, com foco em manejo (populacional e de habitat), na ESEC Mico-leão-preto, ESEC Catetus, RPPN Mosquito e região de Lençóis Paulista. Parâmetros ecológicos, como ocupação do habitat, presença de uma espécie competidora (Sapajus nigritus), comunidade de mamíferos simpátricos e uso e compartilhamento de recursos, também estão sendo avaliados nas áreas. 3. Monitoramento pós-translocação no fragmento da Fazenda San Maria, para avaliação de sucesso do manejo de dois grupos de micos-leões-pretos para suplementação populacional na área, inclui parâmetros de demografia, saúde, área de vida e uso do espaço. 4. Para MLCD, tivemos resultados importantes em relação às cabrucas com a identificação do número mínimo de árvores de sombra (100 árvores de sombra) para a ocorrência dos animais (Dekegel et al. 2025). 5. Contratação do Instituto Tamanduá, visando à execução do projeto “Ecologia e Conservação da Preguiça-de-Coleira-do-Nordeste (Bradypus torquatus) na Mata Atlântica da Bahia”, com recursos do TCSA Porto Sul. 6. Para B.torquatus, o LEAC-UESC e IPDC publicaram estudo mostrando um limiar de cobertura florestal alto (~50%) sobre a ocupação das preguiças-de-coleira-do-nordeste em matrizes urbanas e periurbanas (Giné et al. 2026), bem como tem gerado as primeiras estimativas de densidade da espécie com uso de drones termais (Santos et al. 2025), os quais servirão como marco zero para acompanhamento da população do litoral de Mata de São João ao longo do tempo, e comparação com outras regiões. Estudos similares (ocupação e densidade) estão sendo na região cacaueira do sul da Bahia pelo LEAC-UESC. 7. Contratação do Bicho do Mato Instituto de Pesquisa para o projeto monitoramento de Leontopithecus chrysomelas e outros primatas em duas UCs estaduais com recursos TCSA. 8. Inserido componente de monitoramento demográfico em um projeto em fase de licitação pelo IAT/PR e em processos de licenciamento, sendo dois com Brachyteles arachnoides e dois de Alouatta guariba. 9. Estudo com Callicebus sp., provavelmente Callicebus personatus, para ampliação da distribuição geográfica (UNIMONTES). 10. Análise de preditores de ocorrência de Callithrix aurita na Zona da Mata de Minas Gerais (Pacheco, 2024); Análise de preditores de ocorrência de Callithrix aurita em área urbana, em São José dos Campos, SP (Pacheco et al., 2026); Análise de preditores de ocorrência de Callithrix flaviceps (Pacheco et al. – FUNBIO, que não foi publicado ainda); Modelagem de nicho, considerando as mudanças climáticas, para Callithrix aurita (Pacheco, 2024); Modelagem de nicho, considerando as mudanças climáticas, para Callithrix flaviceps (Pacheco et al.– FUNBIO, que não foi publicado ainda) | V14: Artigos, Teses, Relatórios 1. GINÉ, Gastón Andrés Fernandez; VERÍSSIMO, Luciana Franco; SANTIAGO, Cidália Mayana Souza; PINHEIRO, Renata de Carvalho; SANTOS, Gabriel Nascimento dos; CASSANO, Camila Righetto. A call for urban greening: High forest thresholds for the endangered northern maned sloth in urbanized landscapes. Global Ecology and Conservation, v. 53, e03026, aug. 2026. Disponível em: https://www.sciencedirect.com/science/article/pii/S2351989426001551. Acesso em: 16 sep. 2026. 2. DEKEGEL, Steffi; VAN DEN BROECK, Goedele; OLIVEIRA, Leonardo; DE VLEESCHOUWER, Kristel. How many shade trees are enough? Identifying the threshold for golden-headed lion tamarin presence in cocoa agroforests of Southern Bahia, Brazil. Biological Conservation, v. 309, 111325, set. 2025. DOI: 10.1016/j.biocon.2025.111325. 3. PACHECO, F. S. Modelagens ecológicas para o sagui-da-serra-escuro, Callithrix aurita (É. Geoffroy Saint-Hilaire, 1812): implicações para a conservação deste primata ameaçado e endêmico da Mata Atlântica. Tese (Doutorado em Biologia Animal) Universidade Federal de Viçosa, Viçosa, MG. 2024. 121 f. 4. PACHECO, F. S.; MIRANDA, C. L.; SARCINELLI, R. C.; CABRAL, P.; BRANDÃO, L.; SIQUEIRA, F. R.; MELO, F. R. Nicho ecológico e cenários futuros para a conservação do sagui-da-serra-escuro (Callithrix aurita) em São José dos Campos, SP. II SIMBA - Simpósio da Pós-Graduação em Biologia Animal, Universidade Federal de Viçosa, 2026. | X14: Elenise Sipinski (SPVS), Gabriela Rezende (IPÊ), Leonardo Oliveira (BMIP), Marianna Pinho (INEMA-BA), Waldney Martins (UNIMONTES), Letícia Koproski (IAT), Fabiano Melo (UFV) | Y14: 1. Está sendo preparando um artigo com os preditores para floresta e cabrucas e da paisagem para a ocorrência dos Mico-leão-da-cara-dourada.
B15: 1.5 | C15: Implementar projetos de restauração ecológica para promover a conectividade de fragmentos ou a ampliação de área e/ou de qualidade de hábitat | D15: Projetos elaborados e/ou iniciados contemplando áreas de ocorrência das espécies-alvo; Relatórios dos projetos | E15: Aumento da área de hábitat disponível para as espécies-alvo | F15: 45839 | G15: 47665 | H15: Gabriela Rezende (IPÊ) | J15: Carla Possamai (MIB), Mariane Kaizer (INMA e EcoDiversa); Leonardo Oliveira (BMIP-UESC); Eduardo Ciriello (Futuro Florestal); Rodrigo Carvalho (PREA); Carlos Alvarenga (AMLD); Robson Hack (NeoPrim), Letícia Koproski (IAT); ICMBio/CBC | L15: Área de abrangência do PAN | M15: Considerar áreas afetadas por desastres ambientais | N15: Manejo de Habitat | R15: x | U15: 1. Entre julho de 2025 e julho de 2026, foram plantados pela AMLD 51 hectares na APA São João, em duas RPPNs e duas propriedades particulares, em duas áreas de conexão para populações de mico-leão-dourado (Leontopithecus rosalia). Foram garantidos recursos para o plantio de 86 hectares, que se iniciarão em novembro de 2026. A prefeitura de Casimiro de Abreu (RJ) aprovou o TAC Praião, para restauração de 5 hectares na restinga de Barra de São João, área de ocorrência de mico-leão-dourado, preguiça-de-coleira-do-sudeste (Bradypus crinitus) e bugio-ruivo (Alouatta guariba). 2. Entre julho de 2025 e julho de 2026, foram restaurados 1.668 hectares de corredores florestais no Pontal do Paranapanema, como parte do plano de conectividade estabelecido para a região, totalizando 7.857 hectares restaurados pelo IPÊ. | V15: 1. Projetos de restauração (AMLD) na APA São João (51 ha), em duas RPPNs e duas propriedades particulares no RJ 2. Projeto de restauração (IPÊ) de corredores florestais no Pontal do Paranapanema-SP | X15: Laila Mureb (AMLD), Gabriela Rezende (IPÊ), Rodrigo Carvalho (PREA), Leonardo Oliveira (BMIP), Fabiano Melo (UFV), Janaína Aguiar (IEF-MG), Letícia Koproski (IAT) | Y15: 1. Na regiao de São José dos Campos (SP) um estudo grande do CCSS em parceria com o Município e com o Ecomuseu vai dar base para avaliar a necessidade da promoção de conectividade entre fragmentos. E outro sendo iniciado pela articulação de um projeto de conservação a longo prazo para Callithrix aurita junto a COPEL, como condicionante ambiental. Em sua primeira etapa, o projeto prevê levantamento, caracterização e hierarquização de áreas e populaçoes da espécie na área de influência do empreendimento. Esse projeto prevê a avaliação de necessidades de implementação de corredores entre fragmentos. 2. Possibilidade de criação de corredores entre áreas dentro do escopo da ICMLB usando árvores-chave para o Leontopithecus chrysomelas em associação com Mogno Africano em um projeto para credito de carbono. 3. Corredor oficial para Muriqui do Norte em MG – Tem projeto de restauração, financiamento previsto, mas ainda não saiu. 4. Restauração na Bacia do Rio Doce – Projetos envolvem primatas da região. 5. Ação realizada pelo IAT de Criação do Corredor dos Monos entre as ARIES que estão em processo de criação no vale do rio Ribeira paranaense que vai beneficiar monos e guaribas. Está em fase de mapeamento
B16: 1.6 | C16: Articular a implementação de instrumentos para o pagamento de créditos de biodiversidade e serviços ambientais que contemplem áreas de ocorrência das espécies-alvo | D16: Documentos com subsídios para a criação de normas e editais; Pagamentos por seviços ambientais criados. | E16: Maior número de proprietários mantendo e conservando os hábitats das espécies-alvo | F16: 45839 | G16: 47665 | H16: Leticia Koproski (IAT) | J16: Robson Hack (NeoPrim), Laila Mureb (AMLD), Patricia Calderari (IAT) | L16: Área de abrangência do PAN | M16: Instrumentos: bolsa verde, SAF (Sistemas Agroflorestais) e demais listados no PSA (pagamento por serviços ambientais) | N16: Financiamento | R16: x | U16: 1. Foram publicadas 3 resoluções referentes as modalidades de PSA (Pagamentos por Serviços Ambientais) no estado do Paraná: PSA Biodiversidade (Resolução SEDEST 30/2026), Restauração (Resolução SEDEST 31/2026) e Unidades de Conservação (Resolução SEDEST 32/2026). Todas elas podem beneficiar espécies do PAN. 2. Parceria entre AMLD e SPVS para desenvolvimento de projeto de créditos de biodiversidade (metodologia Life) para propriedades rurais na APA Bacia do Rio São João/Mico-Leão-Dourado, e articulação com prefeituras de Casimiro de Abreu e Silva Jardim para implementação de Programas de PSA municipais para RPPNistas, focado em repasse de parte do ICMS Ecológico para gestão de UCs. 3. Divulgação das Cotas de Reserva Ambiental (CRA), PSA desenvolvido pelo SFB e implementado pelo INEA no estado do RJ, para RPPNistas da região. | V16: 1. Resoluções de Pagamentos por Serviços Ambientais no estado do Paraná: Resolução SEDEST 30/2026, Resolução SEDEST 31/2026, Resolução SEDEST 32/2026 2. PSA desenvolvido pelo SFB e implementado pelo INEA no estado do RJ. | X16: Letícia Koproski (IAT), Laila Mureb (AMLD)
B17: 1.7 | C17: Propor políticas públicas e iniciativas privadas de planejamento territorial para a proteção, restauração e conectividade de hábitats visando à conservação das espécies-alvo. | D17: Propostas de instrumentos legais (normas, INs), programas (ex. Refloresta e Nascentes em SP), reuniões realizadas, materiais produzidos | E17: Aumento da área de hábitat disponível para as espécies-alvo | F17: 45839 | G17: 47665 | H17: Fabiano Melo (UFV) | J17: Mariane Kaizer (INMA e EcoDiversa), Marianna Pinho (INEMA-BA), Carlos Alvarenga (AMLD), Letícia Koproski (IAT) | L17: Área de abrangência do PAN | M17: Subsidiar a elaboração de planos diretores municipais para a manutenção de hábitats e sua conectividade. Considerar atividades de agrossilvicultura. Subsidiar Zoneamento Ecológico-Econômico (ZEE) | N17: Ordenamento e gestão territorial | R17: x | U17: 1. Articulação com a Prefeitura Municipal de Curitiba sobre iniciativas para a proteção dos bugios de vida livre no município. 2. Participação da AMLD na revisão do Plano Diretor e no Plano Local de Ação Climática de Silva Jardim (RJ). 3. O IPDC está em negociação com a diretoria de licenciamento do INEMA/BA (2 reuniões já realizadas) para que condicionantes específicas de proteção à preguiça-de-coleira sejam inseridas nas autorizações de supressão de vegetação, bem como, seja usado o protocolo de manejo in situ elaborado pelo PAN e publicado pelo ICMBio no diagnóstico da presença e ações de resgate/afugentamento de fauna. Essa necessidade é subsidiada pelo trabalho técnico-científico de pesquisa e monitoramento que o Instituto desenvolve na região, voltado à qualificação de políticas públicas de conservação. Paralelamente, o IPDC atua por via judicial em Ação Civil Pública contra a concessionária Neoenergia Coelba devido às eletrocussões de preguiças-de-coleira na rede elétrica, processo que resultou na condenação da empresa, na suspensão temporária de novas expansões da rede e na imposição de um plano de adequação da rede, configurando medida mitigadora análoga às que se busca inserir nos processos de licenciamento, ainda que obtida por meio distinto. 4. Fund. Biodiversitas e gestão REBIO Mata Escura (ICMBio) estão em contato com proprietários rurais para criação de RPPNs na região do Médio Vale do Jequitinhonha, entre a REBIO e o PARNA do Alto Cariri. 5. Iniciativas da Prefeitura Municipal de São José dos Campos (SP) para políticas públicas voltadas para a conservação de Callithrix aurita no município. 6. Em Minas Gerais, está sendo implementado o projeto " Rio Doce Mais Vida" e PESQPROB que fazem parte do Acordo Judicial para reparação integral e definitiva relativa ao rompimento da barragem de Fundão e prevê que as espécies de primatas ameaçadas sejam consideradas na priorização de áreas a serem recuperadas. Os projetos estão em fase de elaboração dos editais. | V17: Reuniões realizadas com INEMA, Articulações com Prefeitura de Curitiba, Articulações com proprietários rurais para criação de RPPNs. | X17: Letícia Koproski (IAT), Laila Mureb (AMLD), Gastón Giné (UESC), Fabiano Melo (UFV), Janaina Aguiar (IEF-MG), Letícia Brandão (ICMBio)
B18: 1.8 | C18: Elaborar e articular a inclusão de diretrizes, protocolos e medidas mitigadoras dos impactos sobre os táxons alvo do PAN, nos processos de autorização e licenciamento ambiental | D18: Diretrizes e protocolos elaborados para os termos de referência e no plano básico ambiental (detecção, resgate, afugetamento e monitoramento específico); Documento com medidas preventivas e mitigadoras de impactos sobre as espécies-alvo no licenciamento e autorização de empreendimentos produzido e encaminhado para os órgãos do SISNAMA . | E18: Processos de licenciamento considerando medidas de mitigação de impactos mais direcionadas às espécies-alvo | F18: 45839 | G18: 47665 | H18: Leticia Koproski (IAT) | J18: Janaína Aguiar (IEF-MG), Maria Luiza De Deus (INEMA-BA), Thais Guimarães (SEMIL-SP), Gastón Giné (UESC); Elenise Sipinski (SPVS); Claudia Schaalmann (CETESB) | L18: Área de abrangência do PAN | M18: Considerar o licenciamento de empreendimentos em áreas urbanas. Subsidiar a elaboração de planos diretores municipais para a manutenção de hábitats e sua conectividade. Considerar atividades de agrossilvicultura. Subsidiar Zoneamento Ecológico-Econômico (ZEE). Prazo para elaborar as diretrizes e protocolos junho 2025 | N18: Licenciamento | R18: x | U18: 1. Resolução SEDEST 30/2026, prevê o PSA para a conservação de espécies ameaçadas de extinção no estado do Paraná e de seus habitats, em áreas estratégicas de sua ocorrência. 2. Foi encaminhado, pelo Instituto Preguiça-de-Coleira de Pesquisa e Conservação (IPDC) para equipe da Diretoria de Regulação do INEMA o artigo "Detection of South American porcupines (Rodentia: Erethizontidae) by thermal drones: A new opportunity for surveying and monitoring of elusive species" recomendando que o uso de drones com câmera térmica seja incorporado como um requisito nos estudos para Autorizações de Supressão de Vegetação. 3. Foi feita uma Nota Técnica, através da prefeitura de São José dos Campos, indicando protocolos específicos para monitoramento e manejo de saguis-da-serra-escuro (C. aurita), em empreendimentos imobiliários. 4. Foi elaborado um projeto de monitoramento de sagui-da-serra (C. flaviceps), como compensação de uma LT em construção, a pedido do IBAMA. O protocolo de áreas prioritárias foi utilizado para definir os fragmentos que serão monitorados, no ES e em MG. 5. A pedido da Engie, como compensação de outra LT, há uma previsão de repasse financeiro para um projeto de monitoramento de primatas ameaçados na região do vale Jequitinhonha, em especial a REBIO Mata Escura e o Parna do Alto Cariri. 6. Pesquisadores integrantes da câmara técnica do Mico-leão-preto, vinculada ao Conselho da FLONA Capão Bonito, apoiando a elaboração do termo de referência para a concessão florestal da FLONA de Capão de Bonito, em parceria com a UFSCar e o Serviço Florestal, para inclusão de um protocolo que oriente os monitoramentos de fauna que o concessionário terá que contemplar. 7. Inclusão de pontes copa-a-copa como medida mitigadora no processo de licenciamento de asfaltamento da RJ-162, que corta a REBIO União (Rio das Ostras - RJ), área de ocorrência do mico-leão-dourado (Leontopithecus rosalia), preguiça-de-coleira-do-sudeste (Bradypus crinitus) e bugio-ruivo (Alouatta guariba). | V18: Resolução SEDEST 30/2026, Nota Técnica, Inclusão de pontes copa-a-copa como medida mitigadora no processo de licenciamento de asfaltamento da RJ-162 | X18: Letícia Koproski (IAT), Marianna Pinho (INEMA-BA), Fabiano Melo (UFV), Gabriela Rezende (IPÊ), Laila Mureb (AMLD)
B19: 1.9 | C19: Incentivar junto a proprietários rurais o direcionamento da disposição de Reservas Legais para manter e restaurar a conectividade dos hábitats | D19: Reuniões com proprietários e órgãos fiscalizadores | E19: Manutenção/aumento da área de hábitat disponível para as espécies-alvo | F19: 45839 | G19: 47665 | H19: Leonardo C. Oliveira (UERJ) | J19: Marianna Pinho (INEMA-BA), Laila Mureb (AMLD) | L19: Área de abrangência do PAN | M19: Influenciar na disposição de Reservas Legais, visando manter a conectividade dos hábitats | N19: Ordenamento e gestão territorial | R19: x | U19: 1. Resolução SEDEST 32/2026 é a que utilizaremos para o PSA dos Monos nas UCs do Paraná. 2. Restauração de Reservas Legais em duas propriedades privadas em locais de conexão para populações de mico-leão-dourado (Leontopithecus rosalia), preguiça-de-coleira-do-sudeste (Bradypus crinitus) e bugio-ruivo (Alouatta guariba). 3. Áreas restauradas no Pontal do Paranapanema constituem Reservas Legais cuja localização na propriedade foi proposta e adequada visando restauração de conectividade entre as áreas de ocorrência de mico-leão-preto na região. 4. Essa é uma ação prevista para ser realizada dentro da Iniciativa para a Conservação do mico-leão baiano, mas que não foi realizada ainda por falta de recursos para o mapeamento da área. | W19: Falta de recurso para mapeamento. | X19: 1. Letícia Koproski (IAT); 2. Laila Mureb (AMLD); 3. Gabriela Rezende (IPÊ); Leonardo Oliveira (BMIP)
B20: 1.10 | C20: Incentivar alternativas de geração de renda para as comunidades locais, compatíveis com a manutenção e restauração de hábitats para as espécies-alvo | D20: Cursos/eventos realizados com comunidades locais sobre o tema | E20: Manutenção/aumento da área de hábitat disponível para as espécies-alvo | F20: 45839 | G20: 47665 | H20: Leonardo C. Oliveira (UERJ) | J20: Danilo Simonini (UESC) | L20: Área de abrangência do PAN | M20: Iniciativas realizadas em conformidade com as ditetrizes do PAN | N20: Manejo de Habitat | R20: x | U20: 1. Implementação de Trilha de Longo Curso Travessia Mico-Leão-Dourado na APA Bacia do Rio São João/Mico-Leão-Dourado, pela AMLD em parceria com NGI ICMBio Mico-Leão-Dourado, para fomentar turismo sustentável e ações de restauração ao longo do trajeto no território. 2. Micro-empresas envolvidas no plantio de áreas em restauração e viveiros para produção de mudas tem gerado renda, diretamente, para 365 pessoas da comunidade local no Pontal do Paranapanema. 3. Na região de Una, estamos trabalhando em parceria com a Futuro Florestal; 4. O projeto BioBrasil tem ações em relação a isso no município de Una e um projeto de trilha (de longo curso ) está em discussão na região com o escopo. 5. Foi implementado a trilha de uso público do Parque Nacional do Superagui/PR, a trilha da Ararapira, que apoia o turismo de base comunitária das comunidades do entorno do PARNA. 6. A ação avança por meio da consolidação do turismo de observação de preguiças-de-coleira pela da Aruá Observação de Vida Silvestre, iniciativa comunitária reconhecida pela UNESCO que está no litoral norte da Bahia, região de maior atuação do IPDC. Com base nos dados de mais de 2 anos de atividades de turismo de observação da preguiça-de-coleira, o IPDC aplicou a metodologia TEMPA identificando impactos econômicos e sociais muito positivos associados à atividade. Esses resultados vêm sendo utilizados, de forma ainda restrita a parceiros estratégicos, para subsidiar a replicação responsável da iniciativa em outras comunidades do Litoral Norte da Bahia, priorizando critérios de conservação e a prevenção do turismo predatório | X20: Laila Mureb (AMLD), Gabriela Rezende (IPÊ), Leonardo Oliveira (BMIP), Luciana Franco Verissimo (IPDC), Janaína Aguiar (IEF-MG), Elenise Sipinski (SPVS) | AG20: Incluir: Laila Mureb (AMLD); Gabriela Rezende (IPÊ); Leonardo Oliveira (BMIP); Luciana Franco Verissimo (IPDC); Janaína Aguiar (IEF-MG); Elenise Sipinski (SPVS)
A21: 2. Manejo de populações (in situ, ex situ ou de forma integrada) das espécies-alvo visando à sua viabilidade | B21: 2.1 | C21: Elaborar os Programas de Manejo Populacional para Callithrix aurita, Leontopithecus chrysomelas, Leontopithecus caissara e Brachyteles arachnoides | D21: Programas de Manejo Populacional (PMPs) oficialmente reconhecidos | E21: Atender às demandas do 10 ciclo do PAN em relação à criação de PMPs | F21: 45839 | G21: 46753 | H21: Mônica Montenegro (ICMBio/CPB) | J21: Robson Hack (NeoPrim), Gabriela Rezende (IPÊ), Cláudia Igayara (Zoo Guarulhos e AZAB), Zelinda Hirano (FURB), Mariane Kaizer (INMA e EcoDiversa), Elenise Sipinski (SPVS), Silvia Moreira (CPRJ), Thais Guimarães (SEMIL-SP), Cauê Monticelli (SEMIL-SP), Danila Veluza (SPVS), Fabiano Melo (UFV), Leonardo Oliveira (BMIP e UESC), Rodrigo Carvalho (PREA), Mara Marques (Zoo de São Paulo), Carlos Ruiz-Miranda (UENF), Giannina Piatto Clerici (SEMIL - SP), Edson Montilha (FF-SP) | L21: Área de abrangência do PAN | M21: 2025: C. aurita, L. chrysomelas 2025: B. arachnoides (incluindo reavaliação do objetivo do PMP) 2026: L. caissara 2025: L. caissara (Elaborar planejamento detalhado considerando todas informações e atividades necessárias antes, durante e após a captura dos primeiros fundadores, minimizando riscos para a população de vida livre e visando um bom início de estabelecimento da população de segurança; Elaborar rapidamente um Plano de Manejo Emergencial para resgate de indivíduos/grupos/populações que venham a ficar em risco iminente de extinção, principalmente devido à probabilidade de catástrofes (febre amarela, eventos climáticos) na área. A elaboração destes Programas são resultado do Relatório "Avaliação do Manejo ex situ para 15 primatas e a preguiça-de-coleira", disponível em https://www.gov.br/icmbio/pt-br/assuntos/biodiversidade/pan/pan-primatas-ma-e-preguica-de-coleira/1-ciclo/produtos/2024-pan-primatas-ma-e-preguica-de-coleira-relatorio-final-avaliacao-manejo-ex-situ-portugues.pdf | N21: Manejo integrado | R21: x | U21: Os Programas de Manejo Populacional de C. aurita, B. arachnoides e L. chrysomelas já foram elaborados e reconhecidos pelo ICMBio. Oficina de elaboração do PMP de Leontopithecus caissara prevista para ser realizada em novembro/2026. | V21: Declaração ICMBio/DIBIO de reconhecimento e documento do Programa com objetivos, ações, Grupo de Acompanhamento e principais diretrizes, publicados e disponíveis no site do ICMBio | X21: Mônica Montenegro (ICMBio/CPB), Elenise Sipinski (SPVS)
B22: 2.2 | C22: Implementar os Programas de Manejo Populacional oficialmente reconhecidos das espécies-alvo do PAN | D22: Relatórios anuais de implementação dos PMPs | E22: Populações das espécies-alvo sendo manejadas de acordo com diretrizes do PAN | F22: 45839 | G22: 47665 | H22: Rafael Rossato (ICMBio/CPB) | J22: Zelinda Hirano (FURB), Gabriela Rezende (IPÊ), Fabiana Voorwald (UFV), Carlos Ruiz-Miranda (UENF); Rodrigo Carvalho (PREA); Robson Hack (NeoPrim); Márcia Jardim (SEMA-RS/Programa Macacos Urbanos), Cauê Monticelli (SEMIL - SP), Giannina Piatto Clerici (SEMIL - SP), Edson Montilha (FF-SP) | L22: Área de abrangência do PAN | N22: Manejo integrado | R22: x | U22: PMP de Alouatta guariba (aprovado em fevereiro/2023): o CMAG tem realizado reuniões mensais para implementação do Programa. Atualmente existem quatro projetos em execução (reforço populacional no Parque Estadual da Cantareira/SP; reintrodução em Florianópolis/SC; reintrodução no Parque Nacional da Tijuca/RJ; reforço populacional em São Francisco Xavier/SP). Além disso, o CMAG tem apoiado o Programa de Manejo Populacional da Argentina. A população ex situ conhecida e cadastrada é de 300 indivíduos. PMP de Leontopithecus chrysopygus (aprovado em março/2024): nesse primeiro ano do PAN foi realizada uma oficina presencial em março/26, para monitoria das ações e implementação de ações do Programa. Até o momento, não foi submetido nenhum projeto ao PMP, mas há previsão de pelo menos um a ser iniciado até o primeiro semestre de 2027 (translocação de grupos da Flona Capão Bonito para a ESEC Caetetus). PMP de Leontopithecus rosalia (aprovado em outubro/2025): foi realizada uma primeira reunião em junho de 2026 para organização/planejamento do Grupo de Acompanhamento. PMP de Callithrix aurita (aprovado em janeiro/2026): o Grupo de Acompanhamento realiza reuniões bimestrais, sendo que a primeira reunião foi em abril de 2026 para estruturação do funcionamento do Grupo e do Programa. As instituições de manejo ex situ foram convidadas a aderir oficialmente ao Programa, sendo que três mandaram a documentação: CECFau, CCSS e Criadouro Arca de Noé. Atualmente, a população ex situ cadastrada é de 99 indivíduos. Destaca-se que um projeto de conservação a longo prazo está sendo articulado junto a COPEL, como condicionante ambiental. Esse projeto envolverá levantamento e caracterização de hábitat e populações na área de influência do empreendimento; análise de saúde e genética das populações; projetos de restauração populacional; e ações de educação ambiental. Estão ocorrendo ações preparatórias par o manejo de C. aurita em São José dos Campos (SP) Cordeiro (RJ) e na RPPN Chapadão da Serra Negra da Mantiqueira (MG), esse projetos precisa, se adequar às condições do PMP. PMP de Callithrix flaviceps (aprovado em janeiro/2026): o Grupo de Acompanhamento realiza reuniões bimestrais, sendo a primeira reunião em maio de 2026 para estruturação do funcionamento do Grupo e do Programa. A única instituição de manejo ex situ que atualmente detêm a espécie (CCSS), já encaminhou a documentação para adesão oficial. Atualmente, a população ex situ cadastrada é de 16 indivíduos. PMP de Brachyteles arachnoides (aprovado em janeiro/2026): foi criado um grupo zap onde houve a discussão de um caso, mas ainda não foi realizada nenhuma reunião. PMP de Brachyteles hypoxanthus (aprovado em janeiro/2026): foi realizada uma primeira reunião em maio de 2026 para organização/planejamento do Grupo de Acompanhamento e discussão de algumas ações de manejo que haviam sido acordadas e iniciadas antes do PMP (Ibitipoca e Peçanha). PMP de Leontopithecus chrysomelas (aprovado em abril/2026): foi criado um grupo zap onde houve a discussão de um caso de destinação, mas ainda não foi realizada nenhuma reunião. Ações de manejo iniciadas antes da oficialização/implementação dos Programas de Manejo Populacional: 1. Translocação de Muriquis em Peçanha MG realizado com apoio de transporte aereo e terrestre do IEF/MG. Animais translocados para região de Ibitipoca para reintrodução da espécie. 2. Realização de soltura de um indivíduo macho de MLCD em seu grupo de origem, e em fase de monitoramento de um segundo indivíduo (fêmea) que foi liberada no local de origem (onde foi encontrada) e já reintegrada ao grupo. 3. Captura dos 2 primeiros grupos de C. flaviceps para iniciar a população de segurança no CCSS; já houve reprodução. 4. Formação e reintrodução de 6 casais de MLD em Macaé, no segundo semestre de 2025 (casais formados por animais confiscados e repatriados - Suriname e Togo); 5. Monitoramento pós-translocação em andamento dos dois grupos de micos-leões-pretos translocados do Parque Estadual Morro do Diabo para a reserva legal da Fazenda San Maria em 2024 e 2025, incluindo monitoramento demográfico, mostrando formação de dois novos grupos misturando indivíduos de ambos os grupos translocados e da população residente e monitoramento de uso do espaço visando estabelecimento de área de vida. | V22: 1. Todos os PMPs, bem como protocolos relacionados, encontram-se na página: https://www.gov.br/icmbio/pt-br/assuntos/biodiversidade/programa-de-manejo-populacional 2. Memórias das reuniões realizadas 3. Relatórios anuais de execução do PMP de Alouatta guariba e Leontopithecus chrysopygus | W22: A adesão oficial das instituições de manejo ex situ aos Programas tem sido uma dificuldade para a implementação da maioria dos PMPs. | X22: Rafael Rossato (ICMBio/CPB), Mônica Montenegro (ICMBio/CPB), Danilo Simonini (UESC), Janaína Aguiar (IEF), Gabriela Rezende (IPÊ)
B23: 2.3 | C23: Realizar as recomendações de manejo da Oficina de Avaliação da Necessidade de Manejo Populacional para Bradypus, Sapajus e Callicebus | D23: Documentos com recomendações elaborados e publicados | E23: Recomendações realizadas e sendo aplicadas | F23: 45839 | G23: 46569 | H23: Mara Marques (AZAB) | J23: Gastón Giné (UESC), Waldney Martins (UNIMONTES), Mariane Kaizer (INMA e EcoDiversa), Cláudia Igayara (Zoo Guarulhos e AZAB), Silvia Moreira (CPRJ), Laila Mureb (AMLD), Paloma Marques (Instituto Tamanduá); Robson Hack (NeoPrim) | L23: Área de abrangência do PAN | M23: Recomendações de acordo com o Relatório "Avaliação do Manejo ex situ para 15 primatas e a preguiça-de-coleira", disponível em https://www.gov.br/icmbio/pt-br/assuntos/biodiversidade/pan/pan-primatas-ma-e-preguica-de-coleira/1-ciclo/produtos/2024-pan-primatas-ma-e-preguica-de-coleira-relatorio-final-avaliacao-manejo-ex-situ-portugues.pdf | N23: Manejo integrado | Q23: x | U23: Para as preguiças-de-coleira, em 2026, foi publicado os "Protocolos de Manejo das Preguiças-de-coleira (Bradypus torquatus e Bradypus crinitus)". | W23: Falta de articulação para realizar as recomendações sugeridas na oficina de avaliação | X23: ICMBio/CPB | Y23: Claúdia Igayara vai ajudar a fazer o levantamento do que existe de informação referente às recomendações que foram feitas. | AD23: 46935
B24: 2.4 | C24: Realizar pesquisas para levantamento/atualização de informações populacionais das espécies-alvo do PAN (p.ex: densidade, genética, ocorrência, saúde) | D24: Artigos, teses, dissertações, relatórios técnicos com as informações | E24: Maior conhecimento sobre informações populacionais das espécies-alvo disponíveis para melhorar o manejo | F24: 45839 | G24: 47665 | H24: Gabriela Rezende (IPÊ) | J24: Mariane Kaizer (INMA e EcoDiversa), Patrícia Freitas (UFSCar), Laurence Culot (UNESP), Elenise Sipinski (SPVS), Thais Guimarães (SEMIL-SP), Carlos Ruiz (UENF), Danilo Simonini (UESC), Leonardo Oliveira (BMIP-UESC), Paloma Marques (Instituto Tamanduá), Gastón Giné (UESC); Rodrigo Carvalho (PREA); Carla Possamai (MIB); Márcia Jardim (SEMA-RS/Programa Macacos Urbanos), Paloma Arakaki (SEMIL - SP) | L24: Área de abrangência do PAN | N24: Pesquisa | R24: x | U24: 1. Vem sendo realizado o levantamento da ocorrência de Alouatta guariba (também Alouatta caraya e Sapajus cucullatus) nas áreas afetadas pelas inundações ocorridas no Rio Grande do Sul sobre as populações de primatas pelo projeto intitulado "Avaliação dos efeitos do desastre natural decorrente das mudanças climáticas na biodiversidade do Estado do Rio Grande do Sul". 2. Estudo de atualização da estimativa populacional do L. caissara realizado, dados do Paraná foram analisados e serão apresentados no Congresso de Primatologia. Próximo passo será publicação do artigo (PR e SP), manuscrito em fase de elaboração. 3. Em relação ao PCSS foram realizados os seguintes fatos: a) informações ocorrência provenientes de ciência cidadã têm sido enviadas para as midias do PCSS/CCSS; b) Genética: realizado o sequenciamento de centenas de amostras de saguis de diferentes projetos vinculados ao CCSS para identificação da linhagem genética materna dos indivíduos através de sequências mitocondriais visando identificar possíveis hibridações e direcionar as ações de conservação dos espécimes. Avaliados 117 indivíduos, todos identificados morfologicamente e classificados como "puros" ou híbridos. c) Saúde: em relação a saúde temos trabalhado no monitoramento da saúde da população ex situ do CCSS, e das populações de vida livre de C. aurita e C. flaviceps que têm sido manejadas em diferentes projetos de pesquisa. Animais provenientes da bacia do Rio Doce (C. aurita e C. flaviceps), animais do leste de minas (C. flaviceps funbio), C. aurita de SJC. Esse monitoramento envolve avaliação clínica completa, hemogramas, esfregaços sanguíneos, vigilância de patógenos (ex.: febre amarela e malária) e exames copro-parasitológicos. Essas informações têm sido integradas em uma base de dados que viabilizam pesquisas em curso (padrões fisiológicos, valores de referência, perfil epidemiológico, análise de risco de doenças) e futuras, além de formação de um banco de amostras para futuras análises. 4. Áreas de ocorrência de mico-leão-preto sendo atualizadas, com a confirmação da extinção local em três de quatro fragmentos da ESEC Mico-leão-preto, e estudos de densidade populacional na ESEC Caetetus e RPPN Mosquito e de extensão de ocorrência em Lençois Paulista (IPÊ) e Parque Estadual Carlos Botelho (LaP/UNESP). Estudos genéticos incluem nove populações in situ amostradas e analisadas com marcadores nucleares e mitocondriais, e estudos genômicos totalizam 100 indivíduos de todas as populações in situ e ex situ sequenciados até o momento (UFSCar). Avaliação sanitária de indivíduos do Parque Estadual Morro do Diabo (PEMD), Fazenda San Maria e ESEC Caetetus, incluindo exames parasitológicos e hemograma, análises moleculares para tripanossomatídeos, Leptospira spp. e outros patógenos, bem como a sorologia para Febre Amarela (previstas para o segundo semestre/2026). Também foi realizada a necropsia e a coleta de amostras biológicas de um mico-leão-preto resgatado em Lençóis Paulista (SP) após ataque por cães e encaminhado ao CEMPAS/UNESP–Botucatu, para investigação de Febre Amarela e Raiva. 5. Para o MLCD um estudo ecologia será iniciado em Floresta de Cipó (Município de Boa Nova), habitat até então não considerado como ocorrência para a espécie. A informação deve estar disponível em 2028. 6. Populações de sete espécies do PAN (B. arachnoides, C. aurita, L. caissara, L. chrysomelas, L. chrysopygus, S. robustus, A. guariba) têm sido registradas nas UCs do Programa Monitora do ICMBio. A. guariba está sendo monitorada em quatro UCs, e as demais espécies, em apenas uma. Está sendo desenvolvido um protocolo pela equipe do ICMBio para amostragem por transecções de 2,5 km, o que possibilitará a ampliação do Programa Monitora para novas UCs federais na Mata Atlântica. 7. Todos os L. rosalia e A. guariba de vida livre que vieram à óbito no CPRJ passaram por necropsia e coleta de amostras biológicas e para genética. 8. Estudo da UESC com Alouatta guariba na Bahia (sanitário e genético, principalmente). 9. Levantamento populacional de Muriqui-do-norte realizado na Costa Verde, Serra do Mar (RJ). A espécie foi detectada 121 vezes em 270 voos. As localidades com ocorrência conhecida subiram de 4 para 21 (18 no PARNA da Serra da Bocaina e 3 no PE do Cunhambebe) (Felipe Brandão et al., dados não publicados). 10. Para Bradypus torquatus, um estudo (Projeto Drones & Preguiças) do LEAC/UESC realizou levantamento da ocupação de preguiças em florestas e plantações sombreadas de cacau na região cacaueira do sul da Bahia através de levantamento com uso de drone termal (do município de Belmonte a Ibirapitanga), com análises em andamento. No período também foi realizado estudo de ocupação e densidade populacional na Praia do Forte com drone termal, já publicados (Giné et al. 2026; dos Santos et al. 2025), bem como, estão sendo coletados dados por captura-marcação-recaptura, telemetria e ciência cidadã pelo IPDC + LEAC/UESC. Os dados vem dando suporte a ações de conservação. 11. Detectando populações de bugios pré e pos surto de Febre Amarela no Vale do Itajai (autores: Yasmim leaão Barbosa, Aline Naissa Dada, Mateus da Silva Santos, Alessandra Beirith, Zelina Maria Braga Hirano) | V24: 1. GINÉ, Gastón Andrés Fernandez; VERÍSSIMO, Luciana Franco; SANTIAGO, Cidália Mayana Souza; PINHEIRO, Renata de Carvalho; SANTOS, Gabriel Nascimento dos; CASSANO, Camila Righetto. A call for urban greening: High forest thresholds for the endangered northern maned sloth in urbanized landscapes. Global Ecology and Conservation, v. 53, e03026, aug. 2026. Disponível em: https://www.sciencedirect.com/science/article/pii/S2351989426001551. Acesso em: 16 sep. 2026. 2. SANTOS, PALOMA MARQUES; GUIMARÃES, ANDRESA ; KAIZER, MARIANE DA CRUZ ; CHIARELLO, ADRIANO GARCIA . DEATHS OF SOUTHERN MANED THREE-TOED SLOTH (Bradypus crinitus, GRAY 1850) IN AN URBAN ENVIRONMENT. Oecologia Australis, v. 29, p. 89-95, 2025. | W24: Para MLCD, Equipe que faria o estudo em 2025 assumiu um cargo publico e desistiu de realizar o estudo. | X24: André Alonso (CPB/ICMBio), Elenise Sipinski (SPVS), Gabriela Rezende (IPÊ), Leonardo Oliveira (BMIP), Gerson Buss (CPB-ICMBio), Rodrigo Carvalho (PREA), Silvia Moreira (CPRJ/INEA-RJ), Fabiano Melo (UFV), Gastón Giné (UESC), Zelinda Hirano (FURB) | AG24: Incluir André Alonso (ICMBio/CPB)
B25: 2.5 | C25: Orientar e alinhar as ações de resgate e destinação das espécies-alvo do PAN | D25: Fluxo de destinação elaborado, orientações realizadas, material de orientação produzido, eventos realizados. | E25: Melhor fluxo de informações e destinação correta dos indivíduos | F25: 45839 | G25: 46388 | H25: Andrea Takitani (INEA-RJ) | J25: Cauê Monticelli (SEMIL-SP), Márcia Jardim (SEMA-RS), Letícia Koproski (IAT-PR), Thais Guimarães (SEMIL-SP), Janaína Aguiar (IEF-MG), Gastón Giné (UESC); Rodrigo Carvalho (PREA); Marianna Pinho (INEMA-BA); Márcia Jardim (SEMA-RS/Programa Macacos Urbanos), Pedro Camargo (IAT) | L25: Área de abrangência do PAN | M25: Público-alvo: ABEMA, AZAB, Polícia Ambiental, ICMBio, IBAMA, guardas civis, secretarias municipais, OEMAs, Centros de Triagem, Bombeiros e Defesa Civil. Utilizar as chaves de decisão do 1o ciclo. | N25: Manejo integrado | Q25: x | U25: 1. Articulação junto à SESA referente ao resgate e atendimento de bugios no estado do Paraná. 2. Resgates e destinações de Alouatta guariba em vários estados: 5 Paraná; 3 no Rio de Janeiro; 2 em São Paulo e 1 em Santa Catarina; 3. Resgate de 2 micos-leões-dourados (um atropelamento) na região de Saquarema. Encaminhados para o CETRAS da BW e depois de restabelecidos, enviados ao CPRJ 4. Três indivíduos de Leontopithecus chrysomelas destinados ao Zoo de São Paulo, com recomendação do CPB e Studbook keeper (Processos SEI 046.2781.2025.0024048-92 e 046.2781.2025.0017865-11); 5. O IPDC através de grupo de ciência-cidadã tem sido alertado pela população civil em caso de preguiças-de-coleira-do-nordeste em risco e assim realizado dezenas de resgates e intervenções para destinar animais a áreas com menor risco (rodovia, área urbana e área de supressão de vegetação), bem como orientado instituições (COELBA, Policia Ambiental, Corpo de Bombeiros e INEMA) e a população, caso a caso, para o manejo correto da situação quando animais estão em situação de risco. O IPDC tem atuado em parceria com o INEMA, auxiliando na destinação e acompanhamento de preguiças em CETAS/Salvador, diagnóstico de causa de morte/lesão e soltura adequada dos animais. Foram realizadas 2 reuniões com o INEMA, onde acordos foram estabelecidos e foi incentivado o uso e divulgação do protocolo de manejo in situ/ex situ da preguiça-de-coleira recém publicado pelo ICMBIO 6. No RS, foram resgatados 14 indivíduos de Alouatta guariba no período referente a esta monitoria. 7. O fluxo tem funcionado nos estados do RJ, BA, SP, MG PR. | W25: Alguns estados não têm seguido o fluxo de destinação. | X25: Letícia Koproski (IAT), Mônica Montenegro (CPB), Rafael Rossato (CPB/ICMBio), Gastón Giné (UESC), Zelinda Hirando (FURB) | Y25: 1. Em relação ao PCSS foi feito o seguinte: Os estudos realizados em São José dos Campos (SP) e em Cordeiro (RJ) estão produzindo resultados que servirão em breve para indicações de resgate e destinação. 2. Criar uma planilha on-line para sugestão de áreas para soltura e destinação. 3. No Rio Grande do Sul foi feito um bom alinhamento no que se refere ao bugio, inclusive na definição de áreas para soltura. | AD25: 46722
B26: 2.6 | C26: Realizar capacitações com agentes de instituições que participam de ações de fiscalização e manejo de fauna, sobre identificação taxonômica de primatas e preguiças | D26: Capacitações realizadas | E26: Profissionais capacitados na identificação de primatas e preguiças | F26: 45839 | G26: 47665 | H26: Fabiano Melo (UFV) | J26: Alessandro Romano (CGCIVS/DEMSP/MS), Janaína Aguiar (IEF-MG), Carla Possamai (MIB), Maria Luiza de Deus (INEMA-BA), Cauê Monticelli (SEMIL-SP); Rodrigo Carvalho (PREA). | L26: Área de abrangência do PAN | M26: Público-alvo: ABEMA, Polícia Ambiental, IBAMA, guardas civis, secretarias municipais de meio ambiente e saúde, OEMAs, Bombeiros, Defesa Civil, empreendimentos de fauna. Importante integrar essa ação com outros PANs. | N26: Capacitação e EA | R26: x | U26: 1. Treinamento de pessoal da academia e IEF/MG para revisão da lista de espécies ameaçadas do estado de MG. 2. A SPVS realiza capacitação voltada a polícia ambiental do estado do PR (cerca de 30 policiais) voltada à conservação de áreas naturais e fauna ameaçada, principalmente mamíferos e aves (as espécies do PAN são contempladas na capacitação). A capacitação faz parte do treinamento anual que a polícia ambiental realiza no estado. | V26: 1. Treinamento de pessoal da academia e IEF/MG 2. Capacitação voltada a polícia ambiental do estado do PR | X26: Fabiano Melo (UFV); Janaína Aguiar (IEF); Elenise Sipinski (SPVS)
A27: 3. Redução da presença de primatas exóticos e invasores (alóctones) para a conservação das espécies-alvo | B27: 3.1 | C27: Revisar e selecionar áreas potenciais para erradicação de espécies exóticas e invasoras (alóctones) para a conservação de Callithrix aurita e Callithrix flaviceps | D27: Relatório e mapa da áreas identificadas | E27: Áreas de erradicação identificadas | F27: 45839 | G27: 46023 | H27: Orlando Vital (UFV) | J27: Rodrigo Carvalho (PREA), Fabiano Melo (UFV), Carla Possamai (MIB), Dilmar (SEMIL-SP), Edson Montilha (FF-SP), Janaina Aguiar (IEF-MG), Andrea Takitani (INEA-RJ), Savana Nunes (IEMA-ES), Mariane Kaizer (INMA e EcoDiversa), Maurício Talebi (UNIFESP-Diadema) | L27: Áreas de distribuição de C. aurita e de C. flaviceps | N27: Espécies Exóticas Invasoras | S27: x | U27: 1. Além do documento do PCSS publicado em 2025, os estudos que vêm sendo realizados em São José dos Campos (SP), Cordeiro (RJ), e Rio Doce estão refinando e hierarquizando áreas para o manejo de saguis alóctones. | V27: Mapas no protocolo: INSTITUTO CHICO MENDES DE CONSERVAÇÃO DA BIODIVERSIDADE. Programa de conservação dos Saguis-da-serra (Callithrix aurita e Callithrix flaviceps): prioridades e protocolos de pesquisa e manejo. 1. ed. Brasília, DF: ICMBio, 2025. | X27: Rodrigo Carvalho (PREA)
B28: 3.2 | C28: Estabelecer parcerias para manter áreas de Callithrix aurita e Callithrix flaviceps livres de primatas exóticos e invasores (alóctones) | D28: Termos de compromisso assinados | E28: Parcerias estabelecidas | F28: 45839 | G28: 46204 | H28: Rodrigo Carvalho (PREA) | J28: Dilmar (DEFAU/SEMIL), Edson Montilha (FF-SP), Janaina Aguiar (IEF-MG), Andrea Takitani (INEA-RJ), Savana Nunes (IEMA-ES), Carla Possamai(MIB); Paula Cabral (Prefeitura de São José dos Campos) | L28: Áreas de distribuição de C. aurita e de C. flaviceps | N28: Espécies Exóticas Invasoras | P28: x | U28: 1. Convênio UFV x Prefeitura de SJC para manutenção de área livre para proteção de C. aurita no Parque Natural Municipal Augusto Ruschi, em SJC, SP | W28: Muitas áreas são públicas, muitas não estão mapeadas | X28: Rodrigo Carvalho (PREA) | Y28: 1. Foi iniciada uma conversa com as prefeituras de Natividade e Varre-Sai mas não foi iniciada a parceria | AD28: 47665
B29: 3.3 | C29: Captar recursos para manejo e monitoramento, visando a conservação das populações afetadas pela presença de espécies exóticas e invasoras (alóctones) | D29: Financiamentos obtidos | E29: Recursos disponíveis para realização do manejo e monitoramento | F29: 45839 | G29: 47665 | H29: Rodrigo Carvalho (PREA) | J29: Fabiano Melo (UFV), Carla Possamai (MIB), Orlando Vital (UFV), Edson Montilha (FF-SP), Mariane Kaizer (INMA e EcoDiversa) | L29: Área de abrangência do PAN | N29: Financiamento | R29: x | U29: 1. Articulação de um projeto de conservação a longo prazo para Callithrix aurita está sendo articulado junto a COPEL, como condicionante ambiental. Em sua primeira etapa, o projeto prevê levantamento, caracterização e hierarquização de áreas e populaçoes da espécie na área de influência do empreendimento. 2. Referente ao ano vigente, foram captados recursos para levantamento e monitoramento de saguis nos municípios de Teresópolis (RJ), Cordeiro (RJ), Rio Preto (MG), São José dos Campos (SP), Alvarenga, Caratinga, Capitão Andrade, Dom Cavati, Fernandes Tourinho, Imbé de Minas, Inhapim, Pocrane e Tumiritinga, todas em Minas Gerais (Projeto FUNBIO) 3. Projeto “Conservação e manejo de espécies da fauna ameaçadas de extinção na bacia do rio Doce, Minas Gerais”: financiamento Reparação do rio Doce. 4. Cecília Kierulff informou ao CPB que extinguiu a PriMatas e não está mais coordenando as ações de controle de MLCD em Niterói. Porém, o INEA informou que pode disponibilizar recursos, via conversão de multas, para retomada do projeto. | V29: Financiamentos obtidos (projeto FUNBIO); Reparação Rio Doce. | X29: Rafael Rossato (CPB), Fabiano Melo (UFV)
B30: 3.4 | C30: Manejar espécies exóticas e invasoras (alóctones) presentes nas áreas de erradicação identificadas | D30: Relatórios das atividades de manejo | E30: Manejo de invasores sendo realizado | F30: 45839 | G30: 47665 | H30: Fabiano Melo (UFV) | J30: Rodrigo Carvalho (PREA), Carla Possamai (MIB), Claudia Igayara (Zoo Guarulhos e AZAB), Daniel Gomes Pereira (Universidade de Vassouras), Mariane Kaizer (INMA e EcoDiversa), Silvia Bahadian (CPRJ) | L30: Área de abrangência do PAN | N30: Espécies Exóticas Invasoras | R30: x | U30: 1. O manejo de saguis exóticos tem sido feito no Municipio de São José dos Campos (SP), Viçosa (MG) e Cordeiro (RJ). 2. Renovada a parceria entre PREA (PCSS), Projeto Aventura Animal e a Prefeitura de Cordeiro (RJ) para a esterilização de saguis exóticos presentes no município e acompanhamento dos endêmicos. 3. Prefeitura de SJC + Ecomuseu + UFV (CCSS) para manejo de alóctones e híbridos em SJC, SP, para C. aurita; Manejo de híbridos de C. flaviceps no entorno da RPPN Faz. Macedônia, Ipaba, MG (Cenibra - UFV - CCSS); Manejo de híbridos em Viçosa (UFV - CCSS e Hospital Veterinário), visando a liberação de áreas para soltura e reintrodução de C. aurita; Manejo de híbridos e alóctones no âmbito do Programa de Reparação da Bacia do Rio Doce, para C. aurita e C. flaviceps (Reparação - Samarco - CCSS/UFV - Hospital Universitário UFV) 4. Projeto “Conservação e manejo de espécies da fauna ameaçadas de extinção na bacia do rio Doce, Minas Gerais”, financiamento para Reparação do rio Doce: manejo de alóctones em Bom Jesus do Galho, Conselheiro Pena, Itueta e Rio Doce (Bacia do Rio Doce/MG). | X30: Fabiano Melo (UFV), Rodrigo Carvalho (PREA)
B31: 3.5 | C31: Monitorar a presença de Callithrix invasoras em áreas de Leontopithecus | D31: Relatórios Teses Artigos Dissertações Monografias | E31: Presença de invasores sendo monitorada | F31: 45839 | G31: 47665 | H31: Laila Mureb (AMLD) | J31: Rodrigo Carvalho (PREA); Valéria Romano (IRD), Carlos Ruiz (UENF) | L31: Áreas de distribuição de Leontopithecus | N31: Espécies Exóticas Invasoras | R31: x | U31: 1. Grupo de estudos da Valéria Romano fez um mapa da ocupação de Callithrix invasores na Bacia do Rio São João atual, e um mapa preditivo de ocupação futura. 2. Controle de Callithrix na REBIO Tinguá, além disso registros de presença de Callithrix em área de MLD. | V31: Artigo: AMBIELLE, Bérénice et al. Habitat Puzzles: Linking Primate Invasions and Declines to Landscape Connectivity. HAL open science, [S. l.], 13 fev. 2024. Disponível em: https://hal.science/hal-04454231. | X31: Laila Mureb (AMLD)
B32: 3.6 | C32: Manejar os Leontopithecus chrysomelas invasores presentes nas áreas de distribuição de Leontopithecus rosalia | D32: Relatórios Teses Artigos Dissertações Monografias | E32: Indivíduos de L. chrysomelas erradicados das áreas de L. rosalia | F32: 45839 | G32: 47665 | H32: Cecília Kierulff (PriMatas) | J32: Danilo Simonini (UESC), Carlos Ruiz (UENF) | L32: Áreas de distribuição de Leontopithecus rosalia | N32: Espécies Exóticas Invasoras | R32: x | U32: 1. AMLD está monitorando, através da equipe de campo e de rede de ciência cidadã, se há presença de Leontopithecus chrysomelas na APA Bacia do Rio São João/Mico-Leão-Dourado. Até o momento, nenhum registro informado. 2. Cecília Kierulff informou ao CPB que extinguiu a PriMatas e não está mais coordenando as ações de controle de MLCD em Niterói. Porém, o INEA informou que pode disponibilizar recursos, via conversão de multas, para retomada do projeto. | W32: Falta de pessoas e recursos para dar continuidade ao manejo | X32: Laila Mureb (AMLD), Mônica M. (ICMBio/CPB) | Y32: Marcar uma reunião emergencial.novo plano de trabalho para o controle dos MLCD em Niteroi e repassar para o Inea-RJ. Sugestão de pensar esse plano em blocos (pacotes), para caso não se consiga um financiamento completo para todo o plano, o projeto seria realizado em etapas.
B33: 3.7 | C33: Elaborar protocolo contendo fluxograma para agir em situações emergenciais de soltura indevida de espécies exóticas e invasoras de primatas | D33: Protocolo elaborado e disponibilizado | E33: Evitar a introdução de novos indivíduos de espécies exóticas e invasoras de primatas | F33: 45839 | G33: 46204 | H33: Sílvia Bahadian (CPRJ) | J33: Rodrigo Carvalho (PREA); Carla Possamai(MIB). | L33: Área de abrangência do PAN | M33: Identificar pontos focais regionais para acionar quando os casos acontecerem Já existe um fluxograma para detecção e manejo de Callithrix (protocolos do Programa de Conservação dos Saguis-da-Serra) que pode auxiliar nestes casos emergenciais | N33: Espécies Exóticas Invasoras | P33: x | U33: 1. Em relação ao PCSS não houve avanço, além do protocolo de manejo e chave de decisão publicados como produto do workshop de conservação dos saguis-da-serra. | W33: Falta de articulação para realizar a elaboração do fluxograma. | X33: Silvia Bahadian Moreira (CPRJ/INEA-RJ) | AD33: 46722
A34: 4. Redução da remoção da natureza de indivíduos das espécies-alvo devido à caça, à apanha e a ataques por animais domésticos | B34: 4.1 | C34: Criar estratégias integradas (intra e interinstitucional) para o combate à apanha e ao tráfico das espécies-alvo do PAN | D34: Relatórios das articulações, memórias de reuniões, atas; Relação das estratégias definidas | E34: Rede interinstitucional (com fluxo de informações e alinhamento interinstitucional) atuando no combate à apanha e ao tráfico das espécies-alvo | F34: 45839 | G34: 46753 | H34: Laila Mureb (AMLD) | J34: Leonardo Oliveira (BMIP e UESC), Vincent Lo (IBAMA-SP), Bruno Duar (perito da PF), Janaína Aguiar (IEF-MG), Silvia Moreira (CPRJ), Fábio Eller (PF), Andrea Takitani (INEA-RJ), Elenise Sipinski (SPVS), Thais Guimarães (SEMIL-SP), Cláudia Igayara (Zoo Guarulhos e AZAB), Zelinda Hirano (FURB), Antônio Carvalho (WCS), Robson Hack (NeoPrim); Márcia Jardim (SEMA-RS/Programa Macacos Urbanos) | L34: Área de abrangência do PAN | M34: Instituições: PF, PRF, IBAMA, OEMAs, guardas e secretarias municipais, ICMBio, Polícia Ambiental, Interpol, CITES, RENCTAS, MMA, WCS, Freelander. Realizar uma oficina de alinhamento de informações com todas as instituições (PAN herpeto do sudeste tem oficinas previstas). Identificar regiões com maior incidência de apanha para o tráfico. Estabelecer informações mínimas a serem coletadas em denúncias, apreensões e entregas voluntárias. | N34: Fiscalização | R34: x | U34: 1. Realização de Seminário contra Tráfico de Animais Silvestres em agosto de 2025 na Bacia do Rio São João reunindo AMLD, CPB, CPRJ, INEA, PF, Freeland Brasil, NGI ICMBio Mico-Leão-Dourado, PRF, e guardas ambientais dos municípios de Macaé, Casimiro de Abreu, Rio das Ostras e Cabo Frio. Foi relatado que a integração entre PF e CPB vem ocorrendo ao longo da investigação do maior fluxo de destinação de animais traficados (internacionalmente). 2. Para o MLCD estamos apenas dicutindo os relatos fornecidos pela PF, mas sem articular uma ação/estratégia específica | W34: Não houve um momento para discutir esse assunto | X34: Laila Mureb (AMLD) | Y34: Definir um protocolo para a agilizar a comunicação de casos de apanha (ou suspeita) | AD34: 47665
B35: 4.2 | C35: Aquisição de equipamentos para auxiliar as Unidades de Conservação no monitoramento remoto das atividades de caça, apanha e presença de animais domésticos | D35: Equipamentos adquiridos e em uso | E35: Registros de ilícitos obtidos de forma mais segura para as equipes, em tempo real | F35: 45839 | G35: 47665 | H35: Fabiano Melo (UFV) | J35: Gabriela Rezende (IPÊ), Mariane Kaizer (INMA e EcoDiversa) | L35: Área de abrangência do PAN | M35: Equipamentos: câmeras e/ou drones | N35: Fiscalização | R35: x | U35: 1. Empréstimo de traps e drones para as UCs do Complexo Alto Cariri, no nordeste de MG e extremo sul da BA. Além disso, para esta região e para a REBIO Mata Escura, bem como a "Mata do Passarinho", estamos pleiteando um recurso de compensação ambiental, onde será possível ter mais equipamentos para todas as UCs contempladas. 2. Nas UCs estaduais da Bahia Serra do Condurú e Ponta da Tulha, estão sendo compradas Armadilhas fotográficas para monitoramento, mas que podem ser usadas para fiscalização. | X35: Fabiano Melo (UFV), Leonardo Oliveira (BMIP)
B36: 4.3 | C36: Articular com executores de projetos de controle populacional e posse responsável de animais domésticos, a realização de ações efetivas em áreas importantes para a conservação de espécies-alvo do PAN | D36: Registros de campanhas realizadas, relatórios, atas de reuniões. | E36: Redução da presença de animais domésticos nas áreas das espécies-alvo | F36: 45839 | G36: 47665 | H36: Mariane Kaizer (INMA e EcoDiversa) | J36: Márcia Jardim (SEMA-RS/Programa Macacos Urbanos), Janaína Aguiar (IEF-MG), Andrea Takitani (INEA-RJ), Hélia Piedade (SEMIL-SP), Leonardo Alcantara (UFMG), Daniel Felippi (IPÊ), Rafaella Martine (UFPR), Aaron Ramathan (UFPR), Luciana Verissimo (ARUÁ), Aaronson Ramathan Freitas (UFPR) | L36: Área de abrangência do PAN | M36: Ataque por cães é uma ameaça para L. caissara, Alouatta guariba, C. aurita, L. chrysopygus e preguiças (Chaves, O. 2022; Santos, S.A. 2023). Lembrar de animais ferais e vacinação. As ações efetivas seriam castrações em número suficiente para redução populacional dos animais domésticos, além de vacinação. | N36: Capacitação e EA | R36: x | U36: 1. Ações de vacinação de cães e gatos domésticos estão sendo realizadas no entorno do Parque Nacional do Caparaó. Em 2026, já foram vacinados 85 cães domésticos com a vacina V8. 2. Ações de educação ambiental realizadas com comunidades do entorno do PARNA Caparaó para guarda responsável de cães e gatos domésticos. "três projetos PIBIC/ICMBio implementados nesta temática (2023, 2024, e 2025)." 3. Foi submetido uma proposta de projeto solicitando financiamento para monitorar e mitigar a invasão de cães domésticos na REBIO Augusto Ruschi em Santa Teresa, ES (aguardando resultado final). 4. Ação de controle de animais domésticos (castração e vacinação) e retirada de gatos ferais (via projetos FunBio) em parceria com a gestão da NGI de Guaraqueçaba). Ação contínua e intensificada no PARNA do Superagui. | V36: Campanhas realizadas em PN Caparaó, e em PARNA Superagui. | X36: Mariane Kaizer (INMA e EcoDiversa), Elenise Sipinski (SPVS)
B37: 4.4 | C37: Realizar campanhas educativas para desestimular a apanha, a posse, o tráfico/comércio, a soltura irregular e a habituação e humanização das espécies-alvo do PAN. | D37: Material elaborado para as campanhas; Registros das campanhas realizadas | E37: Sociedade mais envolvida no combate a estas ameaças | F37: 45839 | G37: 46569 | H37: Moira Ansolch (SEMA-RS) | J37: Bruno Aranda (SEMIL-SP), Márcia Jardim (SEMA-RS/Programa Macacos Urbanos), Gastón Giné (UESC), Zelinda Hirano (FURB), Silvia Moreira (CPRJ), Laila Mureb (AMLD), Maria Carolina Manzano (IPÊ); Rodrigo Carvalho (PREA); Lou Ann Dietz (SGLT), Cauê Monticelli (SEMIL - SP), Paloma Arakaki (SEMIL - SP); Elenise Sipinski (SPVS) | L37: Área de abrangência do PAN | M37: Importante realizar ações de informação, monitoramento e combate em redes sociais. Habituação é quando as pessoas fornecem alimentos aos animais. Apanha e soltura irregulares é quando a pessoa pega um animal e leva para outro lugar da sua cabeça, ocorre muito com preguiças. | N37: Capacitação e EA | Q37: x | U37: 1. Foi distribuído material informativo contra alimentação de micos-leões-dourados (Leontopithecus rosalia) na APA Bacia do Rio São João/Mico-Leão-Dourado ao longo do ano. 2. O CCSS, em parceria com o Ecomuseu, tem feito campanhas regulares de não alimentação de saguis no município de SJC, SP 3. O CCSS realiza campanhas periódicas de educação ambiental na região de Viçosa, MG, realizando atividades em praças públicas, escolas estaduais e municipais e durante a Semana do Aurita, que este ano de 2026, contou com a participação da Prefeitura Municipal de Viçosa, através da Secretaria de Meio Ambiente do município. | W37: Pouco envolvimento de parte dos colaboradores por falta de tempo | X37: Laila Mureb (AMLD), Fabiano Melo (UFV) | Y37: Poucas iniciativas realizadas para esta ação, sendo necessário expandir as campanhas em outras localidades. | AD37: 47665
A38: 5. Redução dos impactos decorrentes de empreendimentos lineares sobre as espécies-alvo | B38: 5.1 | C38: Identificar e mapear os pontos de maior impacto de empreendimentos lineares sobre as espécies alvo do PAN | D38: Banco de dados dos registros e mapas | E38: Áreas de maior risco identificadas | F38: 45839 | G38: 47665 | H38: Gerson Buss (ICMBio/CPB) | J38: Gastón Giné (UESC); Leonardo Oliveira (BMIP-UESC), Luciana Verissimo (ARUÁ), Carlos Ruiz Miranda (UENF); Márcia Jardim (SEMA-RS/Programa Macacos Urbanos); Patrícia Dias (Programa Macacos Urbanos); Fernanda Teixeira (Center for Large Landscape Conservation/Programa Macacos Urbanos), Waldney Martins (UNIMONTES). | N38: Gestão da Informação | R38: x | U38: 1. Para o MLCD, estamos mapeando os casos de atropelamento da espécie e a possibilidade de novos empreendimentos da região para propor medidas antes do licenciamento. 2.Foi realizado o levantamento de registros de atropelamentos de primatas ameaçados no SISS-GEO, entre 2025 e 2026: 27 registros, sendo 19 Alouatta guariba e 8 Callithrix aurita (informações compiladas em planilha) 3. Dois atropelamentos de micos-leões em Saquarema/RJ. 4. Segue em andamento estudo de compilação e mapeamento de registros de acidentes (ex. choques elétricos, atropelamentos e ataque de cães) envolvendo a espécie Alouatta guariba no RS realizado pelo Programa Macacos Urbanos em parceria com Museu de Ciências Naturais (SEMA/RS). Com relação aos registros de atropelamentos e choques elétricos no período de julho 2025/2026 temos compilados 38 casos de choques elétrico e 14 casos de atropelamentos com bugios no RS 5. Estão em andamento dois projetos de mestrados relacionados aos choques elétricos em bugios ruivos (Alouatta guariba) no RS: “IDENTIFICAÇÃO DE ÁREAS DE MAIOR INCIDÊNCIA DE CHOQUES ELÉTRICOS DE BUGIOS-RUIVOS (ALOUATTA GUARIBA) EM UMA MATRIZ URBANO-RURAL NO SUL DO BRASIL", sob orientação da Dra. Márcia Maria de Assis Jardim e coorientação da Dra. Ana Luiza Leichter Matte. "O BUGIO LEVOU CHOQUE: QUEM SE IMPORTA COM ISSO?", sob orientação da Dra. Márcia Maria de Assis Jardim e coorientação da Dra. Yanina Micaela Sammarco. As pesquisas fazem parte do Programa de Pós-Graduação em Sistemática e Conservação da Diversidade Biológica (PPGSCBio), mestrado acadêmico de forma associativa entre a Universidade Estadual do Rio Grande do Sul e a Secretaria do Meio Ambiente e Infraestrutura (UERGS/SEMA-RS). 6. Estudo de ciencia cidada conduzido pelo IPDC e LEAC/UESC tem levantado em dois anos ~200 registros de travessias de preguiça-de-coleira-do-nordeste pelo chão sobre a rede viária e mais de 20 eletrocussões na região da Praia do Forte. Os dados estão sendo analisados dentro de uma dissertação de mestrado para identificação de pontos sensíveis e dar suporte ao planejamento e execução de ações de mitigação dos impactos das infraestruturas lineares. | X38: Leonardo Oliveira (BMIP), CPB/ICMBio, Márcia Jardim (SEMA-RS/Programa Macacos Urbanos), Gastón Giné (UESC) | Y38: 1. Criar uma planilha compartilhada para inserir as informações. Além da planilha online para todos contribuírem, seria interessante ter um arquivo de Geo, com todos os pontos, para ver os locais de maior risco. 2. Houve a publicação do artigo Baccon, et al. 2025. Choques elétricos com Alouatta guariba em paisagens periurbanas no sul do brasil: subsídios para políticas públicas. Neotropical Primates 31(1), June 2025 https://primate.socgen.ucla.edu/index.php/multivitaminic/article/view/817/817 | AG38: Incluir Ana Rúbia Rossi (UESC)
B39: 5.2 | C39: Propor, articular e implementar ações complementares para minimizar o impacto de empreendimentos lineares na conectividade de populações das espécies-alvo | D39: Passagens de fauna iniciadas ou em implantação; Rotas alternativas propostas e implementadas; Iniciativas para alteamento de redes elétricas. | E39: Maior número de medidas mitigadoras sendo implementadas | F39: 45839 | G39: 47665 | H39: Waldney Martins (UNIMONTES) | J39: Gastón Giné (UESC); Leonardo Oliveira (BMIP-UESC), Luciana Verissimo (ARUÁ), Carlos Ruiz Miranda (UENF); Márcia Jardim (SEMA-RS/Programa Macacos Urbanos); Patrícia Dias (Programa Macacos Urbanos); Fernanda Teixeira (Center for Large Landscape Conservation/Programa Macacos Urbanos), Gerson Buss (ICMBio/CPB) | L39: Área de abrangência do PAN | N39: Licenciamento | R39: x | U39: 1. Instalação da primeira passagem superior de fauna na região do Pontal do Paranapanema, na rodovia vicinal SPV-035, no ponto que liga o fragmento florestal da Fazenda San Maria (área de ocorrência de Leontopithecus chrysopygus e Sapajus nigritus) com um corredor de floresta restaurado que chega à ESEC Mico-leão-preto (gleba Santa Maria). 2. Foi aprovado na Câmara dos Deputados o Projeto de Lei 466/2015. Esse projeto cria o Plano Nacional de Segurança Viária para a Fauna Silvestre. A proposta foi encaminhada para o Senado Federal. 3. Ana Rubia Rossi, doutoranda do Programa de Pós-graduação em Ecologia e Conservação da Biodiversidade da Universidade Estadual de Santa Cruz (UESC) está instalando passagens de dossel ao longo da rodovia BA-262, área de ocorrência de Leontopithecus chrysomelas. 4. Ao longo do período julho 2025/2026 foram instaladas 06 pontes dossel (03 foram em pontos novos e 03 substituindo pontes antigas) para travessia de bugios-ruivos (Alouatta guariba) nos municípios de Porto Alegre e Viamão, RS. A confecção e instalação foi feita equipe do Programa Macacos Urbanos em parceria com Museu de Ciências Naturais (SEMA/RS) e Unidades de conservação da região. 5. O IPDC e LEAC/UESC instalaram 20 cordas de travessia na região do Praia do Forte em locais de alta prioridade para a manutenção da conectividade da paisagem para a preguiça-de-coleira-do-nordeste, e prevê a colocação de outra 40 em novembro de 2026. O IPDC está articulando junto a CLN a colocação de redutores eletrônicos de velocidade na BA099 em pontos de reincidência de travessia de preguiças, próximo a reserva Sapiranga. 6. Instalação de 10 pontes suspensas no município de São José dos Campos/SP, através da prefeitura de São José dos Campos/SP e Ecomuseu, como resultado dos dados coletados pelos projetos coordenados pelo CCSS/UFV, nos últimos anos, envolvendo o ICMBio (APA Federal Mananciais do Paraíba do Sul) e recursos da prefeitura e da REVAP (Ecomuseu). Espécie-alvo: sagui-da-serra-escuro (C. aurita). | V39: Passagens de fauna iniciadas ou em implantação: Pontal do Paranapanema/SP (SPV-035 )- Instalação de 1 passagem superior de fauna conectando a Fazenda Santa Maria à ESEC Mico-Leão-Preto. Rodovia BA-262/BA - Instalação de passagens de dossel em área de ocorrência de Leontopithecus chrysomelas. Porto Alegre e Viamão/RS - Instalação de 6 pontes de dossel (3 novas e 3 substituições) para a travessia de Alouatta guariba. Praia do Forte/BA - Instalação de 20 cordas de travessia para a preguiça-de-coleira-do-nordeste São José dos Campos/SP -Instalação de 10 pontes suspensas para a proteção do Callithrix aurita | W39: Para MLCD, não temos o mapeamento dos pontos ainda. | X39: Gabriela Rezende (IPÊ), Leonardo Oliveira (BMIP), Gerson Buss (CPB), Márcia Jardim (SEMA-RS/Programa Macacos Urbanos), Gastón Giné (UESC), Fabiano Melo (UFV), Silvia Moreira (CPRJ/INEA-RJ) | Y39: 1. Sobre as passagens de fauna do Parnaso: a quantidade de passagens de fauna que serão instaladas não foram definidas ainda. A concessionária fez uma proposta inicial, mas o PARNA fez alguns questionamentos e eles estão fechando a contraproposta já com essas alterações. Ou seja, ainda estão em tratativas pra definir a estratégia. | AG39: Incluir Ana Rúbia Rossi (UESC)
B40: 5.3 | C40: Elaborar diretrizes técnicas para minimizar os impactos de empreendimentos lineares em áreas com presença de populações das espécies-alvo do PAN, considerando as iniciativas já existentes | D40: Diretrizes técnicas elaboradas | E40: Ter um documento com as principais diretrizes disponíveis | F40: 45839 | G40: 46204 | H40: Marcia Jardim (SEMA-RS) | J40: Leonardo Oliveira (BMIP-UESC), Gerson Buss (ICMBio/CPB), Fernanda Teixeira (Center for Large Landscape Conservation/Programa Macacos Urbanos); Andreas Kindel (Núcleo de Ecologia de Rodovias e Ferrovias/UFRGS); Mozart da Silva Lauxen (IBAMA/RS); Carlos Ruiz Miranda (UENF); Zelinda Hirano (FURB). | L40: Área de abrangência do PAN | M40: Considerar impactos de gasodutos, eletrocuções em redes elétricas, atropelamentos em rodovias | N40: Licenciamento | P40: x | U40: 1. Até o momento foram feitos apenas contatos iniciais com alguns dos colaboradores para explicar e contextualizar a ação. Apesar da ação não ter tido avanço efetivo no âmbito do PAN, houve ao menos uma iniciativa regional que pode contribuir para a elaboração das diretrizes. No RS, houve cinco ciclos de workshops para revisão da diretriz 06/2018 da FEPAM/, que trata da avaliação de mortalidade de vertebrados em rodovias do RS e planejamento da mitigação. Os ciclos foram realizados entre agosto de 2025 e maio de 2026 pela FEPAM/SEMA e NERF-UFRGS, com a participação de técnicos dos múltiplos setores envolvidos no planejamento, implantação e operação da malha rodoviária do Estado do Rio Grande do Sul. Dentre os aspectos metodológicos discutidos, houveram tópicos especifícos aos primatas que podem ser úteis na elaboração de um documento nacional visando as espécies alvo do PAN. 2. Publicação da Smithsonian, junto ao DNIT, do "Guia técnico de pontes artificiais de dossel para rodovias brasileiras". 3. Ação movida pelo MP-BA e IPDC contra a Neoenergia devido a eletrocussões sucessivas de mais de 20 preguiças-de-coleira tem pressionado para a resolução do problema, mas diretrizes e soluções técnicas estão a cargo da empresa. | W40: 1. Para MLCD, não temos o mapeamento dos pontos. 2. Não houve articulação para elaboração das diretrizes técnicas. | X40: Márcia Jardim (SEMA RS), Gabriela Rezende (IPÊ), Fernanda Abra (VIAFAUNA), Leonardo Oliveira (BMIP), Gastón Giné (UESC) | Y40: 1. Na Bahia, estamos monitorando a liberação de uma rodovia estadual (região de Ilhéus e Itabuna) para propor medidas (pontes) mitigadoras. 2. Aproveitar a oportunidade do Congresso de Primatologia, onde haverá um simpósio sobre passagens de fauna, e criar um grupo de pessoas interessadas em construir essas diretrizes. Incluir também a eletrocussões/rede elétrica. | AD40: 46935 | AG40: Incluir Ana Rúbia Rossi (UESC)
B41: 5.4 | C41: Articular, com os órgãos competentes, a adoção das diretrizes técnicas elaboradas para a adequação da instalação dos empreendimentos lineares | D41: Reuniões realizadas Documentos enviados Ações junto ao MP TACs firmados | E41: Diretrizes sendo consideradas durante a instalação dos empreendimentos | F41: 45839 | G41: 47665 | H41: Zelinda Hirano (FURB) | J41: Gaston Gine (UESC), Márcia Jardim (SEMA-RS/Programa Macacos Urbanos), Gerson Buss (CPB ICMbio), Moira Ansolch (SEMA-RS), Aline Naissa Dada (FURB), Giseli Lagurdia Cheim (ANAA), Julio Cesar Souza Junior (FURB). | L41: Área de abrangência do PAN | N41: Licenciamento | Q41: x | U41: 1. Em abril/2025, promulgada a Lei municipal 14.211/2025 de Porto Alegre, RS. Programa de Prevenção de Acidentes Elétricos com Animais. | W41: As diretrizes não foram elaboradas, como previa a ação anterior | X41: Gerson Buss (CPB/ICMBio) | AG41: Incluir Ana Rúbia Rossi (UESC)
B42: 5.5 | C42: Avaliar e monitorar os potenciais impactos da dragagem do Canal do Varadouro (Paraná) sobre Leontopithecus caissara, e propor medidas mitigadoras no processo de licenciamento ambiental | D42: Manifestação do GAT Nota técnica com proposta de medidas mitigadoras | E42: Redução dos impactos da dragagem sobre a espécie | F42: 45839 | G42: 47665 | H42: Elenise Sipinski (SPVS) | J42: Robson Hack (NeoPrim); Thaís Guimarães (SEMIL-SP) | L42: Área de ocorrência de L. caissara | N42: Licenciamento | R42: x | U42: O processo para obtenção de licença para estudos de impactos ambientais foi indeferido pelo Ibama. O ICMBio elaborou nota técnica contraria a dragagem do Canal do Varadouro. O projeto está parado. | V42: Nota Técnica | X42: Elenise Sipinski (SPVS) | Y42: Continuar monitorando o processo e avaliar, na próxima monitoria, se a ação deve ser excluída.
A43: 6. Prevenção e mitigação dos impactos de desastres ambientais sobre as espécies-alvo | B43: 6.1 | C43: Mapear e identificar áreas de risco para desastres ambientais, com potencial impacto sobre as espécies-alvo | D43: Mapas elaborados e disponibilizados com as áreas de risco identificadas | E43: Conhecimento das áreas prioritárias para agir preventivamente ou ativamente, em casos de desastres ambientais | F43: 45839 | G43: 47665 | H43: Leticia Koproski (IAT-PR) | J43: Rodrigo Carvalho (PREA); Carla Possamai (MIB); Mariane Rocha (IAT); | L43: Área de abrangência do PAN | M43: Desastres ambientais já identificados: incêndios florestais, inundações, ciclones, secas, rompimento de barragens. | N43: Gestão da Informação | Q43: x | U43: 1. Incendio no PARNASO (julho/26). 2. Elaboração de mapa com a distribuição das espécies alvo do PAN e incêndios florestais atendidos pelo Corpo de Bombeiros, no Paraná. 3. Em maio/2026 houve a passagem de um tornado pela região de Gália (SP), afetando uma área na parte norte da ESEC Caetetus, cujos impactos estão sendo avaliados. | W43: Pouco envolvimento de parte dos colaboradores por falta de tempo | X43: Rodrigo Carvalho, Letícia Koproski (IAT), Gabriela Rezende (IPÊ) | AG43: Incluir Luciana Pacca (ICMBio/CPB)
B44: 6.2 | C44: Diagnosticar os impactos de desastres ambientais sobre as espécies-alvo | D44: Diagnósticos elaborados; Relatórios; Publicações. | E44: Identificação dos principais impactos para agir preventivamente ou ativamente, em casos de desatres ambientais | F44: 45839 | G44: 47665 | H44: Rafael Rossato (ICMBio/CPB) | J44: Rodrigo Carvalho (PREA); | L44: Área de abrangência do PAN | M44: Ex. projeto impactos de inundações sobre primatas no RS | N44: Pesquisa | R44: x | U44: 1. Projeto intitulado "Avaliação dos efeitos do desastre natural decorrente das mudanças climáticas na biodiversidade do Estado do Rio Grande do Sul" está em execução pelo ICMBio e parceiros. O CPB está executando a avaliação dos efeitos das inundações ocorridas no Rio Grande do Sul sobre as populações de primatas. 2. Em maio/2026 houve a passagem de um tornado pela região de Gália (SP), afetando uma área na parte norte da ESEC Caetetus, cujos impactos estão sendo avaliados. | V44: Para o projeto "Avaliação dos efeitos do desastre natural decorrente das mudanças climáticas na biodiversidade do Estado do Rio Grande do Sul": Mapas, relatórios parciais, e dados de campo coletados. | X44: Rafael Rossato (CPB), Gabriela Rezende (IPÊ) | AG44: Incluir Gabriela Rezende (IPÊ)
B45: 6.3 | C45: Elaborar um modelo de Plano de Contingência para mitigação de impactos de desastres ambientais sobre as espécies-alvo | D45: Modelo de Plano de Contingência elaborado | E45: Orientações para atuação mais direcionada em casos de desatres ambientais | F45: 45839 | G45: 46204 | H45: Leticia Koproski (IAT-PR) | J45: Carla Possamai (MIB); Rodrigo Carvalho (PREA); Daniel Lorenzetto (CEDEC-PR); Thaís Guimarães (SEMIL-SP) | L45: Área de abrangência do PAN | M45: Considerar o resgate de de animais em risco extremo. | N45: Normativas | P45: x | U45: 1. Elaborada versão preliminar do Plano de Contingência, que encontra-se em avaliação. | W45: Falta de tempo dos colaboradores para implementar a ação | X45: Letícia Koproski (IAT) | AD45: 46569 | AG45: Incluir: Elenise Sipinski (SPVS), Janaína Aguiar (IEF-MG), Andrea Takitani (INEA-RJ), Márcia Jardim (SEMA-RS/Programa Macacos Urbanos), Marianna Pinho (INEMA)
B46: 6.4 | C46: Promover cursos específicos voltados para o afugentamento e resgate referentes às espécies-alvo do PAN, em áreas mapeadas na ação 6.1 | D46: Cursos realizados | E46: Equipes capacitadas atuando no afugentamento e resgate das espécies em áreas de risco | F46: 45839 | G46: 47665 | H46: Janaína Aguiar (IEF-MG) | J46: Leticia Koproski (IAT), Thais Guimarães (SEMIL-SP), Robson Hack (NeoPrim), Daniel Vilela(IBAMA) | L46: Área de abrangência do PAN | N46: Capacitação e EA | P46: x | U46: Ainda não iniciada. | W46: Falta de tempo dos colaboradores para implementar a ação e baixa implementação da ação 6.1 | X46: Janaína Aguiar (IEF)
B47: 6.5 | C47: Participar de campanhas informativas para prevenção de incêndios florestais | D47: Campanhas realizadas | E47: Redução de incêndios florestais nas áreas das espécies-alvo | F47: 45839 | G47: 47665 | H47: Leticia Koproski (IAT-PR) | J47: Rodrigo Carvalho (PREA); Fabíola Cotrim (INEMA-BA) | L47: Área de abrangência do PAN | N47: Comunicação e Divulgação | R47: x | U47: 1. Não houve campanhas educativas no período (PCSS) 2. Participação na Campanha anual Paraná Contra Incêndios com a inclusão do personagem Gio, o bugio na cartilha infantil e inserção de imagens de Alouatta guariba no material informativo. | V47: Campanha anual Paraná Contra Incêndios | X47: Rodrigo Carvalho (PREA), Letícia Koproski (IAT)
B48: 6.6 | C48: Avaliar os impactos das mudanças climáticas sobre as espécies-alvo e seus hábitats e identificar medidas para mitigação destes impactos | D48: Artigos e publicações diversas | E48: Ações implementadas para minimizar os riscos à conservação das espécies-alvo, a partir das informações geradas | F48: 45839 | G48: 47665 | H48: Gabriela Rezende (IPÊ) | J48: Mariane Kaizer (INMA e EcoDiversa), Gastón Giné (UESC); Rodrigo Carvalho (PREA); | L48: Área de abrangência do PAN | M48: Modelagens, estabelecimento de monitoramentos de longo prazo (fenologia, demografia, comportamento, fisiologia) | N48: Pesquisa | R48: x | U48: 1. Um aluno do Leonardo Oliveira está realizando o doutorado usando modelagem para Mico-leão-da-cara-dourada. 2. Foram realizadas modelagens para avaliar o impacto de mudanças climáticas sobre 21 espécies de mamíferos arborícolas, incluindo a maior parte das espécies do PAN; O trabalho está sendo desengavetado para publicação de artigo. Coordenador Gastón Giné (UESC). | X48: Gastón Giné (UESC), Leonardo Oliveira (BMIP)
A49: 7. Avaliação, prevenção e mitigação dos impactos de doenças de importância para a conservação de primatas e preguiças da Mata Atlântica, considerando a abordagem de "Uma Só Saúde" | B49: 7.1 | C49: Realizar o monitoramento ecológico e sanitário de populações das espécies-alvo do PAN identificadas como prioritárias | D49: Relatórios (resultado das espécies identificadas e monitoramentos realizados) | E49: Maior conhecimento ecológico e sanitário de populações das espécies-alvo | F49: 45839 | G49: 47665 | H49: Danilo Simonini (UESC) | J49: Robson Hack (NeoPrim), Leonardo Oliveira (BMIP e UESC), Gastón Giné (UESC), Daniel Felippi (IPÊ), Gabriela Rezende (IPÊ), Mariane Kaizer (INMA e EcoDiversa), Andresa Guimarães (UFRRJ), Laurence Culot (UNESP), Zelinda Hirano (FURB), Thais Guimarães (SEMIL-SP), Silvia Moreira (CPRJ), Carla Possamai (MIB), Fabiano Melo (UFV); Rodrigo Carvalho (PREA); Letícia Koproski (IAT), Paulo Mangini (Tríade); Elenise Sipinski (SPVS) | L49: Área de abrangência do PAN | M49: É a complementação a ação 2.4. O banco do SISS-Geo pode ser utilizado como subsídio. Considerar o uso da Análise de Risco. | N49: Pesquisa | R49: x | U49: 1. Em Caratinga/MG, continua o monitoramento dos primatas. 2. Inserido o componente de avaliação sanitária em um projeto de monitoramento de muriquis-do-sul em fase de licitação pelo IAT/PR, e em quatro processos vinculados ao licenciamento ambiental no Paraná, sendo dois com Alouatta guariba e dois com Brachyteles arachnoides. 3. Na ilha do Superagui (PARNA de Superagui) foram capturados dois grupos de MLCP com instalação de radio-colar e avaliação sanitária e reprodutiva. Resutados preliminares serão apresentados no Congresso de Primatologia (SPVS). 4. Um grupo de C. aurita está sendo acompanhado em SJ dos Campos (SP) e já foi identificado o consumo de água de riacho poluído. 5. Monitoramento contínuo de grupos de mico-baianos na região de ocorrência (Ilhéus, Una. Uruçuca, Itororó), e Boa Nova/BA, que iniciará em 2027. 6. Monitoramento contínuo de populações de Alouatta guariba e localização de novas populações a norte do Rio Pardo (Itapetinga, Itambé, Itororó, Maiquinique, Macarani) 7. Avaliação sanitária de micos-leões-pretos (Leontopithecus chrysopygus) do Parque Estadual Morro do Diabo (PEMD), Fazenda San Maria e ESEC Caetetus, incluindo exames parasitológicos e hemograma. As análises moleculares para tripanossomatídeos, Leptospira spp. e outros patógenos, bem como a sorologia para Febre Amarela, estão previstas para o segundo semestre/2026. Também foi realizada a necropsia e a coleta de amostras biológicas de um mico-leão-preto resgatado em Lençóis Paulista (SP) após ataque por cães e encaminhado ao CEMPAS/UNESP–Botucatu, para investigação de Febre Amarela e Raiva. 8. Monitoramento contínuo de micos-leões-dourados (Leontopithecus rosalia) e preguiças-de-coleira-do-sudeste (Bradypus crinitus) na Bacia do Rio São João e Macaé, e por ciência cidadã das duas espécies e bugios-ruivo (Alouatta guariba) pela AMLD. Monitoramento contínuo de L. rosalia na região metropolitana do Rio de Janeiro pela Associação Pantharpia. 9. Para o MLCD uma tese de doutorado começou a coleta de amostras para análises sanitárias. Um novo projeto (se aprovado) prevê coletas de amostras para análises sanitárias e genéticas ao longo da extensão de ocorrência da espécie. 10. Para B. torquatus, o monitoramento populacional continuo tem sido feito via drone, telemetria, ciência cidadã e captura-marcação-recaptura pelo IPDC + LEAC/UESC, pelo segundo ano consecutivo no litoral de Mata de São João, Bahia. A saúde tem sido investigada para casos pontuais de animais doentes, feridos e mortos. 11. Sobre a população de MLCD de Niterói, tem um projeto doutorado sendo realizado com investigação de filarideos e tripanossomatideos. 12. Monitoramento contínuo de grupos de vida livre de C. aurita e C. flaviceps, pelo CCSS, através dos projetos em conjunto com a profa. Dra Fabiana Voorwald, com deteção significativa de parasitas intestinais e de sistema circulatório, além de análises constantes de coproparasitológicos e ectoparasitas. Isso envolve C. aurita de SJC, SP, em projetos parceiros, do Ecomuseu e da Prefeitura de SJC. 13. Captura de muriquis-do-norte (B. hypoxanthus) de vida livre, com detecção de diferentes parasitas, incluindo uma publicação recente sobre o tema (Dib et al., 2025). Mais recentemente, animais translocados apresentaram análises mais precisas, com exames de sangue, e nova detecção de parasitas conhecidos para outros primatas. | V49: 1. Dib, L.V., Testa, M.F., Quintão, F.M., Tabacow, F.P., de Melo, F.R., Nery, M.S., Class, C.S.C. and Barbosa, A.d.S. (2025), First Molecular Characterization of the Zoonotic Parasite Balantioides coli in Brachyteles hypoxanthus Wied, 1820 (Primate: Atelidae) in Brazil. J Med Primatol, 54: e70026. https://doi.org/10.1111/jmp.70026 2. Mascarenhas, I.N., de Jesus, L.B.G., de Melo, F.C.S.A. et al. Investigation of Yellow Fever Virus Exposure in Ex Situ Buffy-tufted-ear Marmosets (Callithrix aurita) and Free-living Invasive Hybrids (Callithrix sp.) in Atlantic Forest Fragments, Southeast Brazil. Int J Primatol 47, 298–303 (2026). https://doi.org/10.1007/s10764-026-00546-1 | W49: Para o MLCD, a falta de equipe e recurso para coleta das amostras e análises | X49: Carla Possamai (MIB), Elenise Sipinski (SPVS), Letícia Koproski (IAT), Gabriela Rezende e Daniel Felippi (IPÊ), Laila Mureb (AMLD), Leonardo Oliveira (BMIP), Gastón Giné (UESC), Silvia Moreira (CPRJ/INEA/RJ), Fabiano Melo (UFV)
B50: 7.2 | C50: Estimular a vigilância em saúde das espécies-alvo do PAN por meio da ciência cidadã, utilizando plataformas digitais existentes | D50: Relatórios das plataformas digitais com as informações | E50: Registros de eventos de epizootias afetando as espécies-alvo | F50: 45839 | G50: 47665 | H50: Alessandro Romano (MS) | J50: Camila Cassano (UESC), Letícia Koproski (IAT), Márcia Jardim (SEMA-RS/Programa Macacos Urbanos), Rafael Rossato (ICMBio/CPB), Gastón Giné (UESC), Márcia Chame (Fiocruz), Danilo Simonini (UESC), Andrea Takitani (INEA-RJ), Daniel Felippi (IPÊ), Zelinda Hirano (FURB), Silvia Moreira (CPRJ), Thais Guimarães (SEMIL-SP), Felipe Abreu (IFNMG), Laila Mureb (AMLD) | L50: Área de abrangência do PAN | M50: Exemplo de plataforma digital: SISS-Geo | N50: Comunicação e Divulgação | R50: x | U50: 1. No ambito do projeto "Avaliação dos efeitos do desastre natural decorrente das mudanças climáticas na biodiversidade do Estado do Rio Grande do Sul", foi promovido um webnário para capacitação/sensibilização no uso do aplicativo SISS-Geo para vigilância da saúde da fauna, especialmente dos primatas. Este webnário foi realizado pelo CPB, CGARB, Fiocruz e CIEVS-RS para equipes gestoras de UCs federais, estaduais e municipais do RS, pesquisadores e órgãos parceiros. Esse webnário foi gravado e encontra-se disponível na página do Youtube do CPB. 2. Foi feita Informação Técnica nº 15/2026-CPB/DIBIO/ICMBio (SEI 023874251) com orientações para as UC Federais localizadas em áreas afetadas (e ampliadas) pela Febre Amarela, sendo que uma das medidas é aumentar a vigilância de epizootias em primatas com o uso do SISS-Geo. 3. Elaborada informação técnica no IAT sobre recomendações de resgate e destinação de primatas no Paraná, com a inserção de recomendação para o uso do SISS-Geo. 4. Realizadas notificações no SISS-Geo de dois óbitos de mico-leão-preto (Leontopithecus chrysopygus), referentes a um indivíduo da ESEC-Caetetus e outro de Lençóis Paulista (SP). 5. Não tivemos registros de óbitos de micos-leões-dourados (Leontopithecus rosalia) na Bacia do rio São João no período, que não fossem atropelamentos e eletrocussão. A AMLD lançou uma rede de ciência cidadã e monitoramento participativo para recebimento de avistamentos de L. rosalia, Bradypus crinitus e Alouatta guariba na região, e obter informações do estado do animal (vivo ou morto), ou algum comportamento atípico. 6. Foram realizadas diversas oficinas com unidades de conservação, grupos de jovens, de caminhadas e trilhas, além de outros no âmbito do Programa Institucional Biodiversidade e Saúde (PIBS) da Fiocruz/RJ além de muito treinamentos à profiisionais de saúde e colaboradores em nível nacional, incluindo a na área do PAN. O número de instituições, de insituições de saúde e de registros tem aumentado sginificativamente na plataforma e somam dezenas de milhares de registros, com mais de cinco centenas de instituições de saúde cadastradas, a maioria nos estados do PR, SC, SP, MS, RS. O levantamento do número mais preciso de ações, instituições mobilizads e cadastradas, registros e profissionais está pendente. Adicionalmente é possivel verificar o n de registros de especies e em area do PAN visando avaliar impacto específico das ações no âmbito do PAN PPMA. 7. No RS, O programa Macacos Urbanos tem utilizado o aplicativo “Olha o Macaco!” para obter informações através da Ciência cidadã e monitoramento participativo. 8. O IPDC no ambito do programa Conecta-Vidas possui um grupo ativo de ciencia-cidadã via WhatsApp de 350 membros, com 1027 registros de preguiças-de-coleira-do-nordeste foram obtidos entre abril/2024 e julho/2026 na região litoranea de Mata de São João (Praia do Forte e entorno), com 32 óbitos, 200 travessias, 180 resgates e 157 animais marcados. Animais mortos, feridos e doentes são resgatados e enviados para o INEMA-BA ou NAPAS/UESC e animais em situação de risco são realocados quando pertinente. 9. Realizado em abril/26 treinamento e capacitação do CPRJ com Ministério da Saúde, Secretaria Estadual RJ e Municipais de Saúde, para uso do SISS-GEO (módulo SUS), treinamento de investigação epidemiológica e coleta de amostras com biosegurança. Foi realizado em 2025 hora técnica sobre febre amarela e uso de SISS-GEO com gestores de UCs estaduais/RJ; 10. Em andamento, a formalização de um ACT entre INEA e Fiocruz para implementação do SISSGEO como instrumento de ciência cidadã oficial nas UCs estaduais/RJ. | X50: Rafael Rossato (CPB), Letícia Koproski (IAT), Gabriela Rezende (IPÊ) e Daniel Felippi (IPÊ), Laila Mureb (AMLD), Alessandro Romano (SVSA/MS), Sílvia Moreira (CPRJ/INEA-RJ), Márcia Jardim (SEMA-RS e Macacos Urbanos), Gastón Giné (UESC) | Y50: 6. Fazer um levantamento quantitativo e qualitativo das ações incluindo possíveis impactos referente as especies e áreas alvo do PAN.
B51: 7.3 | C51: Articular o desenvolvimento de capacitações para os profissionais de saúde sobre os princípios de "Uma Só Saúde" e a importância para conservação das espécies-alvo do PAN | D51: Eventos realizados | E51: Maior número de colaboradores capacitados no tema | F51: 45839 | G51: 47665 | H51: Alessandro Romano (MS) | J51: Rafael Rossato (ICMBio/CPB), Daniel Felippi (IPÊ), Danilo Simonini (UESC) | L51: Área de abrangência do PAN | N51: Capacitação e EA | R51: x | U51: 1. Não avançou especificamente com essa pauta, mas o tema e a abordagem tem sido estimulada em diversos movimentos das áres técnicas dos departamentos de doenças transmissíveis que seguem articulando suas redes, ainda que não esteja quantificao o referido esforço. 2. Dissertação de Mestrado da Thaís " Vigilância da febre amarela : desafios e oportunidades para a implementação da Saúde Única / Uma Só Saúde". O estudo gerou um modelo lógico que foi efetivo como instrumento de sistematização e análise do programa. Concluiu-se que o Program de Vigilância Prevenção e Controle e de Febre Amarela no Brasil - PVPCFA não atende plenamente aos princípios da abordagem de “Uma Só Saúde”, sob a perspectiva da conservação da biodiversidade, mas apresenta elevado potencial para a implementação intencional da abordagem, sendo a coordenação multissetorial um ponto crítico a ser desenvolvido para o alcance de objetivos comuns entre os setores. O “Comitê Técnico Interinstitucional de Uma Só Saúde” foi indicado como um espaço estratégico de diálogo para tal articulação intersetorial. Por fim, o trabalho sugere arranjos de implementação que integrem objetivos de natureza ambiental às estratégias de enfrentamento da febre amarela no bioma Mata Atlântica, em um cenário de mudanças climáticas, evidenciando o papel central da biodiversidade no fortalecimento da abordagem de “Uma Só Saúde” no Brasil. 3. Palestra ministrada em reunião técnica com todas as regionais da SESA PR sobre conservação de bugios e diretrizes de atendimento de primatas no Paraná. 4. Apresentação na XVIII Expoepi promovido pelo Ministerio da Saúde em Brasilia, falando o tema Conservação de primatas e vigilancia integrada um Elo estratégico para Saúde Unica, foi dia 16/04/2026. Participavam profissionais de todas as unidades de saúde de todas as regiões do Brasil. | V51: 1. GUIMARÃES-LUIZ, Thais. Vigilância da febre amarela : desafios e oportunidades para a implementação da Saúde Única / Uma Só Saúde [doi:10.11606/D.6.2026.tde-16072026-132059]. São Paulo : Faculdade de Saúde Pública, Universidade de São Paulo, 2026. Dissertação de Mestrado em Saúde Pública. [acesso 2026-08-11]. https://teses.usp.br/teses/disponiveis/6/6143/tde-16072026-132059/pt-br.html 2. Paletras, 3. Apresentação em eventos. | W51: Faltou gerar oportunidade para evoluir com a proposta da ação. Sugiro manter para avançar no proximo ciclo conforme sugestão na descrição da situação atual. | X51: Alessandro Romano (SVSA), Thaís Guimarães (SEMIL-SP) | Y51: 1. Sugiro manter a ação e provocar uma reunião formal com grupo com interesse em cooperar para articular no proximo ano. Quanto a proposta da ação, sugiro retomar, provocando um momento formal com representantes das instituições com interesse em colaborar para articularmos para o proximo ciclo. Sugiro envolver a rede de laboratorios de referência, grupo de Uma só saúde do MS e do departamento de emergências do MS, além dos já mobilizados CGARB, UVTV e SISS-Geo. 2. Previsto até o fim do ano: capacitação com gestores de UCs em áreas de risco para FA no estado do RJ, em conjunto com gestores de saúde nesses municípios | Z51: Articular o desenvolvimento e participar de capacitações com profissionais de saúde sobre os princípios de "Uma Só Saúde" e a importância para conservação das espécies-alvo do PAN | AA51: Relatório com a lista de eventos realizados e de participações dos colaboradores do PAN
B52: 7.4 | C52: Articular a inclusão das demandas do PAN no "Plano Nacional de Uma Só Saúde" | D52: Relatório das demandas incluídas | E52: Demandas contempladas e atendidas | F52: 45839 | G52: 46935 | H52: Rafael Rossato (ICMBio/CPB) | J52: Alessandro Romano (MS), Danilo Simonini (UESC), Thaís Guimarães (SEMIL-SP) | L52: Área de abrangência do PAN | M52: Demandas principais: 1. Ter rede de laboratórios de referência para realização de exames importantes para as espécies-alvo do PAN; 2. Ter acesso aos resultados dos exames realizados pelos laboratórios de referência. | N52: Comunicação e Divulgação | R52: x | U52: 1. O Plano de Ação Nacional de Uma Só Saúde foi elaborado e feita ampla consulta pública. Ainda não foi publicado oficialmente porque o Ministério da Saúde está aguardando a manifestação de aprovação de todas as instituições que compõe o Comitê Técnico Interinstitucional (CTI) de Uma Só Saúde. Este Plano estabelece ações estratégicas, que posteriormente serão destrinchadas em planos tático-operacionais. Destaco algumas ações que se relacionam com demandas do PAN PPMA: Ação 1.2.3. Integrar as redes de laboratórios e plataformas tecnológicas dos diversos setores, visando otimizar a capacidade laboratorial, além da diversidade e agilidade de exames laboratoriais com base na abordagem de Uma Só Saúde. Ação 1.2.4. Incentivar o desenvolvimento e a produção nacional de vacinas, medicamentos e métodos diagnósticos adaptado às realidades locais na perspectiva de Uma Só Saúde. Ação 1.3.1 Promover a formação e educação permanente e continuada em Uma Só Saúde, de gestores, profissionais, técnicos, pesquisadores e população no âmbito das três esferas, sobre o pensamento sistêmico e as interligações entre a saúde humana-animal-vegetal-ambiental. Ação 2.2.5 Desenvolver diretrizes intersetoriais e incentivar inovações e novas tecnologias de prevenção, preparação, vigilância e resposta, baseadas em evidência, para buscar melhorias contínuas no controle de doenças zoonóticas e vetoriais de potencial epidêmico e pandêmico, a partir de abordagem da Uma Só Saúde. Para discutir e dar continuidade na implementação do Plano, foram criados subgrupos para cada uma das sete linhas de ação (1. Fortalecimento das capacidades institucionais; 2. Epidemias e pandemias; 3. Doenças endêmicas zoonoticas; 4. Segurança de alimentos; 5. Resitenca antimicrobiana; 6. Meio ambiente; e 7. Participação social), sendo que o CPB participa ou indicou colaboradores para participar dos subgrupos 2, 3, 5 e 6. | W52: Articulações interinstitucionais, envolvendo diversos órgãos e atores sociais de diferentes setores, é sempre um desafio e o processo é mais demorado. Não obstante, a baixa participação de representantes dos órgãos ambientais acaba por fazer o Plano ter, ainda, um foco maior na saúde humana. Por sua vez, esse foco maior na saúde humana pode ser um dos fatores que leva a baixa participação/menor interesse do setor ambiental. | X52: Rafael Rossato (CPB)
B53: 7.5 | C53: Realizar levantamento e sistematização das enfermidades que estão afetando as populações das espécies-alvo mantidas ex situ, para direcionar estratégias de prevenção e mitigação | D53: Banco de dados das enfermidades e indicação das estratégias de prevenção e mitigação | E53: Medidas de prevenção e tratamentos realizados de forma mais assertiva | F53: 45839 | G53: 46569 | H53: Cláudia Igayara (Zoo de Guarulhos e AZAB) | J53: Danilo Simonini (UESC); Rodrigo Carvalho (PREA); Letícia Koproski (IAT), Paulo Rogerio Mangini (Tríade), Giannina Clerici (SEMIL - SP), Thaís Guimarães (SEMIL-SP) | L53: Área de abrangência do PAN | M53: Esse levantamento pode gerar perguntas para projetos de pesquisas. A pesquisa com a vacina para toxoplasmose está sendo articulada. Considerar o uso da Análise de Risco. Possibilidade de utilizar o módulo DESFECHO do SISS-Geo para registros de diagnósticos (módulo SUS). | N53: Gestão da Informação | R53: x | U53: Questionário em elaboração | W53: A maior dificuldade é elaborar um questionário que sirva a todas as espécies do PAN mas será concluído no prazo | X53: Cláudia Igayara (AZAB) | Y53: A ideia é fazer um questionário ou tabela única, de preenchimento simples, com as enfermidades conhecidas já listadas, para serem apenas marcadas e relacionadas às espécies. Um campo “outros” para informações novas.
B54: 7.6 | C54: Articular com o Ministério da Saúde a obtenção da vacina contra Febre Amarela para uso nas espécies-alvo do PAN, quando houver indicação | D54: Vacinas obtidas | E54: Vacina utilizada nas espécies/populações indicadas | F54: 45839 | G54: 46569 | H54: Rafael Rossato (ICMBio/CPB) | J54: Danilo Simonini (UESC) | L54: Área de abrangência do PAN | M54: Indicação refere-se a animais manejados e pesquisas necessárias previstos em PMPs | N54: Manejo integrado | R54: x | U54: 1. O fluxo para obtenção de vacinas para Febre Amarela para primatas ameaçados de extinção, com previsão em PAN e/ou PMP foi estabelecido pelo CPB, CGARB e DPNI. De maneira resumida, a demanda de vacinas deve chegar ao CPB, que avalia e faz a solicitação a CGARB; CGARB avalia e encaminha para DPNI; o DPNI articula a disponibilização de vacinas junto aos estados e municípios envolvidos. Outra via acordada para obtenção das vacinas é através da Biomanguinhos, seguindo o fluxo de avaliação pelo CPB. É fundamental que o CPB e CGARB mantenha atualizado um banco de dados de todos os animais vacinados. Esse fluxo precisa ser formalizado através de um ACT entre ICMBio e Ministério da Saúde, sendo que a minuta do ACT e Plano deTrabalho já foram elaboradas pela equipe do CPB e encaminhadas a CGARB para avaliação e complementação. 2. Destaca-se que, através deste fluxo estabelecido, foram obtidas vacinas em dois momentos junto a CGARB para Alouatta guariba (agosto/2025 e abril/2026) ; e uma vez junto a Biomanguinhos para Leontopithecus caissara (outubro 2025). 3. Recomendação de vacinação oportunística de indivíduos de L. chrysopygus na região de Buri e Capão Bonito, considerando as áreas de circulação do vírus previstas para 2026 e 2027. | W54: O maior desafio tem sido a disponibilidade de tempo dos servidores da CGARB e DPNI, tanto para realizar reuniões e encaminhar a formalização do ACT, quanto para uma avaliação e disponibilização das vacinas de maneira mais ágil e que não dependa de tantas recobranças, considerando que o prazo de 30 dias que eles haviam solicitado não tem sido cumprido. Outro desafio importante de se destacar é a necessidade de retomar as pesquisas com o uso da vacina em primatas, tanto para aumentar o n.amostral das espécies que já possuem estudos, quanto para realizar estudos com novas espécies, especialmente os calitriquídeos. | X54: Rafael Rossato (CPB) | Y54: Em julho/2026 foram vacinados 3 individuos capturados na Ilha de Superagui (SPVS)
B55: 7.7 | C55: Articular com o Centro de Informações Estratégicas de Vigilância em Saúde a comunicação de eventos que possam afetar as espécies-alvo do PAN | D55: Fluxograma de comunicação estabelecido | E55: Adoção de medidas em tempo breve, para reduzir impacto de epizootias sobre as espécies-alvo | F55: 45839 | G55: 46204 | H55: Alessandro Romano (MS) | J55: Rafael Rossato (ICMBio/CPB), Danilo Simonini (UESC) | L55: Área de abrangência do PAN | M55: Integração com o CIEVS para comunicação de risco e impactos diretos e indiretos (criminalização de primatas) | N55: Comunicação e Divulgação | P55: x | U55: Atualmente, há uma discussão entre a CGARB/PNI e CPB para celebração de um ACT, para o qual está se propondo ampliar as atividades do Plano de trabalho, no qual pode ser a definição de comunicação e compartilhamento de dados entre SVSA/CPB, incluindo CIEVS e outros, caso seja adequado a luz dos interlocutores e gestores institucionais - Status em articulação. | W55: As opoortunidades de diálogo entre os entes foram limitadas. | X55: Alessandro Romano (SVSA) | Y55: Provocar reunião formal com grupo SVSA, envolvendo DEMSP/CGCIEVS e do Comitê e Vigilância de Uma só saúde para avançar com a proposta que pode incluir fluxo direto e alertas, via SISS-Geo. | AD55: 46935
A56: 8. Prevenção e mitigação dos impactos negativos do turismo sobre as espécies-alvo | B56: 8.1 | C56: Realizar levantamento de estudos sobre os impactos do turismo de fauna | D56: Diagnóstico Artigos Dissertações Teses | E56: Diagnóstico de impactos negativos e positivos | F56: 45839 | G56: 46569 | H56: Leandro Moreira (MIB) | J56: Carla Possamai (MIB); Rodrigo Carvalho (PREA); | L56: Área de abrangência do PAN | N56: Gestão da Informação | P56: x | U56: Não avançou. | W56: Pouco envolvimento dos colaboradores com a implementação da ação por falta de tempo | X56: Carla Possamai (MIB)
B57: 8.2 | C57: Estabelecer protocolo de boas práticas para o turismo de observação de primatas e preguiças, com base em publicação da IUCN sobre turismo sustentável em áreas protegidas | D57: Protocolo elaborado e divulgado | E57: Turismo de observação sendo realizado de acordo com os protocolos | F57: 46569 | G57: 47665 | H57: Maurício Talebi (UNIFESP-Diadema) | J57: Edson Montilha (FF-SP), Carlos Ruiz-Miranda (UENF), Rodrigo Carvalho (PREA), Gastón Giné (UESC); Leonardo Oliveira (BMIP-UESC); Rodrigo Carvalho (PREA); Carla Possamai (MIB), Luciana Verissimo (ARUÁ); Laila Mureb (AMLD), Paloma Arakaki (SEMIL - SP); Elenise Sipinski (SPVS) | L57: Área de abrangência do PAN | M57: 1. Condicionar a observação de primatas à presença de guias credenciados; 2. GAT elaborar recomendação para o ICMBio para que na trilha da Ararapira, no PARNA do Superagui, seja obrigatória a presença de guias credenciados; 3. Sustainable tourism in protected areas : guidelines for planning and management (IUCN, 2022). | N57: Normativas | O57: x | U57: NA - Ação cujo início planejado é posterior ao período monitorado | X57: Laila Mureb (AMLD), Leonardo Oliveira (BMIP); Janaína Aguiar (IEF) | Y57: 1. No Parna de Superagui na trilha de uso público de Ararapira (parceria entre SPVS e NGI Guaraqueçaba) /ação em andamento 2. Divulgação do protocolo de boas práticas para observação de primatas da IUCN para proprietários rurais e RPPNistas que desenvolvem atividades de turismo na Bacia do rio São João, planejada para o segundo semestre de 2026. 3. Para o MLCD estamos identificando no inicio das discussões com alguns interessados em ter Primate Watching em suas áreas. 4. A articulação das normativas federais devem ser realizadas apenas quando as diretrizes de boas práticas estiverem bem estabelecidas. 5. Sugestão: Reunir esforços com o PAN Primatas Amazônicos, pois este Plano tem uma ação muito parecida "Ação 3.2 - Adaptar o protocolo da IUCN de práticas responsáveis para observação de primatas para a realidade amazônica." 6. Considerando o início do Turismo de Primatas no PE Rio Doce o gerente Vinícius, se dispôs a ser colaborador da ação. Em janeiro de 2025 foi realizada a capacitação de observação de primatas no PERD (linktr.ee/primatasperdidos) | AG57: Incluir Vinícius Moreira (IEF-MG)
B58: 8.3 | C58: Articular normativa federal para ordenar o turismo de observação de primatas e preguiças | D58: Articulações Reuniões Proposta de normativa | E58: Normativa federal publicada | F58: 45839 | G58: 47665 | H58: Fabiano Melo (MIB) | J58: Gustavo Malacco (ANGA); Maurício Talebi (UNIFESP-Diadema); Luciana Verissimo (ARUÁ) | L58: Área de abrangência do PAN | M58: 1. Que tenha um olhar para as áreas fora de UCs federais 2. Articular no âmbito do ICMBio, com a coordenação de uso público 3. Articular via CONAMA 4. Ter o envolvimento da ABEMA e ANAMA | N58: Normativas | P58: x | T58: Excluída | U58: Não avançou. A questão é complexa demais ser considerada pelo CONAMA. | W58: A questão é complexa demais ser considerada pelo CONAMA | X58: Fabiano Melo (UFV) | Y58: Em razão da complexidade envolvida na articulação para a elaboração da normativa, aliada às incertezas relativas ao processo de fiscalização, o GAT optou pela exclusão desta ação. Neste momento inicial, a prioridade deve ser o estabelecimento das diretrizes de boas práticas. Porém, em níveis estaduais, MG e SP a questão tem avançado, bem como no município de São José dos Campos, SP.
B59: 8.4 | C59: Articular o apoio ao turismo de base comunitária ou de projetos de conservação, que dêem retorno financeiro para a conservação das espécies do PAN | D59: Atividades implementadas | E59: Conservação das espécies-alvo sendo beneficiada pelas atividades de turismo | F59: 45839 | G59: 47665 | H59: Elenise Sipinski (SPVS) | J59: Rodrigo Carvalho (PREA); Zelinda Hirano (FURB); Aline Naissa Dada (FURB), Alessandra Beirith FURB); Luciana Verissimo (ARUÁ) | L59: Área de abrangência do PAN | N59: Uso Sustentável | R59: x | U59: Em relação ao turismo de base comunitária foi elaborado um estudo de percepção nas comunidades da área de ocorrência do MLCP. Foram realizadas entrevistas semiestruturadas com 100 moradores de cinco comunidades da área de ocorrência da espécie, (Barra do Superagui, Ararapira, Barbados, Puruquara e Síbui), combinando questões fechadas, abertas e estímulos visuais. A maioria dos entrevistados reconheceu benefícios decorrentes das pesquisas científicas, não se considerou prejudicada por sua realização e demonstrou apoio ao turismo de observação, desde que planejado e orientado. A análise de estímulos visuais indicou predominância de interpretações positivas do manejo científico, associado ao cuidado e à proteção da espécie. Atualmente não há uma ação voltada ao turismo de base comunitária com a espécie, as ações realizadas são de educação ambiental e relacionamento (no PR e SP/pelos dois projetos) para engajamento dos moradores locais nas ações de conservação da espécie. | X59: Elenise Sipinski (SPVS) | Z59: Articular o apoio ao turismo de base comunitária que promova a conservação das espécies do PAN
B60: 8.5 | C60: Articular o apoio às atividades de turismo científico nas áreas que já desenvolvem essas atividades de interesse para as espécies do PAN | D60: Atividades implementadas | E60: Conservação das espécies-alvo sendo beneficiada pelas atividades de turismos | F60: 45839 | G60: 47665 | H60: Edson Montilha (FF-SP) | J60: Rodrigo Carvalho (PREA); Mariane Kaizer (INMA); Gastón Giné (UESC); Luciana Verissimo (ARUÁ); Laila Mureb (AMLD) | L60: Área de abrangência do PAN | N60: Uso Sustentável | R60: x | U60: 1. Em relação às espécies C. aurita e C. flaviceps, o PREA recebeu dois grupos no periodo para visitar áreas de avistamento de C. aurita, contudo não há articulação para criação de protocolos. 2. Implementação da Travessia Mico-Leão-Dourado na APA São João para fomento do turismo sustentável na região. Recepção de escolas, universidades, e turistas individuais para observação de micos-leões-dourados. Recepção de públicos diversos na RPPN Parque do Mico (aproximadamente 3.000 visitantes no período). 3. Foram elaborados os Guias de Campo para observação de Primatas do estado de São Paulo e o desenvolvimento do APP "Que Macaco é Esse"? 4. O turismo de observação de preguiças tem sido realizado de forma responsável na região da Praia do Forte pela Aruá Observação de Vida Silvestre. Todos os registros são repassados ao IPDC que apoia tal iniciativa, além de haver modalidades de visitação associadas ao turismo científico, com recepção de voluntários, universitários e disponibilidade de espaços para aulas práticas de universidades. Também está sendo inaugurada em agosto/2026 o espaço preguiça no centro de recepção do projeto baleia jubarte da Praia do Forte. | V60: 1. Acolhimento de 2 grupos de pessoas pelo PREA para visitação a áreas de avistamento de C. aurita. 2. Implementação da Travessia Mico-Leão-Dourado na APA São João: Acolhimento de cerca de 3.000 visitantes de públicos diversos na RPPN Parque do Mico | X60: Laila Mureb (AMLD), Rodrigo Carvalho (PREA), Edson Montilha (FF-SP)
B61: 8.6 | C61: Articular com órgãos ambientais estaduais o estabelecimento/adequação de normativas para a observação de primatas e preguiças | D61: Articulações Reuniões Propostas de normativas | E61: Normativas estaduais publicadas | F61: 45839 | G61: 47665 | H61: Cauê Monticelli (SEMIL-SP) | J61: Luciana Verissimo (ARUÁ); Marianna Pinho (INEMA-BA); Elenise Sipinski (SPVS); Giannina Piatto Clerici (SEMIL - SP); Thaís Guimarães (SEMIL-SP); Edson Montilha (FF-SP) | L61: Área de abrangência do PAN | M61: 1. GAT elaborar recomendação para a FF-SP para que na trilha da Canela, no Parque Estadual Carlos Botelho, seja obrigatória a presença de guias credenciados. Pensar em estratégias de monitoramento da trilha (monitoramento por câmeras, por exemplo); 2. Parque Estadual da Serra do Brigadeiro - motos nas trilhas 3. Ter o envolvimento da ABEMA, ANAMA e CONAMA | N61: Normativas | R61: x | U61: 1. No Parna de Superagui na trilha de uso público de Ararapira (parceria entre SPVS e NGI Guaraqueçaba) esta ação está em andamento; 2. No dia 23/06/2026 foi enviado email para ABEMA pedindo apoio na articulação com os estados contemplados pelo PAN PPMA. Em 25/06/2026 a ABEMA respondeu encaminhando a demanda para a Coordenação da Câmara Técnica de Biodiversidade da ABEMA e a Coordenação da Câmara Técnica de Fauna da ABEMA solicitando análise e eventual contribuições que forem pertinentes. Ambas coordenadorias ainda não responderam. Um novo e-mail retomando o assunto foi enviado em 29/07/2026 e segue no aguardo de resposta. | W61: 2) Ainda não houve resposta oficial da consulta por parte das coordenações da ABEMA. Em caso de permanência da situação, outra estratégia de comunicação será adotada. | X61: Elenise Sipinski (SPVS), Cauê Monticelli (SEMIL)
A62: 9. Desenvolvimento de estratégias e realização de ações de comunicação e educação para a conservação, que favoreçam as espécies-alvo | B62: 9.1 | C62: Realizar atividades de comunicação e educação para conservação, em comunidades e escolas de ensino fundamental e médio, nas áreas de ocorrência das espécies-alvo | D62: Lista das atividades realizadas | E62: Comunidades e estudantes envolvidos com a conservação das espécies-alvo | F62: 45839 | G62: 47665 | H62: Robson Hack (NeoPrim) | J62: Márcia Jardim (SEMA-RS/Programa Macacos Urbanos); Leonardo Oliveira (BMIP/UESC); Camila Cassano (UESC); Gastón Giné (UESC); Luciana Verissimo (ARUÁ); Ana Claudia Fandi (Bicho do Mato); Rodrigo Carvalho (PREA); Mariane Kaizer (INMA e EcoDiversa); Alessandra Beirith (FURB); ZelindaHirano(FURB); Aline Naissa Dada (FURB); Nandia Xavier (AMLD); Rosane Barreto (INEMA-BA); Elenise Sipinski (SPVS) | L62: Área de abrangência do PAN | N62: Capacitação e EA | R62: x | U62: 1. O Projeto Bugio atendeu 650 crianças e adolescentes em atividades de educação ambiental; e aproximadamente 4000 pessoas em feiras e eventos em 2025/2026. 2. O projeto de conservação do MLCP (SPVS) realizou atividades educativas - em 2025 - com alunos de escolas de ensino fundamental da Barra do Superagui e de Bertioga, em torno do PARNA de Superagui, com cerca de 65 alunos. Em 2026, em escolas do ensino fundamental de Bertioga, Barbados, e da Barra do Superagui/oficina de teatro com cerca de 80 envolvidos. Realizou reuniões com moradores locais sobre a espécie e o Parque, cerca de 40 moradores (2025 e 2026). 3. O Programa de Conservação do Mico-leão-preto atende cerca de 1.200 alunos do ensino fundamental da rede pública de Teodoro Sampaio, SP com o "Livro do Professor", um material de educação ambiental focado na conservação do mico-leão-preto. 4. O Parque do Mico-Leão-Dourado recebeu, entre julho de 2025 e julho de 2026, 1.228 alunos de ensino infantil, fundamental e médio dos municípios de Silva Jardim, Casimiro de Abreu, Rio Bonito, Macaé e Rio das Ostras. Educadores formados no curso de formação em educação ambiental "Redescobrindo a Mata Atlântica 2025" têm o potencial de atingir 1.570 alunos. 90 alunos de ensino fundamental formados no curso de monitores ambientais mirins Guardiões da Floresta. Cerca de 200 crianças e jovens que frequentam os pontos de cultura "Geladeiras Culturais" de Silva Jardim, realizam atividades de leitura e escrita sobre temas ambientais. 5. No aniversário do Mico-leão-baiano (26 de março), as Secretarias Municipais de Meio Ambiente e de Turismo de Ilhéus, em parceria com a Bicho do Mato Instituto de Pesquisa, realizou uma série de atividades de educação nas escolas e ruas do município sobre o mico-leão-baiano. Várias publicações nas redes sociais foram feitas. 6. O IPDC (Instituto Preguiça-de-coleira) realizou o atendimento a 39 escolas para trilha de observação de preguiças, com o acompanhamento de 1482 crianças, além de palestras em escolas de nivel médio e fundamental. 7. O LEAC/UESC, no âmbito do projeto "Aliança dos Saberes" realiza atividades de educação ambiental em Una e Ilhéus, bem como recebe escolas em uma “Sala Verde” do CPPBIO/UESC onde temáticas ambientais e das espécies ameaçadas são abordadas. 8. Programa Jovens Mineiros Sustentáveis - Realização de capacitação nas escolas envolvidas no programa abordando fauna silvestre de forma geral. 9. O Programa Macacos Urbanos (PMU) realizou palestras para cerca 1000 alunos de escolas de ensino fundamental do município de Dois Irmãos no RS na semana de Meio Ambiente, em junho de 2026. Também participou de feiras e eventos de divulgação científica nos municípios de Porto Alegre e Dois Irmãos no RS. 10. Está em andamento, desde maio de 2026, o projeto “De mãos dadas para conservação: O bugio-ruivo (Alouatta guariba) como espécie-bandeira nas atividades educativas e de envolvimento comunitário” desenvolvido pelo PMU com alunos de ensino fundamental em uma escola municipal no Bairro Lami, Porto Alegre, RS. 11. O projeto BioBrasil, sob coordenação da Kristel De Vleeschouwer, têm ações de educação ambiental de forma contínua no município de Una para crianças de 8-12 anos (BioMirim) e Biojovens (12+) e atende escolas e comunidades através de uma trilha interpretativa oferecendo uma imersão sensorial na Mata Atlântica. Conduz oficinas agroecológicas para produtores rurais, e montou um viveiro de mudas de cacau e mudas nativas gerenciado pelos produtores e os jovens. Organiza Tardes Culturais para comunicar sobre as suas atividades. Fortalece o grupo Mulheres Empreendedoras de Colônia de Una, ligando uma renda econômica ao educação ambiental e fortalecimento econômico-sustentável. | V62: Atividades realizadas por diferentes projetos | X62: Aline Naissa Dada (FURB), Elenise Sipinski (SPVS), Gabriela Rezende (IPÊ), Laila Mureb (AMLD); Leonardo Oliveira (BMIP), Márcia Jardim (SEMA-RS e Macacos Urbanos), Gastón Giné (UESC), Janaína Aguiar (IEF-MG)
B63: 9.2 | C63: Integrar as iniciativas de educação para conservação desenvolvidas pelos projetos relacionados com as espécies-alvo | D63: Workshop Rede Mesa-redonda em eventos maiores Guideline Materiais integrados/compartilhados | E63: Integração entre as atividades de educação dos vários projetos de conservação das espécies -alvo | F63: 45839 | G63: 47665 | H63: Alessandro Antunes da Silva (PREA) | J63: Márcia Jardim (SEMA-RS/Programa Macacos Urbanos); Leonardo Oliveira (BMIP); Camila Cassano (UESC); Luciana Verissimo (ARUÁ); Ana Claudia Fandi (BMIP); Robson Hack (NeoPrim); Rodrigo Carvalho (PREA); Mariane Kaizer (INMA) | L63: Área de abrangência do PAN | M63: Promover encontro presencial para vivenciar as atividades propostas pelos grupos. | N63: Capacitação e EA | P63: x | T63: Excluída | U63: Não avançou. | W63: Não houve articulação para integrar as ações de educação. | X63: ICMBio/CPB | Y63: O articulador não está mais atuando no PAN e nenhum dos colaboradores se disponibilizou a articular a ação. Por isso e por não ter havido enhum andamento no primeiro ano, a ação foi excluída.
B64: 9.3 | C64: Integrar as ações de educação para conservação nas atividades desenvolvidas nas unidades de conservação dentro das áreas de ocorrência das espécies-alvo | D64: Relatório das ações implementadas | E64: Integração entre as atividades de educação realizadas pelas UCs nas áreas das espécies-alvo | F64: 45839 | G64: 47665 | H64: Rodrigo Carvalho (PREA) | J64: Mariane Kaizer (INMA) | L64: Área de abrangência do PAN | N64: Capacitação e EA | R64: x | U64: 1. O estudo de percepção realizado nas comunidades (descrito na ação 8.5) foi a base para o planejamento e as ações de educação ambiental que vem sendo realizadas com o MLCP nas comunidades de Superagui Os resultados evidenciaram diferenças regionais em relação ao conhecimento sobre a espécie e os avistamentos por parte dos moradores. As ações em andamento: oficina de teatro, atividades educativas nas escolas, reuniões com moradores para compartilhar os resultados da pesquisa/monitoramento. As ações são realizadas por moradores locais. 2. Os temas de ameaças e medidas de conservação da biodiversidade são tratados nas visitas pedagógicas realizadas na REBIO União, em Rio das Ostras, pela consultoria ambiental Environlink, em parceria com o NGI ICMBio Mico-Leão-Dourado. 3. Desenvolvimento e instalação de banners sobre ecologia e biologia do mico-leão-preto na trilha do mico-leão-preto no Parque Estadual do Morro do Diabo, extremo oeste de São Paulo. Ao todo, quatro placas foram instaladas na trilha: 1) habitat e status de conservação; 2) ocos naturais; 3) ocos artificiais e 4) dieta. As placas tornam a trilha do mico-leão-preto um roteiro autoguiado. No entanto, a condução de grupos com monitores acontece semanalmente por meio de agendamentos pelo sistema da fundação florestal. O IPÊ promoveu em 2024 uma formação com os monitores da Fundação Florestal, de modo que eles ficaram aptos a conduzir a trilha e disseminar informações sobre o mico-leão-preto. | X64: Elenise Sipinski (SPVS), Laila Mureb (AMLD), Gabriela Rezende (IPÊ) | Y64: A ação está sendo implementada para apenas 3 espécies e em apenas 3 UCs | AG64: Incluir Elenise Sipinski (SPVS); Laila Mureb (AMLD); Gabriela Rezende (IPÊ)
B65: 9.4 | C65: Apoiar a elaboração de materiais direcionados para o público geral sobre as espécies-alvo | D65: Guias de bolso Cartilhas, aplicativos | E65: Material disponível para ações de educação | F65: 45839 | G65: 47665 | H65: Cauê Monticelli (SEMIL-SP) | J65: Gabriela Rezende (IPÊ); Edson Montilha (FF-SP); Ana Carolina Manzano (IPÊ); Fabiano Melo (UFV); Gastón Giné (UESC); Leonardo Oliveira (BMIP-UESC); Rodrigo Carvalho (PREA); Mariane Kaizer (INMA e EcoDiversa); Nandia Xavier (AMLD); Giannina Clerici (SEMIL - SP) | L65: Área de abrangência do PAN | M65: Guias para UCs, para comunidades específicas Adequar a linguagem ao público alvo *Pocket guides são em inglês e trazem somente ilustrações | N65: Comunicação e Divulgação | R65: x | U65: 1. Para o MLCP foi elaborado um folheto para apresentar a equipe e explicar sobre o processo de captura (antes da primeira captura em outubro/2025), além de banners sobre a espécie. Estamos elaborando uma cartilha educativa, em parceria com os professores da Vila de Superagui e Ararapira; 2. Durante o período composto pela primeira monitoria foi defendida a dissertação de mestrado da Maria Clara Ariki Machado, junto do PPGCFau/UFSCar. A dissertação “Que macaco é esse? Aplicativo para identificação dos primatas do estado de São Paulo” culminou na publicação de um aplicativo de mesmo nome que foi financiado pela Re:Wild. O app está disponível nas plataformas Android e IOS desde dezembro de 2025. Também ocorreu a publicação de um guia de identificação de bolso chamado “Primatas do Estado de São Paulo”. Publicado pela Fundação Florestal/Semil, desenvolvido com parceiros e também financiado pela Re:Wild. 3. Desenvolvimento de um "play-poster" temático sobre manejo populacional de micos-leões-pretos para distribuição na comunidade local, informando através de HQ e atividades de passatempo a respeito das translocações realizadas. 4. O Projeto BioBrasil através de uma de suas ações de educação criou um HQ com o mico-leão baiano como personagem principal. O município de Ilhéus, pretende adotar o HQ como uma ação para os próximos anos. 5. Apoio a elaboração do IAT Goods, com a inclusão do muruqui-do-sul, e apoio a elaboração da cartilha: Turma dos Guardiões da Floresta, com a inclusão do personagem GIO, representando Alouatta guariba. | V65: 1. Guia de identificação de bolso: Primatas do Estado de São Paulo, 2025. Link < https://smastr16.blob.core.windows.net/fundacaoflorestal/2025/08/POCKET-2025-ESTADUAIS-E-FEDERAIS-3.pdf); 2. Aplicativo para smartphones Android e IOS: Que macaco é esse? Aplicativo para identificação dos primatas do estado de São Paulo, publicado em dezembro de 2025 (IOS: https://apps.apple.com/us/app/que-macaco-%C3%A9-esse/id6755313686 Android: https://play.google.com/store/apps/details?id=com.primatasspp.app&hl=pt_PT 3. HQ do Mico-leão Baiano 4. HQ do Mico-leão-preto 5. Cartilha Turma dos Guardiões da Floresta | X65: Elenise Sipinski (SPVS), Cauê Monticelli, Gabriela Rezende (IPÊ), Leonardo Oliveira (BMIP), Letícia Koproski (IAT)
B66: 9.5 | C66: Estimular os municípios a criarem leis que reconheçam as espécies-alvo como patrimônio da biodiversidade promovendo a sua conservação | D66: Leis decretadas | E66: Mais recursos e iniciativas voltados para a conservação das espécies nestes municípios | F66: 45839 | G66: 47665 | H66: Rodrigo Carvalho (PREA) | J66: Leonardo Oliveira (BMIP-UESC); Mariane Kaizer (INMA e EcoDiversa); Letícia Koproski (IAT) | L66: Área de abrangência do PAN | N66: Normativas | R66: x | U66: 1. Em 2025, por meio de articulação do IPÊ, a prefeitura municipal de Teodoro Sampaio instituiu, por meio de lei municipal, a espécie mico-leão-preto como espécie símbolo da cidade. Atualmente, está tramitando na câmara dos vereadores um projeto de lei para escolha de espécie de ave símbolo do município. O mico-leao-preto já é reconhecido espécie simbolo e patrimonio ambiental do estado de São Paulo. 2. Em 2025, na Bahia, o município de Una adotou o MLCD como seu mascote (o municipio de ilhéus, Lei Municipal n°. 4.315, adotou em 2024). Arataca será o próximo município a ser incentivado. | V66: Lei orgânica Municipal de Teodoro Sampaio (Art. 3°) | X66: Gabriela Rezende (IPÊ), Leonardo Oliveira (BMIP)
B67: 9.6 | C67: Fomentar o uso dos materiais produzidos no PAN sobre as espécies-alvo, nas ações de comunicação e educação para conservação e na formação continuada de professores | D67: Lista de materiais disponibilizados para cada tipo de ação; Relatórios com a relação das estratégias que assimilaram os materiais | E67: Materiais sendo utilizados em ações de comunicação, educação e formação | F67: 45839 | G67: 47665 | H67: Rodrigo Carvalho (PREA) | J67: Leonardo Oliveira (BMIP-UESC); Laila Mureb (AMLD) | L67: Área de abrangência do PAN | M67: Através da inclusão do material no conteúdo curricular; Pode ser em formato EAD | N67: Comunicação e Divulgação | R67: x | U67: 1. Em 2025, não utilizamos materiais produzidos no PAN no curso de formação em educação ambiental "Redescobrindo a Mata Atlântica", mas divulgamos o documento em duas das oito oficinas do curso, como ferramenta de conservação de espécies. 2. Nos últimos 12 meses, 8 professores foram treinados para aplicar o "Manual de Apoio Pedagógico" para educadores com foco no mico-leão-preto. Mais de mil estudantes já participaram de atividades presentes nos três eixos do Manual de Apoio. Mais dois eixos estão em produção, abordando os temas Saúde e Manejo de Populações. A previsão de aplicação é no início de 2027 e 2028. 3. Não foi feito para o MLCD. | X67: Laila Mureb (AMLD), Gabriela Rezende (IPÊ), Leonardo Oliveira (BMIP)
B68: 9.7 | C68: Divulgar as ações do PAN nas redes sociais dos colaboradores e outras mídias | D68: Relatório das ações divulgadas | E68: PAN, espécies e ações amplamente divulgados | F68: 45839 | G68: 47665 | H68: Fabiano Melo (UFV) | J68: Rodrigo Carvalho (PREA); Carla Possamai (MIB); Luciana Verissimo (ARUÁ); Laila Mureb (AMLD); Elenise Sipinski (SPVS) | L68: Área de abrangência do PAN | M68: Divulgar as ações do PAN na plataforma web e redes sociais do Centro de Informações de Saúde Silvestre - CISS | N68: Comunicação e Divulgação | R68: X | U68: 1. MIB, PREA, CCSS, INMA, Eco-Diversa, entre outros parceiros, têm feito muitas divulgações associadas ao PAN 2. Nas redes sociais da SPVS, quando o tema é primatas, a divulgação é feita associando ao PAN. Nos materias educativos ou de divulgação da SPVS citamos o PAN. | X68: Fabiano Melo (UFV), Elenise Sipinski (SPVS) | Y68: É preciso listar as postagens para cada mídia social e relacionar com as ações do PAN.
A72: PLANEJAMENTO DE NOVAS AÇÕES
A74: NOVAS AÇÕES:
A76: OBJETIVO ESPECÍFICO | B76: Nº | C76: Ação | D76: Produto | E76: Resultados esperados | F76: Período | H76: Articulador | I76: Custo estimado (R$) | J76: Colaboradores | K76: Localização | M76: Observações | N76: Linha Temática
F77: Início | G77: Fim | K77: Localidades | L77: Área de relevância
A78: INSERIR O NOME DO OBJETIVO ESPECÍFICO | C78: Inserir nova ação
A88: OBJETIVO ESPECÍFICO | B88: Nº | C88: Ação | D88: Produto | E88: Resultados esperados | F88: Período | H88: Articulador | I88: Custo estimado (R$) | J88: Colaboradores | K88: Localização | M88: Observações | N88: Linha Temática
F89: Início | G89: Fim | K89: Localidades | L89: Área de relevância
A90: INSERIR O NOME DO OBJETIVO ESPECÍFICO | C90: Inserir nova ação
A100: OBJETIVO ESPECÍFICO | B100: Nº | C100: Ação | D100: Produto | E100: Resultados esperados | F100: Período | H100: Articulador | I100: Custo estimado (R$) | J100: Colaboradores | K100: Localização | M100: Observações | N100: Linha Temática
F101: Início | G101: Fim | K101: Localidades | L101: Área de relevância
C102: Inserir nova ação
A112: OBJETIVO | B112: Nº | C112: Ação | D112: Produto | E112: Resultados esperados | F112: Período | H112: Articulador | I112: Custo estimado (R$) | J112: Colaboradores | K112: Localização | M112: Observações | N112: Linha Temática
F113: Início | G113: Fim | K113: Localidades | L113: Área de relevância

Sheet Painel de Gestão - 1
B1: PLANO DE AÇÃO NACIONAL DE CONSERVAÇÃO DE ESPÉCIES AMEAÇADAS DE EXTINÇÃO - PAN
B3: ='Monitoria Anual - 1'!A2 -> Plano de Ação Nacional para a Conservação dos Primatas da Mata Atlântica e das Preguiças-de-coleira - PAN Primatas da Mata Atlântica e das Preguiças-de-coleira
B5: Objetivo Geral do PAN | D5: ='Monitoria Anual - 1'!B4 -> Intensificar a proteção e restauração de hábitats, reduzir o declínio de populações e envolver a sociedade na conservação de primatas e preguiças ameaçados da Mata Atlântica
B7: Data da monitoria | D7: ='Monitoria Anual - 1'!B6 -> Data da Monitoria 1 (11/08/2026) - Virtual
B9: PAINEL DE GESTÃO DO PAN
B11: RESUMO DA SITUAÇÃO DAS AÇÕES DO PAN
C13: SITUAÇÃO ATUAL DAS AÇÕES - 1ª MONITORIA
C14: SITUAÇÃO DAS AÇÕES | D14: MONITORIA | E14: % | F14: PÓS MONITORIA | G14: %
C15: Excluída ou Agrupada - Pós-monitoria | F15: =COUNTA('Monitoria Anual - 1'!T11:T908) -> 2 | G15: =F15/$F$22 -> 0.035714286
C16: Início planejado é posterior ao período monitorado | D16: =COUNTA('Monitoria Anual - 1'!O11:O908) -> 1 | E16: =D16/$D$22 -> 0.017241379 | F16: =D16-AB16 -> 1 | G16: =F16/$F$22 -> 0.017857143 | Z16: =COUNTIFS('Monitoria Anual - 1'!O:O,"x",'Monitoria Anual - 1'!T:T,"Excluída") -> 0 | AA16: =COUNTIFS('Monitoria Anual - 1'!O:O,"x",'Monitoria Anual - 1'!T:T,"Agrupada") -> 0 | AB16: =Z16+AA16 -> 0
C17: Não iniciada ou não concluída | D17: =COUNTA('Monitoria Anual - 1'!P11:P908) -> 9 | E17: =D17/$D$22 -> 0.15517241 | F17: =D17-AB17 -> 7 | G17: =F17/$F$22 -> 0.125 | Z17: {=COUNTIFS('Monitoria Anual - 1'!P:P,"x",'Monitoria Anual - 1'!T:T,"Excluída")} -> 2 | AA17: {=COUNTIFS('Monitoria Anual - 1'!P:P,"x",'Monitoria Anual - 1'!T:T,"Agrupada")} -> 0 | AB17: =Z17+AA17 -> 2
C18: Em andamento com problemas de realização | D18: =COUNTA('Monitoria Anual - 1'!Q11:Q908) -> 6 | E18: =D18/$D$22 -> 0.10344828 | F18: =D18-AB18 -> 6 | G18: =F18/$F$22 -> 0.10714286 | Z18: {=COUNTIFS('Monitoria Anual - 1'!Q:Q,"x",'Monitoria Anual - 1'!T:T,"Excluída")} -> 0 | AA18: {=COUNTIFS('Monitoria Anual - 1'!Q:Q,"x",'Monitoria Anual - 1'!T:T,"Agrupada")} -> 0 | AB18: =Z18+AA18 -> 0
C19: Em andamento no período previsto | D19: =COUNTA('Monitoria Anual - 1'!R11:R908) -> 41 | E19: =D19/$D$22 -> 0.70689655 | F19: =D19-AB19 -> 41 | G19: =F19/$F$22 -> 0.73214286 | Z19: {=COUNTIFS('Monitoria Anual - 1'!R:R,"x",'Monitoria Anual - 1'!T:T,"Excluída")} -> 0 | AA19: {=COUNTIFS('Monitoria Anual - 1'!R:R,"x",'Monitoria Anual - 1'!T:T,"Agrupada")} -> 0 | AB19: =Z19+AA19 -> 0
C20: Concluída | D20: =COUNTA('Monitoria Anual - 1'!S11:S908) -> 1 | E20: =D20/$D$22 -> 0.017241379 | F20: =D20-AB20 -> 1 | G20: =F20/$F$22 -> 0.017857143 | Z20: {=COUNTIFS('Monitoria Anual - 1'!S:S,"x",'Monitoria Anual - 1'!T:T,"Excluída")} -> 0 | AA20: {=COUNTIFS('Monitoria Anual - 1'!S:S,"x",'Monitoria Anual - 1'!T:T,"Agrupada")} -> 0 | AB20: =Z20+AA20 -> 0
C21: Ações Novas - Pós-monitoria | F21: ='Monitoria Anual - 1'!C74 -> 0 | G21: =F21/$F$22 -> 0
C22: TOTAL DE AÇÕES DO PAN | D22: =SUM(D16:D20) -> 58 | E22: =SUM(E15:E21) -> 1 | F22: =SUM(F16:F21) -> 56 | G22: =SUM(G16:G21) -> 1
C23: Ações Agrupadas na Monitoria | D23: =COUNTIF('Monitoria Anual - 1'!T11:T908,"Agrupada") -> 0
C24: Ações Excluídas na Monitoria | D24: =COUNTIF('Monitoria Anual - 1'!T11:T69,"Excluída") -> 2
B27: PAINEL DE OBJETIVOS ESPECÍFICOS DO PAN
C29: Número de Objetivos Específicos | D29: =COUNTA('Monitoria Anual - 1'!A11:A68) -> 9
C31: Objetivos Específicos | D31: Ações
C32: OBJETIVO 1 | D32: =SUM(F32:J32) -> 10 | E32: =COUNTA('Monitoria Anual - 1'!T11:T20) -> 0 | F32: =COUNTA('Monitoria Anual - 1'!O11:O20) -> 0 | G32: =COUNTA('Monitoria Anual - 1'!P11:P20) -> 0 | H32: =COUNTA('Monitoria Anual - 1'!Q11:Q20) -> 1 | I32: =COUNTA('Monitoria Anual - 1'!R11:R20) -> 9 | J32: =COUNTA('Monitoria Anual - 1'!S11:S20) -> 0
C33: OBJETIVO 2 | D33: =SUM(F33:J33) -> 6 | E33: =COUNTA('Monitoria Anual - 1'!T21:T26) -> 0 | F33: =COUNTA('Monitoria Anual - 1'!O21:O26) -> 0 | G33: =COUNTA('Monitoria Anual - 1'!P21:P26) -> 0 | H33: =COUNTA('Monitoria Anual - 1'!Q21:Q26) -> 2 | I33: =COUNTA('Monitoria Anual - 1'!R21:R26) -> 4 | J33: =COUNTA('Monitoria Anual - 1'!S21:S26) -> 0
C34: OBJETIVO 3 | D34: =SUM(F34:J34) -> 7 | E34: =COUNTA('Monitoria Anual - 1'!T27:T33) -> 0 | F34: =COUNTA('Monitoria Anual - 1'!O27:O33) -> 0 | G34: =COUNTA('Monitoria Anual - 1'!P27:P33) -> 2 | H34: =COUNTA('Monitoria Anual - 1'!Q27:Q33) -> 0 | I34: =COUNTA('Monitoria Anual - 1'!R27:R33) -> 4 | J34: =COUNTA('Monitoria Anual - 1'!S27:S33) -> 1
C35: OBJETIVO 4 | D35: =SUM(F35:J35) -> 4 | E35: =COUNTA('Monitoria Anual - 1'!T34:T37) -> 0 | F35: =COUNTA('Monitoria Anual - 1'!O34:O37) -> 0 | G35: =COUNTA('Monitoria Anual - 1'!P34:P37) -> 0 | H35: =COUNTA('Monitoria Anual - 1'!Q34:Q37) -> 1 | I35: =COUNTA('Monitoria Anual - 1'!R34:R37) -> 3 | J35: =COUNTA('Monitoria Anual - 1'!S34:S37) -> 0
C36: OBJETIVO 5 | D36: =SUM(F36:J36) -> 5 | E36: =COUNTA('Monitoria Anual - 1'!T38:T42) -> 0 | F36: =COUNTA('Monitoria Anual - 1'!O38:O42) -> 0 | G36: =COUNTA('Monitoria Anual - 1'!P38:P42) -> 1 | H36: =COUNTA('Monitoria Anual - 1'!Q38:Q42) -> 1 | I36: =COUNTA('Monitoria Anual - 1'!R38:R42) -> 3 | J36: =COUNTA('Monitoria Anual - 1'!S38:S42) -> 0
C37: OBJETIVO 6 | D37: =SUM(F37:J37) -> 6 | E37: =COUNTA('Monitoria Anual - 1'!T43:T48) -> 0 | F37: =COUNTA('Monitoria Anual - 1'!O43:O48) -> 0 | G37: =COUNTA('Monitoria Anual - 1'!P43:P48) -> 2 | H37: =COUNTA('Monitoria Anual - 1'!Q43:Q48) -> 1 | I37: =COUNTA('Monitoria Anual - 1'!R43:R48) -> 3 | J37: =COUNTA('Monitoria Anual - 1'!S43:S48) -> 0
C38: OBJETIVO 7 | D38: =SUM(F38:J38) -> 7 | E38: =COUNTA('Monitoria Anual - 1'!T49:T55) -> 0 | F38: =COUNTA('Monitoria Anual - 1'!O49:O55) -> 0 | G38: =COUNTA('Monitoria Anual - 1'!P49:P55) -> 1 | H38: =COUNTA('Monitoria Anual - 1'!Q49:Q55) -> 0 | I38: =COUNTA('Monitoria Anual - 1'!R49:R55) -> 6 | J38: =COUNTA('Monitoria Anual - 1'!S49:S55) -> 0
C39: OBJETIVO 8 | D39: =SUM(F39:J39) -> 6 | E39: =COUNTA('Monitoria Anual - 1'!T56:T61) -> 1 | F39: =COUNTA('Monitoria Anual - 1'!O56:O61) -> 1 | G39: =COUNTA('Monitoria Anual - 1'!P56:P61) -> 2 | H39: =COUNTA('Monitoria Anual - 1'!Q56:Q61) -> 0 | I39: =COUNTA('Monitoria Anual - 1'!R56:R61) -> 3 | J39: =COUNTA('Monitoria Anual - 1'!S56:S61) -> 0
C40: OBJETIVO 9 | D40: =SUM(F40:J40) -> 7 | E40: =COUNTA('Monitoria Anual - 1'!T62:T68) -> 1 | F40: =COUNTA('Monitoria Anual - 1'!O62:O68) -> 0 | G40: =COUNTA('Monitoria Anual - 1'!P62:P68) -> 1 | H40: =COUNTA('Monitoria Anual - 1'!Q62:Q68) -> 0 | I40: =COUNTA('Monitoria Anual - 1'!R62:R68) -> 6 | J40: =COUNTA('Monitoria Anual - 1'!S62:S68) -> 0

Sheet Monitoria Anual - 2
A1: PLANO DE AÇÃO NACIONAL DE CONSERVAÇÃO DE ESPÉCIES AMEAÇADAS DE EXTINÇÃO - PAN
A2: ='Monitoria Anual - 1'!A2 -> Plano de Ação Nacional para a Conservação dos Primatas da Mata Atlântica e das Preguiças-de-coleira - PAN Primatas da Mata Atlântica e das Preguiças-de-coleira
A4: Objetivo geral do PAN | B4: ='Monitoria Anual - 1'!B4 -> Intensificar a proteção e restauração de hábitats, reduzir o declínio de populações e envolver a sociedade na conservação de primatas e preguiças ameaçados da Mata Atlântica
A6: Data da monitoria | B6: Data da Monitoria 2 | AQ6: Agrupada
AQ7: Excluída
A8: PLANEJAMENTO DO PAN | O8: SITUAÇÃO ATUAL | Z8: REPROGRAMAÇÃO DO PAN
A9: OBJETIVOS ESPECÍFICOS | B9: Nº | C9: Ação | D9: Produto | E9: Resultados esperados | F9: Período | H9: Articulador | I9: Custo estimado (R$) | J9: Colaboradores | K9: Localização | M9: Observações | N9: Linha Temática | O9: Ação cujo início planejado é posterior ao período monitorado | P9: Ação não iniciada ou não concluída no prazo previsto | Q9: Ação em andamento com problemas de realização | R9: Ação em andamento no período previsto | S9: Ação concluída | T9: Ação excluída ou agrupada | U9: Descrição do andamento da ação | V9: Produto obtido | W9: Problemas enfrentados que justificam a não execução, a execução parcial da ação, a exclusão ou o agrupamento | X9: Responsável pela informação sobre o andamento da ação | Y9: Recomendações ou Observações | Z9: Revisão do texto da ação | AA9: Revisão do produto da ação | AB9: Revisão do resultado esperado | AC9: Revisão da data de início | AD9: Revisão da data de término | AE9: Revisão do articulador da ação | AF9: Revisão do custo estimado | AG9: Revisão dos colaboradores | AH9: Revisão das localidades | AI9: Revisão Área de Relevância | AJ9: Revisão das observações | AK9: Revisão da Linha Temática
F10: Início | G10: Fim | K10: Localidades | L10: Área de Relevância
A11: Texto objetivo 1 | B11: 1.1 | Q11: x | T11: Excluída
B12: 1.2 | Q12: x | T12: Excluída
B13: 1.3 | R13: x
B14: 1.4 | R14: x
B15: 1.5 | R15: x
B16: 1.6 | P16: x
B17: 1.7 | P17: x | T17: Agrupada
B18: 1.8 | R18: X
B19: 1.9 | Q19: x
B20: 1.10 | P20: x | T20: Agrupada
B21: 1.11 | R21: x
B22: 1.12 | P22: x
B23: 1.13 | R23: x
B24: 1.14 | P24: x
B25: 1.15 | P25: x | T25: Excluída
A26: Texto objetivo 2 | B26: 2.1 | P26: x
B27: 2.2 | R27: x
B28: 2.3 | P28: x | T28: Excluída
B29: 2.4 | Q29: x
B30: 2.5 | R30: x
B31: 2.6 | P31: x
B32: 2.7 | R32: x
B33: 2.8 | Q33: x | T33: Agrupada
B34: 2.9 | R34: x
B35: 2.10 | S35: x
B36: 2.11 | R36: x
B37: 2.12 | S37: x
B38: 2.13 | R38: x
B39: 2.14 | S39: x
B40: 2.15 | R40: x
A41: Texto objetivo 3 | B41: 3.1 | C41: ação 3 | R41: x
B42: 3.2 | C42: ação 3 | S42: x
B43: 3.3 | C43: ação 3 | S43: x
B44: 3.4 | R44: x
B45: 3.5 | S45: x
B46: 3.6 | R46: x
B47: 3.7 | S47: x
B48: 3.8 | R48: x
B49: 3.9 | C49: ação 3 | S49: x
B50: 3.10 | R50: x
B51: 3.11 | R51: x
B52: 3.12 | S52: x
B53: 3.13 | R53: x
B54: 3.14 | R54: x
B55: 3.15 | Q55: x
A56: Texto objetivo 4 | B56: 4.1 | C56: ação 4 | S56: x
B57: 4.2 | C57: ação 4 | S57: x
B58: 4.3 | R58: x
B59: 4.4 | S59: x
B60: 4.5 | R60: x
B61: 4.6 | S61: x
B62: 4.7 | R62: x
B63: 4.8 | C63: ação 4 | Q63: X | T63: Agrupada
B64: 4.9 | C64: ação 4 | R64: X
B65: 4.10 | P65: x
B66: 4.11 | O66: x
B67: 4.12 | P67: x
B68: 4.13 | Q68: x
B69: 4.14 | R69: x
B70: 4.15 | R70: x
A71: Texto objetivo 5 | B71: 5.1 | C71: ação 5 | O71: x
B72: 5.2 | C72: ação 5 | O72: x
B73: 5.3 | C73: ação 5 | O73: x
B74: 5.4 | Q74: x
B75: 5.5 | Q75: x
B76: 5.6 | Q76: x
B77: 5.7 | Q77: x
B78: 5.8 | Q78: x
B79: 5.9 | Q79: x
B80: 5.10 | Q80: x
B81: 5.11 | Q81: x
B82: 5.12 | Q82: x
B83: 5.13 | Q83: x
B84: 5.14 | Q84: x
B85: 5.15 | Q85: x
A86: Texto objetivo 6 | B86: 6.1 | C86: ação 6 | P86: x
B87: 6.2 | C87: ação 6 | P87: x
B88: 6.3 | C88: ação 6 | P88: x
B89: 6.4 | P89: x
B90: 6.5 | P90: x
B91: 6.6 | P91: x
B92: 6.7 | P92: x
B93: 6.8 | P93: x
B94: 6.9 | P94: x
B95: 6.10 | P95: x
B96: 6.11 | P96: x
B97: 6.12 | P97: x
B98: 6.13 | P98: x
B99: 6.14 | P99: x
B100: 6.15 | P100: x
A101: Texto objetivo 7 | B101: 7.1 | C101: ação 7 | P101: x
B102: 7.2 | C102: ação 7 | P102: x
...

Sheet Monitoria Anual - 3
A1: PLANO DE AÇÃO NACIONAL DE CONSERVAÇÃO DE ESPÉCIES AMEAÇADAS DE EXTINÇÃO - PAN
A2: ='Monitoria Anual - 1'!A2 -> Plano de Ação Nacional para a Conservação dos Primatas da Mata Atlântica e das Preguiças-de-coleira - PAN Primatas da Mata Atlântica e das Preguiças-de-coleira
A4: Objetivo geral do PAN | B4: ='Monitoria Anual - 1'!B4 -> Intensificar a proteção e restauração de hábitats, reduzir o declínio de populações e envolver a sociedade na conservação de primatas e preguiças ameaçados da Mata Atlântica
A6: Data da monitoria | B6: Data da Monitoria 3 | AQ6: Agrupada
AQ7: Excluída
A8: PLANEJAMENTO DO PAN | O8: SITUAÇÃO ATUAL | Z8: REPROGRAMAÇÃO DO PAN
A9: OBJETIVOS ESPECÍFICOS | B9: Nº | C9: Ação | D9: Produto | E9: Resultados esperados | F9: Período | H9: Articulador | I9: Custo estimado (R$) | J9: Colaboradores | K9: Localização | M9: Observações | N9: Linha Temática | O9: Ação cujo início planejado é posterior ao período monitorado | P9: Ação não iniciada ou não concluída no prazo previsto | Q9: Ação em andamento com problemas de realização | R9: Ação em andamento no período previsto | S9: Ação concluída | T9: Ação excluída ou agrupada | U9: Descrição do andamento da ação | V9: Produto obtido | W9: Problemas enfrentados que justificam a não execução, a execução parcial da ação, a exclusão ou o agrupamento | X9: Responsável pela informação sobre o andamento da ação | Y9: Recomendações ou Observações | Z9: Revisão do texto da ação | AA9: Revisão do produto da ação | AB9: Revisão do resultado esperado | AC9: Revisão da data de início | AD9: Revisão da data de término | AE9: Revisão do articulador da ação | AF9: Revisão do custo estimado | AG9: Revisão dos colaboradores | AH9: Revisão das localidades | AI9: Revisão Área de Relevância | AJ9: Revisão das observações | AK9: Revisão da Linha Temática
F10: Início | G10: Fim | K10: Localidades | L10: Área de Relevância
A11: Texto objetivo 1 | B11: 1.1 | Q11: x | T11: Excluída
B12: 1.2 | Q12: x | T12: Excluída
B13: 1.3 | S13: x
B14: 1.4 | S14: x
B15: 1.5 | S15: x
B16: 1.6 | P16: x
B17: 1.7 | P17: x | T17: Agrupada
B18: 1.8 | S18: x
B19: 1.9 | Q19: x
B20: 1.10 | P20: x | T20: Agrupada
B21: 1.11 | S21: x
B22: 1.12 | P22: x
B23: 1.13 | S23: x
B24: 1.14 | P24: x
B25: 1.15 | P25: x | T25: Excluída
A26: Texto objetivo 2 | B26: 2.1 | P26: x
B27: 2.2 | S27: x
B28: 2.3 | P28: x | T28: Excluída
B29: 2.4 | Q29: x
B30: 2.5 | S30: x
B31: 2.6 | S31: x
B32: 2.7 | S32: x
B33: 2.8 | Q33: x | T33: Agrupada
B34: 2.9 | S34: x
B35: 2.10 | S35: x
B36: 2.11 | S36: x
B37: 2.12 | S37: x
B38: 2.13 | S38: x
B39: 2.14 | S39: x
B40: 2.15 | S40: x
A41: Texto objetivo 3 | B41: 3.1 | C41: ação 3 | S41: x
B42: 3.2 | C42: ação 3 | S42: x
B43: 3.3 | C43: ação 3 | S43: x
B44: 3.4 | R44: x
B45: 3.5 | S45: x
B46: 3.6 | R46: x
B47: 3.7 | S47: x
B48: 3.8 | R48: x
B49: 3.9 | C49: ação 3 | S49: x
B50: 3.10 | R50: x
B51: 3.11 | R51: x
B52: 3.12 | S52: x
B53: 3.13 | R53: x
B54: 3.14 | R54: x
B55: 3.15 | Q55: x
A56: Texto objetivo 4 | B56: 4.1 | C56: ação 4 | S56: x
B57: 4.2 | C57: ação 4 | S57: x
B58: 4.3 | R58: x
B59: 4.4 | S59: x
B60: 4.5 | R60: x
B61: 4.6 | S61: x
B62: 4.7 | R62: x
B63: 4.8 | C63: ação 4 | Q63: X | T63: Agrupada
B64: 4.9 | C64: ação 4 | R64: X
B65: 4.10 | R65: x
B66: 4.11 | Q66: x
B67: 4.12 | R67: x
B68: 4.13 | Q68: x
B69: 4.14 | R69: x
B70: 4.15 | R70: x
A71: Texto objetivo 5 | B71: 5.1 | C71: ação 5 | Q71: x
B72: 5.2 | C72: ação 5 | Q72: x
B73: 5.3 | C73: ação 5 | Q73: x
B74: 5.4 | Q74: x
B75: 5.5 | Q75: x
B76: 5.6 | Q76: x
B77: 5.7 | Q77: x
B78: 5.8 | Q78: x
B79: 5.9 | Q79: x
B80: 5.10 | Q80: x
B81: 5.11 | Q81: x
B82: 5.12 | Q82: x
B83: 5.13 | Q83: x
B84: 5.14 | Q84: x
B85: 5.15 | Q85: x
A86: Texto objetivo 6 | B86: 6.1 | C86: ação 6 | R86: x
B87: 6.2 | C87: ação 6 | R87: x
B88: 6.3 | C88: ação 6 | R88: x
B89: 6.4 | R89: x
B90: 6.5 | R90: x
B91: 6.6 | R91: x
B92: 6.7 | R92: x
B93: 6.8 | R93: x
B94: 6.9 | R94: x
B95: 6.10 | R95: x
B96: 6.11 | P96: x
B97: 6.12 | P97: x
B98: 6.13 | P98: x
B99: 6.14 | P99: x
B100: 6.15 | P100: x
A101: Texto objetivo 7 | B101: 7.1 | C101: ação 7 | P101: x
B102: 7.2 | C102: ação 7 | P102: x
...

Sheet Painel de Gestão - 2
B1: PLANO DE AÇÃO NACIONAL DE CONSERVAÇÃO DE ESPÉCIES AMEAÇADAS DE EXTINÇÃO - PAN
B3: ='Monitoria Anual - 2'!A2 -> Plano de Ação Nacional para a Conservação dos Primatas da Mata Atlântica e das Preguiças-de-coleira - PAN Primatas da Mata Atlântica e das Preguiças-de-coleira
B5: Objetivo Geral do PAN | D5: ='Monitoria Anual - 2'!B4 -> Intensificar a proteção e restauração de hábitats, reduzir o declínio de populações e envolver a sociedade na conservação de primatas e preguiças ameaçados da Mata Atlântica
B7: Data da monitoria | D7: ='Monitoria Anual - 2'!B6 -> Data da Monitoria 2
B9: PAINEL DE GESTÃO DO PAN
B11: RESUMO DA SITUAÇÃO DAS AÇÕES DO PAN
C13: SITUAÇÃO ATUAL DAS AÇÕES - 2ª MONITORIA
C14: SITUAÇÃO DAS AÇÕES | D14: MONITORIA | E14: % | F14: PÓS MONITORIA | G14: %
C15: Excluída ou Agrupada - Pós-monitoria | F15: =COUNTA('Monitoria Anual - 2'!T11:T1000) -> 10 | G15: =F15/$F$22 -> 0.069444444
C16: Início planejado é posterior ao período monitorado | D16: =COUNTA('Monitoria Anual - 2'!O11:O1000) -> 9 | E16: =D16/$D$22 -> 0.059602649 | F16: =D16-AB16 -> 9 | G16: =F16/$F$22 -> 0.0625 | Z16: =COUNTIFS('Monitoria Anual - 2'!O:O,"x",'Monitoria Anual - 2'!T:T,"Excluída") -> 0 | AA16: =COUNTIFS('Monitoria Anual - 2'!O:O,"x",'Monitoria Anual - 2'!T:T,"Agrupada") -> 0 | AB16: =Z16+AA16 -> 0
C17: Não iniciada ou não concluída no prazo previsto | D17: =COUNTA('Monitoria Anual - 2'!P11:P1000) -> 45 | E17: =D17/$D$22 -> 0.29801325 | F17: =D17-AB17 -> 41 | G17: =F17/$F$22 -> 0.28472222 | Z17: {=COUNTIFS('Monitoria Anual - 2'!P:P,"x",'Monitoria Anual - 2'!T:T,"Excluída")} -> 2 | AA17: {=COUNTIFS('Monitoria Anual - 2'!P:P,"x",'Monitoria Anual - 2'!T:T,"Agrupada")} -> 2 | AB17: =Z17+AA17 -> 4
C18: Em andamento com problemas de realização | D18: =COUNTA('Monitoria Anual - 2'!Q11:Q1000) -> 29 | E18: =D18/$D$22 -> 0.19205298 | F18: =D18-AB18 -> 25 | G18: =F18/$F$22 -> 0.17361111 | Z18: {=COUNTIFS('Monitoria Anual - 2'!Q:Q,"x",'Monitoria Anual - 2'!T:T,"Excluída")} -> 2 | AA18: {=COUNTIFS('Monitoria Anual - 2'!Q:Q,"x",'Monitoria Anual - 2'!T:T,"Agrupada")} -> 2 | AB18: =Z18+AA18 -> 4
C19: Em andamento no período previsto | D19: =COUNTA('Monitoria Anual - 2'!R11:R1000) -> 51 | E19: =D19/$D$22 -> 0.33774834 | F19: =D19-AB19 -> 50 | G19: =F19/$F$22 -> 0.34722222 | Z19: {=COUNTIFS('Monitoria Anual - 2'!R:R,"x",'Monitoria Anual - 2'!T:T,"Excluída")} -> 0 | AA19: {=COUNTIFS('Monitoria Anual - 2'!R:R,"x",'Monitoria Anual - 2'!T:T,"Agrupada")} -> 1 | AB19: =Z19+AA19 -> 1
C20: Concluída | D20: =COUNTA('Monitoria Anual - 2'!S11:S1000) -> 17 | E20: =D20/$D$22 -> 0.11258278 | F20: =D20-AB20 -> 16 | G20: =F20/$F$22 -> 0.11111111 | Z20: {=COUNTIFS('Monitoria Anual - 2'!S:S,"x",'Monitoria Anual - 2'!T:T,"Excluída")} -> 1 | AA20: {=COUNTIFS('Monitoria Anual - 2'!S:S,"x",'Monitoria Anual - 2'!T:T,"Agrupada")} -> 0 | AB20: =Z20+AA20 -> 1
C21: Ações Novas - Pós-monitoria | F21: ='Monitoria Anual - 2'!C166 -> 3 | G21: =F21/$F$22 -> 0.020833333
C22: TOTAL DE AÇÕES DO PAN | D22: =SUM(D16:D20) -> 151 | E22: =SUM(E15:E21) -> 1 | F22: =SUM(F16:F21) -> 144 | G22: =SUM(G16:G21) -> 1
C23: Ações Agrupadas na Monitoria | D23: =COUNTIF('Monitoria Anual - 2'!T11:T1000,"Agrupada") -> 5
C24: Ações Excluídas na Monitoria | D24: =COUNTIF('Monitoria Anual - 2'!T11:T161,"Excluída") -> 5
B27: PAINEL DE OBJETIVOS ESPECÍFICOS DO PAN
C29: Número de Objetivos Específicos | D29: =COUNTA('Monitoria Anual - 2'!A11:A160) -> 10
C31: Objetivos Específicos | D31: Ações
C32: OBJETIVO 1 | D32: =SUM(F32:J32) -> 15 | E32: =COUNTA('Monitoria Anual - 2'!T11:T25) -> 5 | F32: =COUNTA('Monitoria Anual - 2'!O11:O25) -> 0 | G32: =COUNTA('Monitoria Anual - 2'!P11:P25) -> 6 | H32: =COUNTA('Monitoria Anual - 2'!Q11:Q25) -> 3 | I32: =COUNTA('Monitoria Anual - 2'!R11:R25) -> 6 | J32: =COUNTA('Monitoria Anual - 2'!S11:S25) -> 0
C33: OBJETIVO 2 | D33: =SUM(F33:J33) -> 15 | E33: =COUNTA('Monitoria Anual - 2'!T26:T40) -> 2 | F33: =COUNTA('Monitoria Anual - 2'!O26:O40) -> 0 | G33: =COUNTA('Monitoria Anual - 2'!P26:P40) -> 3 | H33: =COUNTA('Monitoria Anual - 2'!Q26:Q40) -> 2 | I33: =COUNTA('Monitoria Anual - 2'!R26:R40) -> 7 | J33: =COUNTA('Monitoria Anual - 2'!S26:S40) -> 3
C34: OBJETIVO 3 | D34: =SUM(F34:J34) -> 15 | E34: =COUNTA('Monitoria Anual - 2'!T41:T55) -> 0 | F34: =COUNTA('Monitoria Anual - 2'!O41:O55) -> 0 | G34: =COUNTA('Monitoria Anual - 2'!P41:P55) -> 0 | H34: =COUNTA('Monitoria Anual - 2'!Q41:Q55) -> 1 | I34: =COUNTA('Monitoria Anual - 2'!R41:R55) -> 8 | J34: =COUNTA('Monitoria Anual - 2'!S41:S55) -> 6
C35: OBJETIVO 4 | D35: =SUM(F35:J35) -> 15 | E35: =COUNTA('Monitoria Anual - 2'!T56:T70) -> 1 | F35: =COUNTA('Monitoria Anual - 2'!O56:O70) -> 1 | G35: =COUNTA('Monitoria Anual - 2'!P56:P70) -> 2 | H35: =COUNTA('Monitoria Anual - 2'!Q56:Q70) -> 2 | I35: =COUNTA('Monitoria Anual - 2'!R56:R70) -> 6 | J35: =COUNTA('Monitoria Anual - 2'!S56:S70) -> 4
C36: OBJETIVO 5 | D36: =SUM(F36:J36) -> 15 | E36: =COUNTA('Monitoria Anual - 2'!T71:T85) -> 0 | F36: =COUNTA('Monitoria Anual - 2'!O71:O85) -> 3 | G36: =COUNTA('Monitoria Anual - 2'!P71:P85) -> 0 | H36: =COUNTA('Monitoria Anual - 2'!Q71:Q85) -> 12 | I36: =COUNTA('Monitoria Anual - 2'!R71:R85) -> 0 | J36: =COUNTA('Monitoria Anual - 2'!S71:S85) -> 0
C37: OBJETIVO 6 | D37: =SUM(F37:J37) -> 15 | E37: =COUNTA('Monitoria Anual - 2'!T86:T100) -> 0 | F37: =COUNTA('Monitoria Anual - 2'!O86:O100) -> 0 | G37: =COUNTA('Monitoria Anual - 2'!P86:P100) -> 15 | H37: =COUNTA('Monitoria Anual - 2'!Q86:Q100) -> 0 | I37: =COUNTA('Monitoria Anual - 2'!R86:R100) -> 0 | J37: =COUNTA('Monitoria Anual - 2'!S86:S100) -> 0
C38: OBJETIVO 7 | D38: =SUM(F38:J38) -> 16 | E38: =COUNTA('Monitoria Anual - 2'!T101:T115) -> 0 | F38: =COUNTA('Monitoria Anual - 2'!O101:O115) -> 0 | G38: =COUNTA('Monitoria Anual - 2'!P101:P115) -> 15 | H38: =COUNTA('Monitoria Anual - 2'!Q101:Q115) -> 0 | I38: =COUNTA('Monitoria Anual - 2'!R101:R115) -> 1 | J38: =COUNTA('Monitoria Anual - 2'!S101:S115) -> 0
C39: OBJETIVO 8 | D39: =SUM(F39:J39) -> 15 | E39: =COUNTA('Monitoria Anual - 2'!T116:T130) -> 0 | F39: =COUNTA('Monitoria Anual - 2'!O116:O130) -> 3 | G39: =COUNTA('Monitoria Anual - 2'!P116:P130) -> 0 | H39: =COUNTA('Monitoria Anual - 2'!Q116:Q130) -> 5 | I39: =COUNTA('Monitoria Anual - 2'!R116:R130) -> 7 | J39: =COUNTA('Monitoria Anual - 2'!S116:S130) -> 0
C40: OBJETIVO 9 | D40: =SUM(F40:J40) -> 15 | E40: =COUNTA('Monitoria Anual - 2'!T131:T145) -> 0 | F40: =COUNTA('Monitoria Anual - 2'!O131:O145) -> 2 | G40: =COUNTA('Monitoria Anual - 2'!P131:P145) -> 4 | H40: =COUNTA('Monitoria Anual - 2'!Q131:Q145) -> 4 | I40: =COUNTA('Monitoria Anual - 2'!R131:R145) -> 4 | J40: =COUNTA('Monitoria Anual - 2'!S131:S145) -> 1
C41: OBJETIVO 10 | D41: =SUM(F41:J41) -> 15 | E41: =COUNTA('Monitoria Anual - 2'!T146:T160) -> 2 | F41: =COUNTA('Monitoria Anual - 2'!O146:O160) -> 0 | G41: =COUNTA('Monitoria Anual - 2'!P146:P160) -> 0 | H41: =COUNTA('Monitoria Anual - 2'!Q146:Q160) -> 0 | I41: =COUNTA('Monitoria Anual - 2'!R146:R160) -> 12 | J41: =COUNTA('Monitoria Anual - 2'!S146:S160) -> 3

Sheet Painel de Gestão - 3
B1: PLANO DE AÇÃO NACIONAL DE CONSERVAÇÃO DE ESPÉCIES AMEAÇADAS DE EXTINÇÃO - PAN
B3: ='Monitoria Anual - 1'!A2 -> Plano de Ação Nacional para a Conservação dos Primatas da Mata Atlântica e das Preguiças-de-coleira - PAN Primatas da Mata Atlântica e das Preguiças-de-coleira
B5: Objetivo Geral do PAN | D5: ='Monitoria Anual - 1'!B4 -> Intensificar a proteção e restauração de hábitats, reduzir o declínio de populações e envolver a sociedade na conservação de primatas e preguiças ameaçados da Mata Atlântica
B7: Data da monitoria | D7: ='Monitoria Anual - 3'!B6 -> Data da Monitoria 3
B9: PAINEL DE GESTÃO DO PAN
B11: RESUMO DA SITUAÇÃO DAS AÇÕES DO PAN
C13: SITUAÇÃO ATUAL DAS AÇÕES - 3ª MONITORIA
C14: SITUAÇÃO DAS AÇÕES | D14: MONITORIA | E14: % | F14: PÓS MONITORIA | G14: %
C15: Excluída ou Agrupada - Pós-monitoria | F15: =COUNTA('Monitoria Anual - 3'!T11:T1000) -> 10 | G15: =F15/$F$22 -> 0.069444444
C16: Início planejado é posterior ao período monitorado | D16: =COUNTA('Monitoria Anual - 3'!O11:O1000) -> 0 | E16: =D16/$D$22 -> 0 | F16: =D16-AB16 -> 0 | G16: =F16/$F$22 -> 0 | Z16: =COUNTIFS('Monitoria Anual - 3'!O:O,"x",'Monitoria Anual - 3'!T:T,"Excluída") -> 0 | AA16: =COUNTIFS('Monitoria Anual - 3'!O:O,"x",'Monitoria Anual - 3'!T:T,"Agrupada") -> 0 | AB16: =Z16+AA16 -> 0
C17: Não iniciada ou não concluída no prazo previsto | D17: =COUNTA('Monitoria Anual - 3'!P11:P1000) -> 32 | E17: =D17/$D$22 -> 0.21192053 | F17: =D17-AB17 -> 28 | G17: =F17/$F$22 -> 0.19444444 | Z17: {=COUNTIFS('Monitoria Anual - 3'!P:P,"x",'Monitoria Anual - 3'!T:T,"Excluída")} -> 2 | AA17: {=COUNTIFS('Monitoria Anual - 3'!P:P,"x",'Monitoria Anual - 3'!T:T,"Agrupada")} -> 2 | AB17: =Z17+AA17 -> 4
C18: Em andamento com problemas de realização | D18: =COUNTA('Monitoria Anual - 3'!Q11:Q1000) -> 38 | E18: =D18/$D$22 -> 0.25165563 | F18: =D18-AB18 -> 34 | G18: =F18/$F$22 -> 0.23611111 | Z18: {=COUNTIFS('Monitoria Anual - 3'!Q:Q,"x",'Monitoria Anual - 3'!T:T,"Excluída")} -> 2 | AA18: {=COUNTIFS('Monitoria Anual - 3'!Q:Q,"x",'Monitoria Anual - 3'!T:T,"Agrupada")} -> 2 | AB18: =Z18+AA18 -> 4
C19: Em andamento no período previsto | D19: =COUNTA('Monitoria Anual - 3'!R11:R1000) -> 49 | E19: =D19/$D$22 -> 0.32450331 | F19: =D19-AB19 -> 48 | G19: =F19/$F$22 -> 0.33333333 | Z19: {=COUNTIFS('Monitoria Anual - 3'!R:R,"x",'Monitoria Anual - 3'!T:T,"Excluída")} -> 0 | AA19: {=COUNTIFS('Monitoria Anual - 3'!R:R,"x",'Monitoria Anual - 3'!T:T,"Agrupada")} -> 1 | AB19: =Z19+AA19 -> 1
C20: Concluída | D20: =COUNTA('Monitoria Anual - 3'!S11:S1000) -> 32 | E20: =D20/$D$22 -> 0.21192053 | F20: =D20-AB20 -> 31 | G20: =F20/$F$22 -> 0.21527778 | Z20: {=COUNTIFS('Monitoria Anual - 3'!S:S,"x",'Monitoria Anual - 3'!T:T,"Excluída")} -> 1 | AA20: {=COUNTIFS('Monitoria Anual - 3'!S:S,"x",'Monitoria Anual - 3'!T:T,"Agrupada")} -> 0 | AB20: =Z20+AA20 -> 1
C21: Ações Novas - Pós-monitoria | F21: ='Monitoria Anual - 3'!C166 -> 3 | G21: =F21/$F$22 -> 0.020833333
C22: TOTAL DE AÇÕES DO PAN | D22: =SUM(D16:D20) -> 151 | E22: =SUM(E15:E21) -> 1 | F22: =SUM(F16:F21) -> 144 | G22: =SUM(G16:G21) -> 1
C23: Ações Agrupadas na Monitoria | D23: =COUNTIF('Monitoria Anual - 3'!T11:T1000,"Agrupada") -> 5
C24: Ações Excluídas na Monitoria | D24: =COUNTIF('Monitoria Anual - 3'!T11:T161,"Excluída") -> 5
B27: PAINEL DE OBJETIVOS ESPECÍFICOS DO PAN
C29: Número de Objetivos Específicos | D29: =COUNTA('Monitoria Anual - 1'!A11:A68) -> 9
C31: Objetivos Específicos | D31: Ações
C32: OBJETIVO 1 | D32: =SUM(F32:J32) -> 15 | E32: =COUNTA('Monitoria Anual - 3'!T11:T25) -> 5 | F32: =COUNTA('Monitoria Anual - 3'!O11:O25) -> 0 | G32: =COUNTA('Monitoria Anual - 3'!P11:P25) -> 6 | H32: =COUNTA('Monitoria Anual - 3'!Q11:Q25) -> 3 | I32: =COUNTA('Monitoria Anual - 3'!R11:R25) -> 0 | J32: =COUNTA('Monitoria Anual - 3'!S11:S25) -> 6
C33: OBJETIVO 2 | D33: =SUM(F33:J33) -> 15 | E33: =COUNTA('Monitoria Anual - 3'!T26:T40) -> 2 | F33: =COUNTA('Monitoria Anual - 3'!O26:O40) -> 0 | G33: =COUNTA('Monitoria Anual - 3'!P26:P40) -> 2 | H33: =COUNTA('Monitoria Anual - 3'!Q26:Q40) -> 2 | I33: =COUNTA('Monitoria Anual - 3'!R26:R40) -> 0 | J33: =COUNTA('Monitoria Anual - 3'!S26:S40) -> 11
C34: OBJETIVO 3 | D34: =SUM(F34:J34) -> 15 | E34: =COUNTA('Monitoria Anual - 3'!T41:T55) -> 0 | F34: =COUNTA('Monitoria Anual - 3'!O41:O55) -> 0 | G34: =COUNTA('Monitoria Anual - 3'!P41:P55) -> 0 | H34: =COUNTA('Monitoria Anual - 3'!Q41:Q55) -> 1 | I34: =COUNTA('Monitoria Anual - 3'!R41:R55) -> 7 | J34: =COUNTA('Monitoria Anual - 3'!S41:S55) -> 7
C35: OBJETIVO 4 | D35: =SUM(F35:J35) -> 15 | E35: =COUNTA('Monitoria Anual - 3'!T56:T70) -> 1 | F35: =COUNTA('Monitoria Anual - 3'!O56:O70) -> 0 | G35: =COUNTA('Monitoria Anual - 3'!P56:P70) -> 0 | H35: =COUNTA('Monitoria Anual - 3'!Q56:Q70) -> 3 | I35: =COUNTA('Monitoria Anual - 3'!R56:R70) -> 8 | J35: =COUNTA('Monitoria Anual - 3'!S56:S70) -> 4
C36: OBJETIVO 5 | D36: =SUM(F36:J36) -> 15 | E36: =COUNTA('Monitoria Anual - 3'!T71:T85) -> 0 | F36: =COUNTA('Monitoria Anual - 3'!O71:O85) -> 0 | G36: =COUNTA('Monitoria Anual - 3'!P71:P85) -> 0 | H36: =COUNTA('Monitoria Anual - 3'!Q71:Q85) -> 15 | I36: =COUNTA('Monitoria Anual - 3'!R71:R85) -> 0 | J36: =COUNTA('Monitoria Anual - 3'!S71:S85) -> 0
C37: OBJETIVO 6 | D37: =SUM(F37:J37) -> 15 | E37: =COUNTA('Monitoria Anual - 3'!T86:T100) -> 0 | F37: =COUNTA('Monitoria Anual - 3'!O86:O100) -> 0 | G37: =COUNTA('Monitoria Anual - 3'!P86:P100) -> 5 | H37: =COUNTA('Monitoria Anual - 3'!Q86:Q100) -> 0 | I37: =COUNTA('Monitoria Anual - 3'!R86:R100) -> 10 | J37: =COUNTA('Monitoria Anual - 3'!S86:S100) -> 0
C38: OBJETIVO 7 | D38: =SUM(F38:J38) -> 16 | E38: =COUNTA('Monitoria Anual - 3'!T101:T115) -> 0 | F38: =COUNTA('Monitoria Anual - 3'!O101:O115) -> 0 | G38: =COUNTA('Monitoria Anual - 3'!P101:P115) -> 15 | H38: =COUNTA('Monitoria Anual - 3'!Q101:Q115) -> 0 | I38: =COUNTA('Monitoria Anual - 3'!R101:R115) -> 1 | J38: =COUNTA('Monitoria Anual - 3'!S101:S115) -> 0
C39: OBJETIVO 8 | D39: =SUM(F39:J39) -> 15 | E39: =COUNTA('Monitoria Anual - 3'!T116:T130) -> 0 | F39: =COUNTA('Monitoria Anual - 3'!O116:O130) -> 0 | G39: =COUNTA('Monitoria Anual - 3'!P116:P130) -> 0 | H39: =COUNTA('Monitoria Anual - 3'!Q116:Q130) -> 8 | I39: =COUNTA('Monitoria Anual - 3'!R116:R130) -> 7 | J39: =COUNTA('Monitoria Anual - 3'!S116:S130) -> 0
C40: OBJETIVO 9 | D40: =SUM(F40:J40) -> 15 | E40: =COUNTA('Monitoria Anual - 3'!T131:T145) -> 0 | F40: =COUNTA('Monitoria Anual - 3'!O131:O145) -> 0 | G40: =COUNTA('Monitoria Anual - 3'!P131:P145) -> 4 | H40: =COUNTA('Monitoria Anual - 3'!Q131:Q145) -> 6 | I40: =COUNTA('Monitoria Anual - 3'!R131:R145) -> 4 | J40: =COUNTA('Monitoria Anual - 3'!S131:S145) -> 1
C41: OBJETIVO 10 | D41: =SUM(F41:J41) -> 15 | E41: =COUNTA('Monitoria Anual - 3'!T146:T160) -> 2 | F41: =COUNTA('Monitoria Anual - 3'!O146:O160) -> 0 | G41: =COUNTA('Monitoria Anual - 3'!P146:P160) -> 0 | H41: =COUNTA('Monitoria Anual - 3'!Q146:Q160) -> 0 | I41: =COUNTA('Monitoria Anual - 3'!R146:R160) -> 12 | J41: =COUNTA('Monitoria Anual - 3'!S146:S160) -> 3

Sheet Monitoria Anual - 4
A1: PLANO DE AÇÃO NACIONAL DE CONSERVAÇÃO DE ESPÉCIES AMEAÇADAS DE EXTINÇÃO - PAN
A2: ='Monitoria Anual - 1'!A2 -> Plano de Ação Nacional para a Conservação dos Primatas da Mata Atlântica e das Preguiças-de-coleira - PAN Primatas da Mata Atlântica e das Preguiças-de-coleira
A4: Objetivo geral do PAN | B4: ='Monitoria Anual - 1'!B4 -> Intensificar a proteção e restauração de hábitats, reduzir o declínio de populações e envolver a sociedade na conservação de primatas e preguiças ameaçados da Mata Atlântica
A6: Data da monitoria | B6: Data da Monitoria 4 | AQ6: Agrupada
AQ7: Excluída
A8: PLANEJAMENTO DO PAN | O8: SITUAÇÃO ATUAL | Z8: REPROGRAMAÇÃO DO PAN
A9: OBJETIVOS ESPECÍFICOS | B9: Nº | C9: Ação | D9: Produto | E9: Resultados esperados | F9: Período | H9: Articulador | I9: Custo estimado (R$) | J9: Colaboradores | K9: Localização | M9: Observações | N9: Linha Temática | O9: Ação cujo início planejado é posterior ao período monitorado | P9: Ação não iniciada ou não concluída no prazo previsto | Q9: Ação em andamento com problemas de realização | R9: Ação em andamento no período previsto | S9: Ação concluída | T9: Ação excluída ou agrupada | U9: Descrição do andamento da ação | V9: Produto obtido | W9: Problemas enfrentados que justificam a não execução, a execução parcial da ação, a exclusão ou o agrupamento | X9: Responsável pela informação sobre o andamento da ação | Y9: Recomendações ou Observações | Z9: Revisão do texto da ação | AA9: Revisão do produto da ação | AB9: Revisão do resultado esperado | AC9: Revisão da data de início | AD9: Revisão da data de término | AE9: Revisão do articulador da ação | AF9: Revisão do custo estimado | AG9: Revisão dos colaboradores | AH9: Revisão das localidades | AI9: Revisão Área de Relevância | AJ9: Revisão das observações | AK9: Revisão da Linha Temática
F10: Início | G10: Fim | K10: Localidades | L10: Área de Relevância
A11: Texto objetivo 1 | B11: 1.1 | Q11: x | T11: Excluída
B12: 1.2 | Q12: x | T12: Excluída
B13: 1.3 | S13: x
B14: 1.4 | S14: x
B15: 1.5 | S15: x
B16: 1.6 | P16: x
B17: 1.7 | P17: x | T17: Agrupada
B18: 1.8 | S18: x
B19: 1.9 | Q19: x
B20: 1.10 | P20: x | T20: Agrupada
B21: 1.11 | S21: x
B22: 1.12 | P22: x
B23: 1.13 | S23: x
B24: 1.14 | P24: x
B25: 1.15 | P25: x | T25: Excluída
A26: Texto objetivo 2 | B26: 2.1 | P26: x
B27: 2.2 | S27: x
B28: 2.3 | P28: x | T28: Excluída
B29: 2.4 | Q29: x
B30: 2.5 | S30: x
B31: 2.6 | S31: x
B32: 2.7 | S32: x
B33: 2.8 | Q33: x | T33: Agrupada
B34: 2.9 | S34: x
B35: 2.10 | S35: x
B36: 2.11 | S36: x
B37: 2.12 | S37: x
B38: 2.13 | S38: x
B39: 2.14 | S39: x
B40: 2.15 | S40: x
A41: Texto objetivo 3 | B41: 3.1 | C41: ação 3 | S41: x
B42: 3.2 | C42: ação 3 | S42: x
B43: 3.3 | C43: ação 3 | S43: x
B44: 3.4 | R44: x
B45: 3.5 | S45: x
B46: 3.6 | R46: x
B47: 3.7 | S47: x
B48: 3.8 | R48: x
B49: 3.9 | C49: ação 3 | S49: x
B50: 3.10 | R50: x
B51: 3.11 | R51: x
B52: 3.12 | S52: x
B53: 3.13 | R53: x
B54: 3.14 | R54: x
B55: 3.15 | Q55: x
A56: Texto objetivo 4 | B56: 4.1 | C56: ação 4 | S56: x
B57: 4.2 | C57: ação 4 | S57: x
B58: 4.3 | R58: x
B59: 4.4 | S59: x
B60: 4.5 | R60: x
B61: 4.6 | S61: x
B62: 4.7 | R62: x
B63: 4.8 | C63: ação 4 | Q63: X | T63: Agrupada
B64: 4.9 | C64: ação 4 | R64: X
B65: 4.10 | R65: x
B66: 4.11 | R66: x
B67: 4.12 | R67: x
B68: 4.13 | R68: x
B69: 4.14 | R69: x
B70: 4.15 | R70: x
A71: Texto objetivo 5 | B71: 5.1 | C71: ação 5 | R71: x
B72: 5.2 | C72: ação 5 | R72: x
B73: 5.3 | C73: ação 5 | R73: x
B74: 5.4 | R74: x
B75: 5.5 | R75: x
B76: 5.6 | R76: x
B77: 5.7 | R77: x
B78: 5.8 | R78: x
B79: 5.9 | R79: x
B80: 5.10 | R80: x
B81: 5.11 | R81: x
B82: 5.12 | R82: x
B83: 5.13 | R83: x
B84: 5.14 | R84: x
B85: 5.15 | R85: x
A86: Texto objetivo 6 | B86: 6.1 | C86: ação 6 | R86: x
B87: 6.2 | C87: ação 6 | R87: x
B88: 6.3 | C88: ação 6 | R88: x
B89: 6.4 | R89: x
B90: 6.5 | R90: x
B91: 6.6 | R91: x
B92: 6.7 | R92: x
B93: 6.8 | R93: x
B94: 6.9 | R94: x
B95: 6.10 | R95: x
B96: 6.11 | R96: x
B97: 6.12 | R97: x
B98: 6.13 | R98: x
B99: 6.14 | R99: x
B100: 6.15 | R100: x
A101: Texto objetivo 7 | B101: 7.1 | C101: ação 7 | R101: x
B102: 7.2 | C102: ação 7 | R102: x
...

Sheet Painel de Gestão - 4
B1: PLANO DE AÇÃO NACIONAL DE CONSERVAÇÃO DE ESPÉCIES AMEAÇADAS DE EXTINÇÃO - PAN
B3: ='Monitoria Anual - 1'!A2 -> Plano de Ação Nacional para a Conservação dos Primatas da Mata Atlântica e das Preguiças-de-coleira - PAN Primatas da Mata Atlântica e das Preguiças-de-coleira
B5: Objetivo Geral do PAN | D5: ='Monitoria Anual - 1'!B4 -> Intensificar a proteção e restauração de hábitats, reduzir o declínio de populações e envolver a sociedade na conservação de primatas e preguiças ameaçados da Mata Atlântica
B7: Data da monitoria | D7: ='Monitoria Anual - 4'!B6 -> Data da Monitoria 4
B9: PAINEL DE GESTÃO DO PAN
B11: RESUMO DA SITUAÇÃO DAS AÇÕES DO PAN
C13: SITUAÇÃO ATUAL DAS AÇÕES - 4ª MONITORIA
C14: SITUAÇÃO DAS AÇÕES | D14: MONITORIA | E14: % | F14: PÓS MONITORIA | G14: %
C15: Excluída ou Agrupada - Pós-monitoria | F15: =COUNTA('Monitoria Anual - 4'!T11:T1000) -> 11 | G15: =F15/$F$22 -> 0.079136691
C16: Início planejado é posterior ao período monitorado | D16: =COUNTA('Monitoria Anual - 4'!O11:O1000) -> 0 | E16: =D16/$D$22 -> 0 | F16: =D16-AB16 -> 0 | G16: =F16/$F$22 -> 0 | Z16: =COUNTIFS('Monitoria Anual - 4'!O:O,"x",'Monitoria Anual - 4'!T:T,"Excluída") -> 0 | AA16: =COUNTIFS('Monitoria Anual - 4'!O:O,"x",'Monitoria Anual - 4'!T:T,"Agrupada") -> 0 | AB16: =Z16+AA16 -> 0
C17: Não iniciada ou não concluída no prazo previsto | D17: =COUNTA('Monitoria Anual - 4'!P11:P1000) -> 17 | E17: =D17/$D$22 -> 0.11333333 | F17: =D17-AB17 -> 12 | G17: =F17/$F$22 -> 0.086330935 | Z17: {=COUNTIFS('Monitoria Anual - 4'!P:P,"x",'Monitoria Anual - 4'!T:T,"Excluída")} -> 3 | AA17: {=COUNTIFS('Monitoria Anual - 4'!P:P,"x",'Monitoria Anual - 4'!T:T,"Agrupada")} -> 2 | AB17: =Z17+AA17 -> 5
C18: Em andamento com problemas de realização | D18: =COUNTA('Monitoria Anual - 4'!Q11:Q1000) -> 16 | E18: =D18/$D$22 -> 0.10666667 | F18: =D18-AB18 -> 12 | G18: =F18/$F$22 -> 0.086330935 | Z18: {=COUNTIFS('Monitoria Anual - 4'!Q:Q,"x",'Monitoria Anual - 4'!T:T,"Excluída")} -> 2 | AA18: {=COUNTIFS('Monitoria Anual - 4'!Q:Q,"x",'Monitoria Anual - 4'!T:T,"Agrupada")} -> 2 | AB18: =Z18+AA18 -> 4
C19: Em andamento no período previsto | D19: =COUNTA('Monitoria Anual - 4'!R11:R1000) -> 85 | E19: =D19/$D$22 -> 0.56666667 | F19: =D19-AB19 -> 84 | G19: =F19/$F$22 -> 0.60431655 | Z19: {=COUNTIFS('Monitoria Anual - 4'!R:R,"x",'Monitoria Anual - 4'!T:T,"Excluída")} -> 0 | AA19: {=COUNTIFS('Monitoria Anual - 4'!R:R,"x",'Monitoria Anual - 4'!T:T,"Agrupada")} -> 1 | AB19: =Z19+AA19 -> 1
C20: Concluída | D20: =COUNTA('Monitoria Anual - 4'!S11:S1000) -> 32 | E20: =D20/$D$22 -> 0.21333333 | F20: =D20-AB20 -> 31 | G20: =F20/$F$22 -> 0.22302158 | Z20: {=COUNTIFS('Monitoria Anual - 4'!S:S,"x",'Monitoria Anual - 4'!T:T,"Excluída")} -> 1 | AA20: {=COUNTIFS('Monitoria Anual - 4'!S:S,"x",'Monitoria Anual - 4'!T:T,"Agrupada")} -> 0 | AB20: =Z20+AA20 -> 1
C21: Ações Novas - Pós-monitoria | F21: ='Monitoria Anual - 4'!C166 -> 0 | G21: =F21/$F$22 -> 0
C22: TOTAL DE AÇÕES DO PAN | D22: =SUM(D16:D20) -> 150 | E22: =SUM(E15:E21) -> 1 | F22: =SUM(F16:F21) -> 139 | G22: =SUM(G16:G21) -> 1
C23: Ações Agrupadas na Monitoria | D23: =COUNTIF('Monitoria Anual - 4'!T11:T1000,"Agrupada") -> 5
C24: Ações Excluídas na Monitoria | D24: =COUNTIF('Monitoria Anual - 4'!T11:T161,"Excluída") -> 6
B27: PAINEL DE OBJETIVOS ESPECÍFICOS DO PAN
C29: Número de Objetivos Específicos | D29: =COUNTA('Monitoria Anual - 4'!A11:A160) -> 10
C31: Objetivos Específicos | D31: Ações
C32: OBJETIVO 1 | D32: =SUM(F32:J32) -> 15 | E32: =COUNTA('Monitoria Anual - 4'!T11:T25) -> 5 | F32: =COUNTA('Monitoria Anual - 4'!O11:O25) -> 0 | G32: =COUNTA('Monitoria Anual - 4'!P11:P25) -> 6 | H32: =COUNTA('Monitoria Anual - 4'!Q11:Q25) -> 3 | I32: =COUNTA('Monitoria Anual - 4'!R11:R25) -> 0 | J32: =COUNTA('Monitoria Anual - 4'!S11:S25) -> 6
C33: OBJETIVO 2 | D33: =SUM(F33:J33) -> 15 | E33: =COUNTA('Monitoria Anual - 4'!T26:T40) -> 2 | F33: =COUNTA('Monitoria Anual - 4'!O26:O40) -> 0 | G33: =COUNTA('Monitoria Anual - 4'!P26:P40) -> 2 | H33: =COUNTA('Monitoria Anual - 4'!Q26:Q40) -> 2 | I33: =COUNTA('Monitoria Anual - 4'!R26:R40) -> 0 | J33: =COUNTA('Monitoria Anual - 4'!S26:S40) -> 11
C34: OBJETIVO 3 | D34: =SUM(F34:J34) -> 15 | E34: =COUNTA('Monitoria Anual - 4'!T41:T55) -> 0 | F34: =COUNTA('Monitoria Anual - 4'!O41:O55) -> 0 | G34: =COUNTA('Monitoria Anual - 4'!P41:P55) -> 0 | H34: =COUNTA('Monitoria Anual - 4'!Q41:Q55) -> 1 | I34: =COUNTA('Monitoria Anual - 4'!R41:R55) -> 7 | J34: =COUNTA('Monitoria Anual - 4'!S41:S55) -> 7
C35: OBJETIVO 4 | D35: =SUM(F35:J35) -> 15 | E35: =COUNTA('Monitoria Anual - 4'!T56:T70) -> 1 | F35: =COUNTA('Monitoria Anual - 4'!O56:O70) -> 0 | G35: =COUNTA('Monitoria Anual - 4'!P56:P70) -> 0 | H35: =COUNTA('Monitoria Anual - 4'!Q56:Q70) -> 1 | I35: =COUNTA('Monitoria Anual - 4'!R56:R70) -> 10 | J35: =COUNTA('Monitoria Anual - 4'!S56:S70) -> 4
C36: OBJETIVO 5 | D36: =SUM(F36:J36) -> 15 | E36: =COUNTA('Monitoria Anual - 4'!T71:T85) -> 0 | F36: =COUNTA('Monitoria Anual - 4'!O71:O85) -> 0 | G36: =COUNTA('Monitoria Anual - 4'!P71:P85) -> 0 | H36: =COUNTA('Monitoria Anual - 4'!Q71:Q85) -> 0 | I36: =COUNTA('Monitoria Anual - 4'!R71:R85) -> 15 | J36: =COUNTA('Monitoria Anual - 4'!S71:S85) -> 0
C37: OBJETIVO 6 | D37: =SUM(F37:J37) -> 15 | E37: =COUNTA('Monitoria Anual - 4'!T86:T100) -> 0 | F37: =COUNTA('Monitoria Anual - 4'!O86:O100) -> 0 | G37: =COUNTA('Monitoria Anual - 4'!P86:P100) -> 0 | H37: =COUNTA('Monitoria Anual - 4'!Q86:Q100) -> 0 | I37: =COUNTA('Monitoria Anual - 4'!R86:R100) -> 15 | J37: =COUNTA('Monitoria Anual - 4'!S86:S100) -> 0
C38: OBJETIVO 7 | D38: =SUM(F38:J38) -> 15 | E38: =COUNTA('Monitoria Anual - 4'!T101:T115) -> 0 | F38: =COUNTA('Monitoria Anual - 4'!O101:O115) -> 0 | G38: =COUNTA('Monitoria Anual - 4'!P101:P115) -> 5 | H38: =COUNTA('Monitoria Anual - 4'!Q101:Q115) -> 0 | I38: =COUNTA('Monitoria Anual - 4'!R101:R115) -> 10 | J38: =COUNTA('Monitoria Anual - 4'!S101:S115) -> 0
C39: OBJETIVO 8 | D39: =SUM(F39:J39) -> 15 | E39: =COUNTA('Monitoria Anual - 4'!T116:T130) -> 0 | F39: =COUNTA('Monitoria Anual - 4'!O116:O130) -> 0 | G39: =COUNTA('Monitoria Anual - 4'!P116:P130) -> 0 | H39: =COUNTA('Monitoria Anual - 4'!Q116:Q130) -> 3 | I39: =COUNTA('Monitoria Anual - 4'!R116:R130) -> 12 | J39: =COUNTA('Monitoria Anual - 4'!S116:S130) -> 0
C40: OBJETIVO 9 | D40: =SUM(F40:J40) -> 15 | E40: =COUNTA('Monitoria Anual - 4'!T131:T145) -> 1 | F40: =COUNTA('Monitoria Anual - 4'!O131:O145) -> 0 | G40: =COUNTA('Monitoria Anual - 4'!P131:P145) -> 4 | H40: =COUNTA('Monitoria Anual - 4'!Q131:Q145) -> 6 | I40: =COUNTA('Monitoria Anual - 4'!R131:R145) -> 4 | J40: =COUNTA('Monitoria Anual - 4'!S131:S145) -> 1
C41: OBJETIVO 10 | D41: =SUM(F41:J41) -> 15 | E41: =COUNTA('Monitoria Anual - 4'!T146:T160) -> 2 | F41: =COUNTA('Monitoria Anual - 4'!O146:O160) -> 0 | G41: =COUNTA('Monitoria Anual - 4'!P146:P160) -> 0 | H41: =COUNTA('Monitoria Anual - 4'!Q146:Q160) -> 0 | I41: =COUNTA('Monitoria Anual - 4'!R146:R160) -> 12 | J41: =COUNTA('Monitoria Anual - 4'!S146:S160) -> 3

Sheet Monitoria Final
A1: PLANO DE AÇÃO NACIONAL DE CONSERVAÇÃO DE ESPÉCIES AMEAÇADAS DE EXTINÇÃO - PAN
A2: ='Monitoria Anual - 1'!A2 -> Plano de Ação Nacional para a Conservação dos Primatas da Mata Atlântica e das Preguiças-de-coleira - PAN Primatas da Mata Atlântica e das Preguiças-de-coleira
A4: Objetivo geral do PAN | B4: ='Monitoria Anual - 1'!B4 -> Intensificar a proteção e restauração de hábitats, reduzir o declínio de populações e envolver a sociedade na conservação de primatas e preguiças ameaçados da Mata Atlântica
A6: Data da monitoria | B6: Data da Monitoria Final | AN6: Agrupada
AN7: Excluída
A8: PLANEJAMENTO DO PAN | O8: SITUAÇÃO ATUAL | W8: REPROGRAMAÇÃO DO PAN
A9: OBJETIVOS ESPECÍFICOS | B9: Nº | C9: Ação | D9: Produto | E9: Resultados esperados | F9: Período | H9: Articulador | I9: Custo estimado (R$) | J9: Colaboradores | K9: Localização | M9: Observações | N9: Linha Temática | O9: Ação não iniciada ou não concluída | P9: Ação iniciada, mas não concluída no período previsto | Q9: Ação concluída | R9: Descrição do andamento da ação | S9: Produto obtido | T9: Problemas enfrentados que justificam a não execução, a execução parcial da ação, a exclusão ou o agrupamento | U9: Responsável pela informação sobre o andamento da ação | V9: Recomendações ou Observações | W9: Revisão do texto da ação | X9: Revisão do produto da ação | Y9: Revisão do resultado esperado | Z9: Revisão da data de início | AA9: Revisão da data de término | AB9: Revisão do articulador da ação | AC9: Revisão do custo estimado | AD9: Revisão dos colaboradores | AE9: Revisão das localidades | AF9: Revisão Área de Relevância | AG9: Revisão das observações | AH9: Revisão da Linha Temática
F10: Início | G10: Fim | K10: Localidades | L10: Área de Relevância
A11: Texto objetivo 1 | B11: 1.1 | Q11: x
B12: 1.2 | Q12: x
B13: 1.3 | Q13: x
B14: 1.4 | Q14: x
B15: 1.5 | Q15: x
B16: 1.6 | Q16: x
B17: 1.7 | Q17: x
B18: 1.8 | Q18: x
B19: 1.9 | Q19: x
B20: 1.10 | Q20: x
B21: 1.11 | Q21: x
B22: 1.12 | Q22: x
B23: 1.13 | Q23: x
... B25: 1.15 | Q25: x
A26: Texto objetivo 2 | B26: 2.1 | Q26: x
B27: 2.2 | Q27: x
B28: 2.3 | Q28: x
B29: 2.4 | Q29: x
B30: 2.5 | P30: x
B31: 2.6 | P31: x
B32: 2.7 | P32: x
B33: 2.8 | P33: x
B34: 2.9 | P34: x
B35: 2.10 | P35: x
B36: 2.11 | P36: x
B37: 2.12 | P37: x
B38: 2.13 | P38: x
B39: 2.14 | P39: x
B40: 2.15 | P40: x
A41: Texto objetivo 3 | B41: 3.1 | C41: ação 3 | P41: x
B42: 3.2 | C42: ação 3 | P42: x
B43: 3.3 | C43: ação 3 | P43: x
B44: 3.4 | P44: x
B45: 3.5 | P45: x
B46: 3.6 | P46: x
B47: 3.7 | P47: x
B48: 3.8 | P48: x
B49: 3.9 | C49: ação 3 | P49: x
B50: 3.10 | P50: x
B51: 3.11 | P51: x
B52: 3.12 | P52: x
B53: 3.13 | P53: x
B54: 3.14 | P54: x
B55: 3.15 | P55: x
A56: Texto objetivo 4 | B56: 4.1 | C56: ação 4 | P56: x
B57: 4.2 | C57: ação 4 | P57: x
B58: 4.3 | P58: x
B59: 4.4 | P59: x
B60: 4.5 | P60: x
B61: 4.6 | P61: x
B62: 4.7 | P62: x
B63: 4.8 | C63: ação 4 | P63: x
B64: 4.9 | C64: ação 4 | P64: x
B65: 4.10 | P65: x
B66: 4.11 | P66: x
B67: 4.12 | P67: x
B68: 4.13 | P68: x
B69: 4.14 | P69: x
B70: 4.15 | P70: x
A71: Texto objetivo 5 | B71: 5.1 | C71: ação 5 | Q71: x
B72: 5.2 | C72: ação 5 | Q72: x
B73: 5.3 | C73: ação 5 | Q73: x
B74: 5.4 | Q74: x
B75: 5.5 | Q75: x
B76: 5.6 | Q76: x
B77: 5.7 | Q77: x
B78: 5.8 | Q78: x
B79: 5.9 | Q79: x
B80: 5.10 | Q80: x
B81: 5.11 | Q81: x
B82: 5.12 | Q82: x
B83: 5.13 | Q83: x
B84: 5.14 | Q84: x
B85: 5.15 | Q85: x
A86: Texto objetivo 6 | B86: 6.1 | C86: ação 6 | Q86: x
B87: 6.2 | C87: ação 6 | Q87: x
B88: 6.3 | C88: ação 6 | Q88: x
B89: 6.4 | Q89: x
B90: 6.5 | Q90: x
B91: 6.6 | Q91: x
B92: 6.7 | Q92: x
B93: 6.8 | Q93: x
B94: 6.9 | Q94: x
B95: 6.10 | Q95: x
B96: 6.11 | Q96: x
B97: 6.12 | Q97: x
B98: 6.13 | Q98: x
B99: 6.14 | Q99: x
B100: 6.15 | Q100: x
A101: Texto objetivo 7 | B101: 7.1 | C101: ação 7 | Q101: x
B102: 7.2 | C102: ação 7 | Q102: x
B103: 7.3 | C103: ação 7 | Q103: x
...

Sheet Painel de Gestão Final
B2: PLANO DE AÇÃO NACIONAL DE CONSERVAÇÃO DE ESPÉCIES AMEAÇADAS DE EXTINÇÃO - PAN
B3: ='Monitoria Anual - 1'!A2 -> Plano de Ação Nacional para a Conservação dos Primatas da Mata Atlântica e das Preguiças-de-coleira - PAN Primatas da Mata Atlântica e das Preguiças-de-coleira
B5: Objetivo Geral do PAN | D5: ='Monitoria Anual - 1'!B4 -> Intensificar a proteção e restauração de hábitats, reduzir o declínio de populações e envolver a sociedade na conservação de primatas e preguiças ameaçados da Mata Atlântica
B7: Data da monitoria | D7: ='Monitoria Final'!B6 -> Data da Monitoria Final
B9: PAINEL DE GESTÃO DO PAN
B11: RESUMO DA SITUAÇÃO DAS AÇÕES DO PAN
C13: SITUAÇÃO ATUAL DAS AÇÕES - MONITORIA FINAL
C14: SITUAÇÃO DAS AÇÕES | D14: MONITORIA | E14: %
C15: Não iniciada ou não concluída | D15: =COUNTA('Monitoria Final'!O11:O160) -> 0 | E15: =D15/$D$18 -> 0
C16: Iniciada e não concluída no período previsto | D16: =COUNTA('Monitoria Final'!P11:P160) -> 41 | E16: =D16/$D$18 -> 0.27333333
C17: Concluída | D17: =COUNTA('Monitoria Final'!Q11:Q160) -> 109 | E17: =D17/$D$18 -> 0.72666667
C18: TOTAL DE AÇÕES DO PAN | D18: =SUM(D15:D17) -> 150 | E18: =SUM(E15:E17) -> 1
B20: PAINEL DE OBJETIVOS ESPECÍFICOS DO PAN
C22: Número de Objetivos Específicos | D22: =COUNTA('Monitoria Final'!A11:A160) -> 10
C24: Objetivos Específicos | D24: Ações
C25: OBJETIVO 1 | D25: =SUM(E25:G25) -> 15 | E25: =COUNTA('Monitoria Final'!O11:O25) -> 0 | F25: =COUNTA('Monitoria Final'!P11:P25) -> 0 | G25: =COUNTA('Monitoria Final'!Q11:Q25) -> 15
C26: OBJETIVO 2 | D26: =SUM(E26:G26) -> 15 | E26: =COUNTA('Monitoria Final'!O26:O40) -> 0 | F26: =COUNTA('Monitoria Final'!P26:P40) -> 11 | G26: =COUNTA('Monitoria Final'!Q26:Q40) -> 4
C27: OBJETIVO 3 | D27: =SUM(E27:G27) -> 15 | E27: =COUNTA('Monitoria Final'!O41:O55) -> 0 | F27: =COUNTA('Monitoria Final'!P41:P55) -> 15 | G27: =COUNTA('Monitoria Final'!Q41:Q55) -> 0
C28: OBJETIVO 4 | D28: =SUM(E28:G28) -> 15 | E28: =COUNTA('Monitoria Final'!O56:O70) -> 0 | F28: =COUNTA('Monitoria Final'!P56:P70) -> 15 | G28: =COUNTA('Monitoria Final'!Q56:Q70) -> 0
C29: OBJETIVO 5 | D29: =SUM(E29:G29) -> 15 | E29: =COUNTA('Monitoria Final'!O71:O85) -> 0 | F29: =COUNTA('Monitoria Final'!P71:P85) -> 0 | G29: =COUNTA('Monitoria Final'!Q71:Q85) -> 15
C30: OBJETIVO 6 | D30: =SUM(E30:G30) -> 15 | E30: =COUNTA('Monitoria Final'!O86:O100) -> 0 | F30: =COUNTA('Monitoria Final'!P86:P100) -> 0 | G30: =COUNTA('Monitoria Final'!Q86:Q100) -> 15
C31: OBJETIVO 7 | D31: =SUM(E31:G31) -> 15 | E31: =COUNTA('Monitoria Final'!O101:O115) -> 0 | F31: =COUNTA('Monitoria Final'!P101:P115) -> 0 | G31: =COUNTA('Monitoria Final'!Q101:Q115) -> 15
C32: OBJETIVO 8 | D32: =SUM(E32:G32) -> 15 | E32: =COUNTA('Monitoria Final'!O116:O130) -> 0 | F32: =COUNTA('Monitoria Final'!P116:P130) -> 0 | G32: =COUNTA('Monitoria Final'!Q116:Q130) -> 15
C33: OBJETIVO 9 | D33: =SUM(E33:G33) -> 15 | E33: =COUNTA('Monitoria Final'!O131:O145) -> 0 | F33: =COUNTA('Monitoria Final'!P131:P145) -> 0 | G33: =COUNTA('Monitoria Final'!Q131:Q145) -> 15
C34: OBJETIVO 10 | D34: =SUM(E34:G34) -> 15 | E34: =COUNTA('Monitoria Final'!O146:O160) -> 0 | F34: =COUNTA('Monitoria Final'!P146:P160) -> 0 | G34: =COUNTA('Monitoria Final'!Q146:Q160) -> 15

Sheet Painel Comparativo
B2: PLANO DE AÇÃO NACIONAL DE CONSERVAÇÃO DE ESPÉCIES AMEAÇADAS DE EXTINÇÃO - PAN
B3: ='Monitoria Anual - 1'!A2 -> Plano de Ação Nacional para a Conservação dos Primatas da Mata Atlântica e das Preguiças-de-coleira - PAN Primatas da Mata Atlântica e das Preguiças-de-coleira
B5: Objetivo Geral do PAN | D5: ='Monitoria Anual - 1'!B4 -> Intensificar a proteção e restauração de hábitats, reduzir o declínio de populações e envolver a sociedade na conservação de primatas e preguiças ameaçados da Mata Atlântica
